Workbook
Name APRChoices: InpC!$E$48:$E$53
Name BaseCaseIndicator: InpC!$J$7:$O$7
Name CHK_TOL: InpC!$F$122
Name SMU: InpC!$F$123
Name TRK_TOL: InpC!$F$121
Name YesNo: InpC!$F$126:$F$127

Sheet Cover
A1: =RIGHT(CELL("filename", $A$1), LEN(CELL("filename", $A$1)) - SEARCH("]", CELL("filename", $A$1))) -> Cover
B3: PR24 - Traffic management act and lane rental schemes
B5: Model code: | C5: PR24CA27
B6: Version number: | C6: 1
B7: File name: | C7: =MID(CELL("filename"), FIND("[", CELL("filename"), 1) + 1, FIND("]", CELL("filename"), 1) - FIND("[", CELL("filename"), 1) - 1) -> PR24CA27 - TMA and LRS.xlsx
B8: Date: | C8: 45627
B10: For enquiries please contact: | C10: PR24@ofwat.gov.uk
B12: Instructions: | C12: N/A

Sheet Conceptual model
A1: =RIGHT(CELL("filename", A1), LEN(CELL("filename", A1)) - SEARCH("]", CELL("filename", A1))) -> Conceptual model
A3: Conceptual model
A31: End of sheet

Sheet F_Inputs_BP
C1: PR24_TMA_BPT | E1: Run on 04 Sep 2024 15:12
A2: Acronym | B2: Reference | C2: Item description | D2: Unit | E2: Model | F2: Price Review 2024
F4: Run 11 - PR24 FD Data
F5: Latest
F6: 2020-21 | G6: 2021-22 | H6: 2022-23 | I6: 2023-24 | J6: 2024-25 | K6: 2025-26 | L6: 2026-27 | M6: 2027-28 | N6: 2028-29 | O6: 2029-30
A7: ANH | B7: CW2_011TOT_PR24 | C7: Location specific costs & obligations - Costs associated with Traffic Management Act - Total | D7: £m | E7: Price Review 2024 | H7: 0.944 | I7: 0.6947101 | J7: 0.88712999 | K7: 1.4730689 | L7: 1.4730689 | M7: 1.4730689 | N7: 1.4730689 | O7: 1.4730689
A8: ANH | B8: CW2_012TOT_PR24 | C8: Location specific costs & obligations - Costs associated with lane rental schemes - Total | D8: £m | E8: Price Review 2024 | H8: 0 | I8: 0 | J8: 0 | K8: 0 | L8: 0 | M8: 0 | N8: 0 | O8: 0
A9: ANH | B9: CW2_018TOT_PR24 | C9: Traffic Management Act - Projects incurring costs associated with Traffic Management Act - Total | D9: nr | E9: Price Review 2024 | H9: 18002 | I9: 12342 | J9: 19000 | K9: 19000 | L9: 19000 | M9: 19000 | N9: 19000 | O9: 19000
A10: ANH | B10: CWW2_011TOT_PR24 | C10: Location specific costs & obligations - Costs associated with Traffic Management Act - Total | D10: £m | E10: Price Review 2024 | H10: 0.082 | I10: 0.055899471 | J10: 0.080419552 | K10: 0.0837 | L10: 0.0837 | M10: 0.0837 | N10: 0.0837 | O10: 0.0837
A11: ANH | B11: CWW2_012TOT_PR24 | C11: Location specific costs & obligations - Costs associated with lane rental schemes - Total | D11: £m | E11: Price Review 2024 | H11: 0 | I11: 0 | J11: 0 | K11: 0 | L11: 0 | M11: 0 | N11: 0 | O11: 0
A12: ANH | B12: CWW2_018TOT_PR24 | C12: Traffic Management Act - Projects incurring costs associated with Traffic Management Act - Total | D12: nr | E12: Price Review 2024 | H12: 870 | I12: 701 | J12: 900 | K12: 900 | L12: 900 | M12: 900 | N12: 900 | O12: 900
A13: WSH | B13: CW2_011TOT_PR24 | C13: Location specific costs & obligations - Costs associated with Traffic Management Act - Total | D13: £m | E13: Price Review 2024 | H13: 0.093 | I13: 0.182 | J13: 0.052 | K13: 0.042 | L13: 0.04 | M13: 0.039 | N13: 0.039 | O13: 0.038
A14: WSH | B14: CW2_012TOT_PR24 | C14: Location specific costs & obligations - Costs associated with lane rental schemes - Total | D14: £m | E14: Price Review 2024 | H14: 0 | I14: 0 | J14: 0 | K14: 0 | L14: 0 | M14: 0 | N14: 0 | O14: 0
A15: WSH | B15: CW2_018TOT_PR24 | C15: Traffic Management Act - Projects incurring costs associated with Traffic Management Act - Total | D15: nr | E15: Price Review 2024 | H15: 1815 | I15: 3630 | J15: 1034 | K15: 839.194 | L15: 800.161 | M15: 780.645 | N15: 761.129 | O15: 761.129
A16: WSH | B16: CWW2_011TOT_PR24 | C16: Location specific costs & obligations - Costs associated with Traffic Management Act - Total | D16: £m | E16: Price Review 2024 | H16: 0.093 | I16: 0.022 | J16: 0.044 | K16: 0.027 | L16: 0.025 | M16: 0.025 | N16: 0.024 | O16: 0.024
A17: WSH | B17: CWW2_012TOT_PR24 | C17: Location specific costs & obligations - Costs associated with lane rental schemes - Total | D17: £m | E17: Price Review 2024 | H17: 0 | I17: 0 | J17: 0 | K17: 0 | L17: 0 | M17: 0 | N17: 0 | O17: 0
A18: WSH | B18: CWW2_018TOT_PR24 | C18: Traffic Management Act - Projects incurring costs associated with Traffic Management Act - Total | D18: nr | E18: Price Review 2024 | H18: 323 | I18: 421 | J18: 152.818 | K18: 90.3 | L18: 86.827 | M18: 86.827 | N18: 83.354 | O18: 83.354
... A108: SES | B108: CWW2_018TOT_PR24 | C108: Traffic Management Act - Projects incurring costs associated with Traffic Management Act - Total | D108: nr | E108: Price Review 2024 | H108: 0 | I108: 0 | J108: 0 | K108: 0 | L108: 0 | M108: 0 | N108: 0 | O108: 0

Sheet F_Inputs_APR
C1: PR24CA27_APR | E1: Run on 05 Sep 2024 11:23
A2: Acronym | B2: Reference | C2: Item description | D2: Unit | E2: Model | F2: Cyclical
F4: Default for Cyclical base run
F5: Latest
F6: 2020-21 | G6: 2021-22 | H6: 2022-23 | I6: 2023-24
A7: ANH | B7: W3032TOT | C7: Other operating expenditure - Costs associated with Traffic Management Act - Total | D7: £m | E7: Cyclical Foundation | F7: 1.89 | G7: 1.80845 | H7: 0.944 | I7: 0.733243
A8: ANH | B8: W3037TOT | C8: Other operating expenditure - Costs associated with lane rental schemes - Total | D8: £m | E8: Cyclical Foundation | F8: 0 | G8: 0 | H8: 0 | I8: 0
A9: ANH | B9: W3040TOT | C9: Traffic Management Act - Projects incurring costs associated with Traffic Management Act - Total | D9: nr | E9: Cyclical Foundation | F9: 32514 | G9: 32516 | H9: 18002 | I9: 12342
A10: ANH | B10: WWS1103CAS | C10: Other expenditure - Costs associated with Traffic Management Act - Total | D10: £m | E10: Cyclical Foundation | F10: 0.182 | G10: 0.042667686 | H10: 0.082 | I10: 0.059
A11: ANH | B11: WWS1104CAS | C11: Other expenditure - Costs associated with lane rental schemes - Total | D11: £m | E11: Cyclical Foundation | F11: 0 | G11: 0 | H11: 0 | I11: 0
A12: ANH | B12: WWS1108CAS | C12: Traffic Management Act - Projects incurring costs associated with Traffic Management Act - Total | D12: nr | E12: Cyclical Foundation | F12: 2322 | G12: 1734 | H12: 870 | I12: 701
A13: WSH | B13: W3032TOT | C13: Other operating expenditure - Costs associated with Traffic Management Act - Total | D13: £m | E13: Cyclical Foundation | F13: 0.002 | G13: 0.006 | H13: 0.093 | I13: 0.192
A14: WSH | B14: W3037TOT | C14: Other operating expenditure - Costs associated with lane rental schemes - Total | D14: £m | E14: Cyclical Foundation | F14: 0 | G14: 0 | H14: 0 | I14: 0
A15: WSH | B15: W3040TOT | C15: Traffic Management Act - Projects incurring costs associated with Traffic Management Act - Total | D15: nr | E15: Cyclical Foundation | F15: 45 | G15: 0 | H15: 1815 | I15: 3630
A16: WSH | B16: WWS1103CAS | C16: Other expenditure - Costs associated with Traffic Management Act - Total | D16: £m | E16: Cyclical Foundation | F16: 0.036 | G16: 0 | H16: 0.093 | I16: 0.023
A17: WSH | B17: WWS1104CAS | C17: Other expenditure - Costs associated with lane rental schemes - Total | D17: £m | E17: Cyclical Foundation | F17: 0 | G17: 0 | H17: 0 | I17: 0
A18: WSH | B18: WWS1108CAS | C18: Traffic Management Act - Projects incurring costs associated with Traffic Management Act - Total | D18: nr | E18: Cyclical Foundation | F18: 832 | G18: 0 | H18: 323 | I18: 421
... A108: SES | B108: WWS1108CAS | C108: Traffic Management Act - Projects incurring costs associated with Traffic Management Act - Total | D108: nr | E108: Cyclical Foundation | F108: 0 | G108: 0 | H108: 0 | I108: 0

Sheet F_Inputs (EC)
C2: Shallow dive company efficiency challenge | E2: Run on 15 Nov 2024 11:47
A4: Company Acronym | B4: Item Code | C4: Item Description | D4: Item Unit | E4: Item Table Suite | F4: 2025-26 | G4: 2026-27 | H4: 2027-28 | I4: 2028-29 | J4: 2029-30
A5: Company Acronym | B5: Item Code | C5: Item Description | D5: Item Unit | E5: Item Table Suite | F5: Price Review 2024 | G5: Price Review 2024 | H5: Price Review 2024 | I5: Price Review 2024 | J5: Price Review 2024
A6: Company Acronym | B6: Item Code | C6: Item Description | D6: Item Unit | E6: Item Table Suite | F6: Run 11 - PR24 FD Data | G6: Run 11 - PR24 FD Data | H6: Run 11 - PR24 FD Data | I6: Run 11 - PR24 FD Data | J6: Run 11 - PR24 FD Data
A7: Company Acronym | B7: Item Code | C7: Item Description | D7: Item Unit | E7: Item Table Suite | F7: Latest | G7: Latest | H7: Latest | I7: Latest | J7: Latest
A8: ANH | B8: C_PR24WW_SHALLOW_EFF | C8: Shallow dive company efficiency factor water | D8: % | E8: Price Review 2024 | F8: 0.1 | G8: 0.1 | H8: 0.1 | I8: 0.1 | J8: 0.1
A9: ANH | B9: C_PR24WWW_SHALLOW_EFF | C9: Shallow dive company efficiency factor wastewater | D9: % | E9: Price Review 2024 | F9: 0.058528895 | G9: 0.058528895 | H9: 0.058528895 | I9: 0.058528895 | J9: 0.058528895
A10: WSH | B10: C_PR24WW_SHALLOW_EFF | C10: Shallow dive company efficiency factor water | D10: % | E10: Price Review 2024 | F10: 0.0073588878 | G10: 0.0073588878 | H10: 0.0073588878 | I10: 0.0073588878 | J10: 0.0073588878
A11: WSH | B11: C_PR24WWW_SHALLOW_EFF | C11: Shallow dive company efficiency factor wastewater | D11: % | E11: Price Review 2024 | F11: 0 | G11: 0 | H11: 0 | I11: 0 | J11: 0
A12: HDD | B12: C_PR24WW_SHALLOW_EFF | C12: Shallow dive company efficiency factor water | D12: % | E12: Price Review 2024 | F12: 0.068726762 | G12: 0.068726762 | H12: 0.068726762 | I12: 0.068726762 | J12: 0.068726762
A13: HDD | B13: C_PR24WWW_SHALLOW_EFF | C13: Shallow dive company efficiency factor wastewater | D13: % | E13: Price Review 2024 | F13: 0.1 | G13: 0.1 | H13: 0.1 | I13: 0.1 | J13: 0.1
A14: NES | B14: C_PR24WW_SHALLOW_EFF | C14: Shallow dive company efficiency factor water | D14: % | E14: Price Review 2024 | F14: 0.057853892 | G14: 0.057853892 | H14: 0.057853892 | I14: 0.057853892 | J14: 0.057853892
A15: NES | B15: C_PR24WWW_SHALLOW_EFF | C15: Shallow dive company efficiency factor wastewater | D15: % | E15: Price Review 2024 | F15: 0.1 | G15: 0.1 | H15: 0.1 | I15: 0.1 | J15: 0.1
A16: SVE | B16: C_PR24WW_SHALLOW_EFF | C16: Shallow dive company efficiency factor water | D16: % | E16: Price Review 2024 | F16: 0.034724659 | G16: 0.034724659 | H16: 0.034724659 | I16: 0.034724659 | J16: 0.034724659
A17: SVE | B17: C_PR24WWW_SHALLOW_EFF | C17: Shallow dive company efficiency factor wastewater | D17: % | E17: Price Review 2024 | F17: 0.022668303 | G17: 0.022668303 | H17: 0.022668303 | I17: 0.022668303 | J17: 0.022668303
A18: SWB | B18: C_PR24WW_SHALLOW_EFF | C18: Shallow dive company efficiency factor water | D18: % | E18: Price Review 2024 | F18: 0 | G18: 0 | H18: 0 | I18: 0 | J18: 0
A19: SWB | B19: C_PR24WWW_SHALLOW_EFF | C19: Shallow dive company efficiency factor wastewater | D19: % | E19: Price Review 2024 | F19: 0.054494436 | G19: 0.054494436 | H19: 0.054494436 | I19: 0.054494436 | J19: 0.054494436
... A30: AFW | B30: C_PR24WW_SHALLOW_EFF | C30: Shallow dive company efficiency factor water | D30: % | E30: Price Review 2024 | F30: 0.0077796584 | G30: 0.0077796584 | H30: 0.0077796584 | I30: 0.0077796584 | J30: 0.0077796584
A31: AFW | B31: C_PR24WWW_SHALLOW_EFF | C31: Shallow dive company efficiency factor wastewater | D31: % | E31: Price Review 2024
A32: BRL | B32: C_PR24WW_SHALLOW_EFF | C32: Shallow dive company efficiency factor water | D32: % | E32: Price Review 2024 | F32: 0 | G32: 0 | H32: 0 | I32: 0 | J32: 0
A33: BRL | B33: C_PR24WWW_SHALLOW_EFF | C33: Shallow dive company efficiency factor wastewater | D33: % | E33: Price Review 2024
A34: PRT | B34: C_PR24WW_SHALLOW_EFF | C34: Shallow dive company efficiency factor water | D34: % | E34: Price Review 2024 | F34: 0 | G34: 0 | H34: 0 | I34: 0 | J34: 0
A35: PRT | B35: C_PR24WWW_SHALLOW_EFF | C35: Shallow dive company efficiency factor wastewater | D35: % | E35: Price Review 2024
A36: SEW | B36: C_PR24WW_SHALLOW_EFF | C36: Shallow dive company efficiency factor water | D36: % | E36: Price Review 2024 | F36: 0.065886387 | G36: 0.065886387 | H36: 0.065886387 | I36: 0.065886387 | J36: 0.065886387
A37: SEW | B37: C_PR24WWW_SHALLOW_EFF | C37: Shallow dive company efficiency factor wastewater | D37: % | E37: Price Review 2024
A38: SSC | B38: C_PR24WW_SHALLOW_EFF | C38: Shallow dive company efficiency factor water | D38: % | E38: Price Review 2024 | F38: 0 | G38: 0 | H38: 0 | I38: 0 | J38: 0
A39: SSC | B39: C_PR24WWW_SHALLOW_EFF | C39: Shallow dive company efficiency factor wastewater | D39: % | E39: Price Review 2024
A40: SES | B40: C_PR24WW_SHALLOW_EFF | C40: Shallow dive company efficiency factor water | D40: % | E40: Price Review 2024 | F40: 0.1 | G40: 0.1 | H40: 0.1 | I40: 0.1 | J40: 0.1
A41: SES | B41: C_PR24WWW_SHALLOW_EFF | C41: Shallow dive company efficiency factor wastewater | D41: % | E41: Price Review 2024

Sheet Consolidated Input
A1: 21610
A2: Acronym | B2: Reference | C2: Item description | D2: Unit | E2: Model | F2: Cyclical | G2: Cyclical | H2: Cyclical | I2: Cyclical | J2: Cyclical | K2: Cyclical | L2: Cyclical | M2: Cyclical | N2: Cyclical | O2: Cyclical | P2: Price Review 2024 | Q2: Price Review 2024 | R2: Price Review 2024 | S2: Price Review 2024 | T2: Price Review 2024 | U2: Price Review 2024 | V2: Price Review 2024 | W2: Price Review 2024 | X2: Price Review 2024 | Y2: Price Review 2024
F3: Default for Cyclical base run | G3: Default for Cyclical base run | H3: Default for Cyclical base run | I3: Default for Cyclical base run | J3: Default for Cyclical base run | K3: Default for Cyclical base run | L3: Default for Cyclical base run | M3: Default for Cyclical base run | N3: Default for Cyclical base run | O3: Default for Cyclical base run | P3: Default for Price Review 2024 base run | Q3: Default for Price Review 2024 base run | R3: Default for Price Review 2024 base run | S3: Default for Price Review 2024 base run | T3: Default for Price Review 2024 base run | U3: Default for Price Review 2024 base run | V3: Default for Price Review 2024 base run | W3: Default for Price Review 2024 base run | X3: Default for Price Review 2024 base run | Y3: Default for Price Review 2024 base run
F4: Latest | G4: Latest | H4: Latest | I4: Latest | J4: Latest | K4: Latest | L4: Latest | M4: Latest | N4: Latest | O4: Latest | P4: Latest | Q4: Latest | R4: Latest | S4: Latest | T4: Latest | U4: Latest | V4: Latest | W4: Latest | X4: Latest | Y4: Latest
A5: Acronym | B5: Reference | C5: Item description | D5: Unit | E5: Model | F5: 2020-21 | G5: 2021-22 | H5: 2022-23 | I5: 2023-24 | J5: 2024-25 | K5: 2025-26 | L5: 2026-27 | M5: 2027-28 | N5: 2028-29 | O5: 2029-30 | P5: 2020-212 | Q5: 2021-223 | R5: 2022-234 | S5: 2023-245 | T5: 2024-256 | U5: 2025-267 | V5: 2026-278 | W5: 2027-289 | X5: 2028-2910 | Y5: 2029-3011 | Z5: Column12
A6: ANH | B6: W3032TOT | C6: Other operating expenditure - Costs associated with Traffic Management Act - Total | D6: £m | E6: Cyclical Foundation | F6: =SUMIFS(F_Inputs_APR!F$7:F$108, F_Inputs_APR!$A$7:$A$108, $A6, F_Inputs_APR!$B$7:$B$108, $B6) -> 1.89 | G6: =SUMIFS(F_Inputs_APR!G$7:G$108, F_Inputs_APR!$A$7:$A$108, $A6, F_Inputs_APR!$B$7:$B$108, $B6) -> 1.80845 | H6: =SUMIFS(F_Inputs_APR!H$7:H$108, F_Inputs_APR!$A$7:$A$108, $A6, F_Inputs_APR!$B$7:$B$108, $B6) -> 0.944 | I6: =SUMIFS(F_Inputs_APR!I$7:I$108, F_Inputs_APR!$A$7:$A$108, $A6, F_Inputs_APR!$B$7:$B$108, $B6) -> 0.733243
A7: ANH | B7: W3037TOT | C7: Other operating expenditure - Costs associated with lane rental schemes - Total | D7: £m | E7: Cyclical Foundation | F7: =SUMIFS(F_Inputs_APR!F$7:F$108, F_Inputs_APR!$A$7:$A$108, $A7, F_Inputs_APR!$B$7:$B$108, $B7) -> 0 | G7: =SUMIFS(F_Inputs_APR!G$7:G$108, F_Inputs_APR!$A$7:$A$108, $A7, F_Inputs_APR!$B$7:$B$108, $B7) -> 0 | H7: =SUMIFS(F_Inputs_APR!H$7:H$108, F_Inputs_APR!$A$7:$A$108, $A7, F_Inputs_APR!$B$7:$B$108, $B7) -> 0 | I7: =SUMIFS(F_Inputs_APR!I$7:I$108, F_Inputs_APR!$A$7:$A$108, $A7, F_Inputs_APR!$B$7:$B$108, $B7) -> 0
A8: ANH | B8: W3040TOT | C8: Traffic Management Act - Projects incurring costs associated with Traffic Management Act - Total | D8: nr | E8: Cyclical Foundation | F8: =SUMIFS(F_Inputs_APR!F$7:F$108, F_Inputs_APR!$A$7:$A$108, $A8, F_Inputs_APR!$B$7:$B$108, $B8) -> 32514 | G8: =SUMIFS(F_Inputs_APR!G$7:G$108, F_Inputs_APR!$A$7:$A$108, $A8, F_Inputs_APR!$B$7:$B$108, $B8) -> 32516 | H8: =SUMIFS(F_Inputs_APR!H$7:H$108, F_Inputs_APR!$A$7:$A$108, $A8, F_Inputs_APR!$B$7:$B$108, $B8) -> 18002 | I8: =SUMIFS(F_Inputs_APR!I$7:I$108, F_Inputs_APR!$A$7:$A$108, $A8, F_Inputs_APR!$B$7:$B$108, $B8) -> 12342
A9: ANH | B9: WWS1103CAS | C9: Other expenditure - Costs associated with Traffic Management Act - Total | D9: £m | E9: Cyclical Foundation | F9: =SUMIFS(F_Inputs_APR!F$7:F$108, F_Inputs_APR!$A$7:$A$108, $A9, F_Inputs_APR!$B$7:$B$108, $B9) -> 0.182 | G9: =SUMIFS(F_Inputs_APR!G$7:G$108, F_Inputs_APR!$A$7:$A$108, $A9, F_Inputs_APR!$B$7:$B$108, $B9) -> 0.042667686 | H9: =SUMIFS(F_Inputs_APR!H$7:H$108, F_Inputs_APR!$A$7:$A$108, $A9, F_Inputs_APR!$B$7:$B$108, $B9) -> 0.082 | I9: =SUMIFS(F_Inputs_APR!I$7:I$108, F_Inputs_APR!$A$7:$A$108, $A9, F_Inputs_APR!$B$7:$B$108, $B9) -> 0.059
A10: ANH | B10: WWS1104CAS | C10: Other expenditure - Costs associated with lane rental schemes - Total | D10: £m | E10: Cyclical Foundation | F10: =SUMIFS(F_Inputs_APR!F$7:F$108, F_Inputs_APR!$A$7:$A$108, $A10, F_Inputs_APR!$B$7:$B$108, $B10) -> 0 | G10: =SUMIFS(F_Inputs_APR!G$7:G$108, F_Inputs_APR!$A$7:$A$108, $A10, F_Inputs_APR!$B$7:$B$108, $B10) -> 0 | H10: =SUMIFS(F_Inputs_APR!H$7:H$108, F_Inputs_APR!$A$7:$A$108, $A10, F_Inputs_APR!$B$7:$B$108, $B10) -> 0 | I10: =SUMIFS(F_Inputs_APR!I$7:I$108, F_Inputs_APR!$A$7:$A$108, $A10, F_Inputs_APR!$B$7:$B$108, $B10) -> 0
A11: ANH | B11: WWS1108CAS | C11: Traffic Management Act - Projects incurring costs associated with Traffic Management Act - Total | D11: nr | E11: Cyclical Foundation | F11: =SUMIFS(F_Inputs_APR!F$7:F$108, F_Inputs_APR!$A$7:$A$108, $A11, F_Inputs_APR!$B$7:$B$108, $B11) -> 2322 | G11: =SUMIFS(F_Inputs_APR!G$7:G$108, F_Inputs_APR!$A$7:$A$108, $A11, F_Inputs_APR!$B$7:$B$108, $B11) -> 1734 | H11: =SUMIFS(F_Inputs_APR!H$7:H$108, F_Inputs_APR!$A$7:$A$108, $A11, F_Inputs_APR!$B$7:$B$108, $B11) -> 870 | I11: =SUMIFS(F_Inputs_APR!I$7:I$108, F_Inputs_APR!$A$7:$A$108, $A11, F_Inputs_APR!$B$7:$B$108, $B11) -> 701
A12: WSH | B12: W3032TOT | C12: Other operating expenditure - Costs associated with Traffic Management Act - Total | D12: £m | E12: Cyclical Foundation | F12: =SUMIFS(F_Inputs_APR!F$7:F$108, F_Inputs_APR!$A$7:$A$108, $A12, F_Inputs_APR!$B$7:$B$108, $B12) -> 0.002 | G12: =SUMIFS(F_Inputs_APR!G$7:G$108, F_Inputs_APR!$A$7:$A$108, $A12, F_Inputs_APR!$B$7:$B$108, $B12) -> 0.006 | H12: =SUMIFS(F_Inputs_APR!H$7:H$108, F_Inputs_APR!$A$7:$A$108, $A12, F_Inputs_APR!$B$7:$B$108, $B12) -> 0.093 | I12: =SUMIFS(F_Inputs_APR!I$7:I$108, F_Inputs_APR!$A$7:$A$108, $A12, F_Inputs_APR!$B$7:$B$108, $B12) -> 0.192
A13: WSH | B13: W3037TOT | C13: Other operating expenditure - Costs associated with lane rental schemes - Total | D13: £m | E13: Cyclical Foundation | F13: =SUMIFS(F_Inputs_APR!F$7:F$108, F_Inputs_APR!$A$7:$A$108, $A13, F_Inputs_APR!$B$7:$B$108, $B13) -> 0 | G13: =SUMIFS(F_Inputs_APR!G$7:G$108, F_Inputs_APR!$A$7:$A$108, $A13, F_Inputs_APR!$B$7:$B$108, $B13) -> 0 | H13: =SUMIFS(F_Inputs_APR!H$7:H$108, F_Inputs_APR!$A$7:$A$108, $A13, F_Inputs_APR!$B$7:$B$108, $B13) -> 0 | I13: =SUMIFS(F_Inputs_APR!I$7:I$108, F_Inputs_APR!$A$7:$A$108, $A13, F_Inputs_APR!$B$7:$B$108, $B13) -> 0
A14: WSH | B14: W3040TOT | C14: Traffic Management Act - Projects incurring costs associated with Traffic Management Act - Total | D14: nr | E14: Cyclical Foundation | F14: =SUMIFS(F_Inputs_APR!F$7:F$108, F_Inputs_APR!$A$7:$A$108, $A14, F_Inputs_APR!$B$7:$B$108, $B14) -> 45 | G14: =SUMIFS(F_Inputs_APR!G$7:G$108, F_Inputs_APR!$A$7:$A$108, $A14, F_Inputs_APR!$B$7:$B$108, $B14) -> 0 | H14: =SUMIFS(F_Inputs_APR!H$7:H$108, F_Inputs_APR!$A$7:$A$108, $A14, F_Inputs_APR!$B$7:$B$108, $B14) -> 1815 | I14: =SUMIFS(F_Inputs_APR!I$7:I$108, F_Inputs_APR!$A$7:$A$108, $A14, F_Inputs_APR!$B$7:$B$108, $B14) -> 3630
A15: WSH | B15: WWS1103CAS | C15: Other expenditure - Costs associated with Traffic Management Act - Total | D15: £m | E15: Cyclical Foundation | F15: =SUMIFS(F_Inputs_APR!F$7:F$108, F_Inputs_APR!$A$7:$A$108, $A15, F_Inputs_APR!$B$7:$B$108, $B15) -> 0.036 | G15: =SUMIFS(F_Inputs_APR!G$7:G$108, F_Inputs_APR!$A$7:$A$108, $A15, F_Inputs_APR!$B$7:$B$108, $B15) -> 0 | H15: =SUMIFS(F_Inputs_APR!H$7:H$108, F_Inputs_APR!$A$7:$A$108, $A15, F_Inputs_APR!$B$7:$B$108, $B15) -> 0.093 | I15: =SUMIFS(F_Inputs_APR!I$7:I$108, F_Inputs_APR!$A$7:$A$108, $A15, F_Inputs_APR!$B$7:$B$108, $B15) -> 0.023
A16: WSH | B16: WWS1104CAS | C16: Other expenditure - Costs associated with lane rental schemes - Total | D16: £m | E16: Cyclical Foundation | F16: =SUMIFS(F_Inputs_APR!F$7:F$108, F_Inputs_APR!$A$7:$A$108, $A16, F_Inputs_APR!$B$7:$B$108, $B16) -> 0 | G16: =SUMIFS(F_Inputs_APR!G$7:G$108, F_Inputs_APR!$A$7:$A$108, $A16, F_Inputs_APR!$B$7:$B$108, $B16) -> 0 | H16: =SUMIFS(F_Inputs_APR!H$7:H$108, F_Inputs_APR!$A$7:$A$108, $A16, F_Inputs_APR!$B$7:$B$108, $B16) -> 0 | I16: =SUMIFS(F_Inputs_APR!I$7:I$108, F_Inputs_APR!$A$7:$A$108, $A16, F_Inputs_APR!$B$7:$B$108, $B16) -> 0
A17: WSH | B17: WWS1108CAS | C17: Traffic Management Act - Projects incurring costs associated with Traffic Management Act - Total | D17: nr | E17: Cyclical Foundation | F17: =SUMIFS(F_Inputs_APR!F$7:F$108, F_Inputs_APR!$A$7:$A$108, $A17, F_Inputs_APR!$B$7:$B$108, $B17) -> 832 | G17: =SUMIFS(F_Inputs_APR!G$7:G$108, F_Inputs_APR!$A$7:$A$108, $A17, F_Inputs_APR!$B$7:$B$108, $B17) -> 0 | H17: =SUMIFS(F_Inputs_APR!H$7:H$108, F_Inputs_APR!$A$7:$A$108, $A17, F_Inputs_APR!$B$7:$B$108, $B17) -> 323 | I17: =SUMIFS(F_Inputs_APR!I$7:I$108, F_Inputs_APR!$A$7:$A$108, $A17, F_Inputs_APR!$B$7:$B$108, $B17) -> 421
... A107: SES | B107: WWS1108CAS | C107: Traffic Management Act - Projects incurring costs associated with Traffic Management Act - Total | D107: nr | E107: Cyclical Foundation | F107: =SUMIFS(F_Inputs_APR!F$7:F$108, F_Inputs_APR!$A$7:$A$108, $A107, F_Inputs_APR!$B$7:$B$108, $B107) -> 0 | G107: =SUMIFS(F_Inputs_APR!G$7:G$108, F_Inputs_APR!$A$7:$A$108, $A107, F_Inputs_APR!$B$7:$B$108, $B107) -> 0 | H107: =SUMIFS(F_Inputs_APR!H$7:H$108, F_Inputs_APR!$A$7:$A$108, $A107, F_Inputs_APR!$B$7:$B$108, $B107) -> 0 | I107: =SUMIFS(F_Inputs_APR!I$7:I$108, F_Inputs_APR!$A$7:$A$108, $A107, F_Inputs_APR!$B$7:$B$108, $B107) -> 0
A108: ANH | B108: CW2_011TOT_PR24 | C108: Location specific costs & obligations - Costs associated with Traffic Management Act - Total | D108: £m | E108: Price Review 2024 | R108: =SUMIFS(F_Inputs_BP!H$7:H$108, F_Inputs_BP!$A$7:$A$108, $A108, F_Inputs_BP!$B$7:$B$108, $B108) -> 0.944 | S108: =SUMIFS(F_Inputs_BP!I$7:I$108, F_Inputs_BP!$A$7:$A$108, $A108, F_Inputs_BP!$B$7:$B$108, $B108) -> 0.6947101 | T108: =SUMIFS(F_Inputs_BP!J$7:J$108, F_Inputs_BP!$A$7:$A$108, $A108, F_Inputs_BP!$B$7:$B$108, $B108) -> 0.88712999 | U108: =SUMIFS(F_Inputs_BP!K$7:K$108, F_Inputs_BP!$A$7:$A$108, $A108, F_Inputs_BP!$B$7:$B$108, $B108) -> 1.4730689 | V108: =SUMIFS(F_Inputs_BP!L$7:L$108, F_Inputs_BP!$A$7:$A$108, $A108, F_Inputs_BP!$B$7:$B$108, $B108) -> 1.4730689 | W108: =SUMIFS(F_Inputs_BP!M$7:M$108, F_Inputs_BP!$A$7:$A$108, $A108, F_Inputs_BP!$B$7:$B$108, $B108) -> 1.4730689 | X108: =SUMIFS(F_Inputs_BP!N$7:N$108, F_Inputs_BP!$A$7:$A$108, $A108, F_Inputs_BP!$B$7:$B$108, $B108) -> 1.4730689 | Y108: =SUMIFS(F_Inputs_BP!O$7:O$108, F_Inputs_BP!$A$7:$A$108, $A108, F_Inputs_BP!$B$7:$B$108, $B108) -> 1.4730689
A109: ANH | B109: CW2_012TOT_PR24 | C109: Location specific costs & obligations - Costs associated with lane rental schemes - Total | D109: £m | E109: Price Review 2024 | R109: =SUMIFS(F_Inputs_BP!H$7:H$108, F_Inputs_BP!$A$7:$A$108, $A109, F_Inputs_BP!$B$7:$B$108, $B109) -> 0 | S109: =SUMIFS(F_Inputs_BP!I$7:I$108, F_Inputs_BP!$A$7:$A$108, $A109, F_Inputs_BP!$B$7:$B$108, $B109) -> 0 | T109: =SUMIFS(F_Inputs_BP!J$7:J$108, F_Inputs_BP!$A$7:$A$108, $A109, F_Inputs_BP!$B$7:$B$108, $B109) -> 0 | U109: =SUMIFS(F_Inputs_BP!K$7:K$108, F_Inputs_BP!$A$7:$A$108, $A109, F_Inputs_BP!$B$7:$B$108, $B109) -> 0 | V109: =SUMIFS(F_Inputs_BP!L$7:L$108, F_Inputs_BP!$A$7:$A$108, $A109, F_Inputs_BP!$B$7:$B$108, $B109) -> 0 | W109: =SUMIFS(F_Inputs_BP!M$7:M$108, F_Inputs_BP!$A$7:$A$108, $A109, F_Inputs_BP!$B$7:$B$108, $B109) -> 0 | X109: =SUMIFS(F_Inputs_BP!N$7:N$108, F_Inputs_BP!$A$7:$A$108, $A109, F_Inputs_BP!$B$7:$B$108, $B109) -> 0 | Y109: =SUMIFS(F_Inputs_BP!O$7:O$108, F_Inputs_BP!$A$7:$A$108, $A109, F_Inputs_BP!$B$7:$B$108, $B109) -> 0
A110: ANH | B110: CW2_018TOT_PR24 | C110: Traffic Management Act - Projects incurring costs associated with Traffic Management Act - Total | D110: nr | E110: Price Review 2024 | R110: =SUMIFS(F_Inputs_BP!H$7:H$108, F_Inputs_BP!$A$7:$A$108, $A110, F_Inputs_BP!$B$7:$B$108, $B110) -> 18002 | S110: =SUMIFS(F_Inputs_BP!I$7:I$108, F_Inputs_BP!$A$7:$A$108, $A110, F_Inputs_BP!$B$7:$B$108, $B110) -> 12342 | T110: =SUMIFS(F_Inputs_BP!J$7:J$108, F_Inputs_BP!$A$7:$A$108, $A110, F_Inputs_BP!$B$7:$B$108, $B110) -> 19000 | U110: =SUMIFS(F_Inputs_BP!K$7:K$108, F_Inputs_BP!$A$7:$A$108, $A110, F_Inputs_BP!$B$7:$B$108, $B110) -> 19000 | V110: =SUMIFS(F_Inputs_BP!L$7:L$108, F_Inputs_BP!$A$7:$A$108, $A110, F_Inputs_BP!$B$7:$B$108, $B110) -> 19000 | W110: =SUMIFS(F_Inputs_BP!M$7:M$108, F_Inputs_BP!$A$7:$A$108, $A110, F_Inputs_BP!$B$7:$B$108, $B110) -> 19000 | X110: =SUMIFS(F_Inputs_BP!N$7:N$108, F_Inputs_BP!$A$7:$A$108, $A110, F_Inputs_BP!$B$7:$B$108, $B110) -> 19000 | Y110: =SUMIFS(F_Inputs_BP!O$7:O$108, F_Inputs_BP!$A$7:$A$108, $A110, F_Inputs_BP!$B$7:$B$108, $B110) -> 19000
A111: ANH | B111: CWW2_011TOT_PR24 | C111: Location specific costs & obligations - Costs associated with Traffic Management Act - Total | D111: £m | E111: Price Review 2024 | R111: =SUMIFS(F_Inputs_BP!H$7:H$108, F_Inputs_BP!$A$7:$A$108, $A111, F_Inputs_BP!$B$7:$B$108, $B111) -> 0.082 | S111: =SUMIFS(F_Inputs_BP!I$7:I$108, F_Inputs_BP!$A$7:$A$108, $A111, F_Inputs_BP!$B$7:$B$108, $B111) -> 0.055899471 | T111: =SUMIFS(F_Inputs_BP!J$7:J$108, F_Inputs_BP!$A$7:$A$108, $A111, F_Inputs_BP!$B$7:$B$108, $B111) -> 0.080419552 | U111: =SUMIFS(F_Inputs_BP!K$7:K$108, F_Inputs_BP!$A$7:$A$108, $A111, F_Inputs_BP!$B$7:$B$108, $B111) -> 0.0837 | V111: =SUMIFS(F_Inputs_BP!L$7:L$108, F_Inputs_BP!$A$7:$A$108, $A111, F_Inputs_BP!$B$7:$B$108, $B111) -> 0.0837 | W111: =SUMIFS(F_Inputs_BP!M$7:M$108, F_Inputs_BP!$A$7:$A$108, $A111, F_Inputs_BP!$B$7:$B$108, $B111) -> 0.0837 | X111: =SUMIFS(F_Inputs_BP!N$7:N$108, F_Inputs_BP!$A$7:$A$108, $A111, F_Inputs_BP!$B$7:$B$108, $B111) -> 0.0837 | Y111: =SUMIFS(F_Inputs_BP!O$7:O$108, F_Inputs_BP!$A$7:$A$108, $A111, F_Inputs_BP!$B$7:$B$108, $B111) -> 0.0837
A112: ANH | B112: CWW2_012TOT_PR24 | C112: Location specific costs & obligations - Costs associated with lane rental schemes - Total | D112: £m | E112: Price Review 2024 | R112: =SUMIFS(F_Inputs_BP!H$7:H$108, F_Inputs_BP!$A$7:$A$108, $A112, F_Inputs_BP!$B$7:$B$108, $B112) -> 0 | S112: =SUMIFS(F_Inputs_BP!I$7:I$108, F_Inputs_BP!$A$7:$A$108, $A112, F_Inputs_BP!$B$7:$B$108, $B112) -> 0 | T112: =SUMIFS(F_Inputs_BP!J$7:J$108, F_Inputs_BP!$A$7:$A$108, $A112, F_Inputs_BP!$B$7:$B$108, $B112) -> 0 | U112: =SUMIFS(F_Inputs_BP!K$7:K$108, F_Inputs_BP!$A$7:$A$108, $A112, F_Inputs_BP!$B$7:$B$108, $B112) -> 0 | V112: =SUMIFS(F_Inputs_BP!L$7:L$108, F_Inputs_BP!$A$7:$A$108, $A112, F_Inputs_BP!$B$7:$B$108, $B112) -> 0 | W112: =SUMIFS(F_Inputs_BP!M$7:M$108, F_Inputs_BP!$A$7:$A$108, $A112, F_Inputs_BP!$B$7:$B$108, $B112) -> 0 | X112: =SUMIFS(F_Inputs_BP!N$7:N$108, F_Inputs_BP!$A$7:$A$108, $A112, F_Inputs_BP!$B$7:$B$108, $B112) -> 0 | Y112: =SUMIFS(F_Inputs_BP!O$7:O$108, F_Inputs_BP!$A$7:$A$108, $A112, F_Inputs_BP!$B$7:$B$108, $B112) -> 0
A113: ANH | B113: CWW2_018TOT_PR24 | C113: Traffic Management Act - Projects incurring costs associated with Traffic Management Act - Total | D113: nr | E113: Price Review 2024 | R113: =SUMIFS(F_Inputs_BP!H$7:H$108, F_Inputs_BP!$A$7:$A$108, $A113, F_Inputs_BP!$B$7:$B$108, $B113) -> 870 | S113: =SUMIFS(F_Inputs_BP!I$7:I$108, F_Inputs_BP!$A$7:$A$108, $A113, F_Inputs_BP!$B$7:$B$108, $B113) -> 701 | T113: =SUMIFS(F_Inputs_BP!J$7:J$108, F_Inputs_BP!$A$7:$A$108, $A113, F_Inputs_BP!$B$7:$B$108, $B113) -> 900 | U113: =SUMIFS(F_Inputs_BP!K$7:K$108, F_Inputs_BP!$A$7:$A$108, $A113, F_Inputs_BP!$B$7:$B$108, $B113) -> 900 | V113: =SUMIFS(F_Inputs_BP!L$7:L$108, F_Inputs_BP!$A$7:$A$108, $A113, F_Inputs_BP!$B$7:$B$108, $B113) -> 900 | W113: =SUMIFS(F_Inputs_BP!M$7:M$108, F_Inputs_BP!$A$7:$A$108, $A113, F_Inputs_BP!$B$7:$B$108, $B113) -> 900 | X113: =SUMIFS(F_Inputs_BP!N$7:N$108, F_Inputs_BP!$A$7:$A$108, $A113, F_Inputs_BP!$B$7:$B$108, $B113) -> 900 | Y113: =SUMIFS(F_Inputs_BP!O$7:O$108, F_Inputs_BP!$A$7:$A$108, $A113, F_Inputs_BP!$B$7:$B$108, $B113) -> 900
A114: WSH | B114: CW2_011TOT_PR24 | C114: Location specific costs & obligations - Costs associated with Traffic Management Act - Total | D114: £m | E114: Price Review 2024 | R114: =SUMIFS(F_Inputs_BP!H$7:H$108, F_Inputs_BP!$A$7:$A$108, $A114, F_Inputs_BP!$B$7:$B$108, $B114) -> 0.093 | S114: =SUMIFS(F_Inputs_BP!I$7:I$108, F_Inputs_BP!$A$7:$A$108, $A114, F_Inputs_BP!$B$7:$B$108, $B114) -> 0.182 | T114: =SUMIFS(F_Inputs_BP!J$7:J$108, F_Inputs_BP!$A$7:$A$108, $A114, F_Inputs_BP!$B$7:$B$108, $B114) -> 0.052 | U114: =SUMIFS(F_Inputs_BP!K$7:K$108, F_Inputs_BP!$A$7:$A$108, $A114, F_Inputs_BP!$B$7:$B$108, $B114) -> 0.042 | V114: =SUMIFS(F_Inputs_BP!L$7:L$108, F_Inputs_BP!$A$7:$A$108, $A114, F_Inputs_BP!$B$7:$B$108, $B114) -> 0.04 | W114: =SUMIFS(F_Inputs_BP!M$7:M$108, F_Inputs_BP!$A$7:$A$108, $A114, F_Inputs_BP!$B$7:$B$108, $B114) -> 0.039 | X114: =SUMIFS(F_Inputs_BP!N$7:N$108, F_Inputs_BP!$A$7:$A$108, $A114, F_Inputs_BP!$B$7:$B$108, $B114) -> 0.039 | Y114: =SUMIFS(F_Inputs_BP!O$7:O$108, F_Inputs_BP!$A$7:$A$108, $A114, F_Inputs_BP!$B$7:$B$108, $B114) -> 0.038
A115: WSH | B115: CW2_012TOT_PR24 | C115: Location specific costs & obligations - Costs associated with lane rental schemes - Total | D115: £m | E115: Price Review 2024 | R115: =SUMIFS(F_Inputs_BP!H$7:H$108, F_Inputs_BP!$A$7:$A$108, $A115, F_Inputs_BP!$B$7:$B$108, $B115) -> 0 | S115: =SUMIFS(F_Inputs_BP!I$7:I$108, F_Inputs_BP!$A$7:$A$108, $A115, F_Inputs_BP!$B$7:$B$108, $B115) -> 0 | T115: =SUMIFS(F_Inputs_BP!J$7:J$108, F_Inputs_BP!$A$7:$A$108, $A115, F_Inputs_BP!$B$7:$B$108, $B115) -> 0 | U115: =SUMIFS(F_Inputs_BP!K$7:K$108, F_Inputs_BP!$A$7:$A$108, $A115, F_Inputs_BP!$B$7:$B$108, $B115) -> 0 | V115: =SUMIFS(F_Inputs_BP!L$7:L$108, F_Inputs_BP!$A$7:$A$108, $A115, F_Inputs_BP!$B$7:$B$108, $B115) -> 0 | W115: =SUMIFS(F_Inputs_BP!M$7:M$108, F_Inputs_BP!$A$7:$A$108, $A115, F_Inputs_BP!$B$7:$B$108, $B115) -> 0 | X115: =SUMIFS(F_Inputs_BP!N$7:N$108, F_Inputs_BP!$A$7:$A$108, $A115, F_Inputs_BP!$B$7:$B$108, $B115) -> 0 | Y115: =SUMIFS(F_Inputs_BP!O$7:O$108, F_Inputs_BP!$A$7:$A$108, $A115, F_Inputs_BP!$B$7:$B$108, $B115) -> 0
A116: WSH | B116: CW2_018TOT_PR24 | C116: Traffic Management Act - Projects incurring costs associated with Traffic Management Act - Total | D116: nr | E116: Price Review 2024 | R116: =SUMIFS(F_Inputs_BP!H$7:H$108, F_Inputs_BP!$A$7:$A$108, $A116, F_Inputs_BP!$B$7:$B$108, $B116) -> 1815 | S116: =SUMIFS(F_Inputs_BP!I$7:I$108, F_Inputs_BP!$A$7:$A$108, $A116, F_Inputs_BP!$B$7:$B$108, $B116) -> 3630 | T116: =SUMIFS(F_Inputs_BP!J$7:J$108, F_Inputs_BP!$A$7:$A$108, $A116, F_Inputs_BP!$B$7:$B$108, $B116) -> 1034 | U116: =SUMIFS(F_Inputs_BP!K$7:K$108, F_Inputs_BP!$A$7:$A$108, $A116, F_Inputs_BP!$B$7:$B$108, $B116) -> 839.194 | V116: =SUMIFS(F_Inputs_BP!L$7:L$108, F_Inputs_BP!$A$7:$A$108, $A116, F_Inputs_BP!$B$7:$B$108, $B116) -> 800.161 | W116: =SUMIFS(F_Inputs_BP!M$7:M$108, F_Inputs_BP!$A$7:$A$108, $A116, F_Inputs_BP!$B$7:$B$108, $B116) -> 780.645 | X116: =SUMIFS(F_Inputs_BP!N$7:N$108, F_Inputs_BP!$A$7:$A$108, $A116, F_Inputs_BP!$B$7:$B$108, $B116) -> 761.129 | Y116: =SUMIFS(F_Inputs_BP!O$7:O$108, F_Inputs_BP!$A$7:$A$108, $A116, F_Inputs_BP!$B$7:$B$108, $B116) -> 761.129
A117: WSH | B117: CWW2_011TOT_PR24 | C117: Location specific costs & obligations - Costs associated with Traffic Management Act - Total | D117: £m | E117: Price Review 2024 | R117: =SUMIFS(F_Inputs_BP!H$7:H$108, F_Inputs_BP!$A$7:$A$108, $A117, F_Inputs_BP!$B$7:$B$108, $B117) -> 0.093 | S117: =SUMIFS(F_Inputs_BP!I$7:I$108, F_Inputs_BP!$A$7:$A$108, $A117, F_Inputs_BP!$B$7:$B$108, $B117) -> 0.022 | T117: =SUMIFS(F_Inputs_BP!J$7:J$108, F_Inputs_BP!$A$7:$A$108, $A117, F_Inputs_BP!$B$7:$B$108, $B117) -> 0.044 | U117: =SUMIFS(F_Inputs_BP!K$7:K$108, F_Inputs_BP!$A$7:$A$108, $A117, F_Inputs_BP!$B$7:$B$108, $B117) -> 0.027 | V117: =SUMIFS(F_Inputs_BP!L$7:L$108, F_Inputs_BP!$A$7:$A$108, $A117, F_Inputs_BP!$B$7:$B$108, $B117) -> 0.025 | W117: =SUMIFS(F_Inputs_BP!M$7:M$108, F_Inputs_BP!$A$7:$A$108, $A117, F_Inputs_BP!$B$7:$B$108, $B117) -> 0.025 | X117: =SUMIFS(F_Inputs_BP!N$7:N$108, F_Inputs_BP!$A$7:$A$108, $A117, F_Inputs_BP!$B$7:$B$108, $B117) -> 0.024 | Y117: =SUMIFS(F_Inputs_BP!O$7:O$108, F_Inputs_BP!$A$7:$A$108, $A117, F_Inputs_BP!$B$7:$B$108, $B117) -> 0.024
A118: WSH | B118: CWW2_012TOT_PR24 | C118: Location specific costs & obligations - Costs associated with lane rental schemes - Total | D118: £m | E118: Price Review 2024 | R118: =SUMIFS(F_Inputs_BP!H$7:H$108, F_Inputs_BP!$A$7:$A$108, $A118, F_Inputs_BP!$B$7:$B$108, $B118) -> 0 | S118: =SUMIFS(F_Inputs_BP!I$7:I$108, F_Inputs_BP!$A$7:$A$108, $A118, F_Inputs_BP!$B$7:$B$108, $B118) -> 0 | T118: =SUMIFS(F_Inputs_BP!J$7:J$108, F_Inputs_BP!$A$7:$A$108, $A118, F_Inputs_BP!$B$7:$B$108, $B118) -> 0 | U118: =SUMIFS(F_Inputs_BP!K$7:K$108, F_Inputs_BP!$A$7:$A$108, $A118, F_Inputs_BP!$B$7:$B$108, $B118) -> 0 | V118: =SUMIFS(F_Inputs_BP!L$7:L$108, F_Inputs_BP!$A$7:$A$108, $A118, F_Inputs_BP!$B$7:$B$108, $B118) -> 0 | W118: =SUMIFS(F_Inputs_BP!M$7:M$108, F_Inputs_BP!$A$7:$A$108, $A118, F_Inputs_BP!$B$7:$B$108, $B118) -> 0 | X118: =SUMIFS(F_Inputs_BP!N$7:N$108, F_Inputs_BP!$A$7:$A$108, $A118, F_Inputs_BP!$B$7:$B$108, $B118) -> 0 | Y118: =SUMIFS(F_Inputs_BP!O$7:O$108, F_Inputs_BP!$A$7:$A$108, $A118, F_Inputs_BP!$B$7:$B$108, $B118) -> 0
A119: WSH | B119: CWW2_018TOT_PR24 | C119: Traffic Management Act - Projects incurring costs associated with Traffic Management Act - Total | D119: nr | E119: Price Review 2024 | R119: =SUMIFS(F_Inputs_BP!H$7:H$108, F_Inputs_BP!$A$7:$A$108, $A119, F_Inputs_BP!$B$7:$B$108, $B119) -> 323 | S119: =SUMIFS(F_Inputs_BP!I$7:I$108, F_Inputs_BP!$A$7:$A$108, $A119, F_Inputs_BP!$B$7:$B$108, $B119) -> 421 | T119: =SUMIFS(F_Inputs_BP!J$7:J$108, F_Inputs_BP!$A$7:$A$108, $A119, F_Inputs_BP!$B$7:$B$108, $B119) -> 152.818 | U119: =SUMIFS(F_Inputs_BP!K$7:K$108, F_Inputs_BP!$A$7:$A$108, $A119, F_Inputs_BP!$B$7:$B$108, $B119) -> 90.3 | V119: =SUMIFS(F_Inputs_BP!L$7:L$108, F_Inputs_BP!$A$7:$A$108, $A119, F_Inputs_BP!$B$7:$B$108, $B119) -> 86.827 | W119: =SUMIFS(F_Inputs_BP!M$7:M$108, F_Inputs_BP!$A$7:$A$108, $A119, F_Inputs_BP!$B$7:$B$108, $B119) -> 86.827 | X119: =SUMIFS(F_Inputs_BP!N$7:N$108, F_Inputs_BP!$A$7:$A$108, $A119, F_Inputs_BP!$B$7:$B$108, $B119) -> 83.354 | Y119: =SUMIFS(F_Inputs_BP!O$7:O$108, F_Inputs_BP!$A$7:$A$108, $A119, F_Inputs_BP!$B$7:$B$108, $B119) -> 83.354
... A209: SES | B209: CWW2_018TOT_PR24 | C209: Traffic Management Act - Projects incurring costs associated with Traffic Management Act - Total | D209: nr | E209: Price Review 2024 | R209: =SUMIFS(F_Inputs_BP!H$7:H$108, F_Inputs_BP!$A$7:$A$108, $A209, F_Inputs_BP!$B$7:$B$108, $B209) -> 0 | S209: =SUMIFS(F_Inputs_BP!I$7:I$108, F_Inputs_BP!$A$7:$A$108, $A209, F_Inputs_BP!$B$7:$B$108, $B209) -> 0 | T209: =SUMIFS(F_Inputs_BP!J$7:J$108, F_Inputs_BP!$A$7:$A$108, $A209, F_Inputs_BP!$B$7:$B$108, $B209) -> 0 | U209: =SUMIFS(F_Inputs_BP!K$7:K$108, F_Inputs_BP!$A$7:$A$108, $A209, F_Inputs_BP!$B$7:$B$108, $B209) -> 0 | V209: =SUMIFS(F_Inputs_BP!L$7:L$108, F_Inputs_BP!$A$7:$A$108, $A209, F_Inputs_BP!$B$7:$B$108, $B209) -> 0 | W209: =SUMIFS(F_Inputs_BP!M$7:M$108, F_Inputs_BP!$A$7:$A$108, $A209, F_Inputs_BP!$B$7:$B$108, $B209) -> 0 | X209: =SUMIFS(F_Inputs_BP!N$7:N$108, F_Inputs_BP!$A$7:$A$108, $A209, F_Inputs_BP!$B$7:$B$108, $B209) -> 0 | Y209: =SUMIFS(F_Inputs_BP!O$7:O$108, F_Inputs_BP!$A$7:$A$108, $A209, F_Inputs_BP!$B$7:$B$108, $B209) -> 0

Sheet Time
A1: =RIGHT(CELL("filename", A1), LEN(CELL("filename", A1)) - SEARCH("]", CELL("filename", A1))) -> Time
E2: =Time!E$19 -> Model period ending | J2: =Time!J$19 -> 44286 | K2: =Time!K$19 -> 44651 | L2: =Time!L$19 -> 45016 | M2: =Time!M$19 -> 45382 | N2: =Time!N$19 -> 45747 | O2: =Time!O$19 -> 46112 | P2: =Time!P$19 -> 46477 | Q2: =Time!Q$19 -> 46843 | ... S2: =Time!S$19 -> 47573
E3: =Time!E$26 -> Timeline label | J3: =Time!J$26 -> APR | K3: =Time!K$26 -> APR | L3: =Time!L$26 -> APR | M3: =Time!M$26 -> PR24 | N3: =Time!N$26 -> PR24 | O3: =Time!O$26 -> PR24 | P3: =Time!P$26 -> PR24 | Q3: =Time!Q$26 -> PR24 | ... S3: =Time!S$26 -> PR24
E4: =Time!E$9 -> Model column counter | F4: Constant | G4: Unit | H4: Total | J4: =Time!J$9 -> 1 | K4: =Time!K$9 -> 2 | L4: =Time!L$9 -> 3 | M4: =Time!M$9 -> 4 | N4: =Time!N$9 -> 5 | O4: =Time!O$9 -> 6 | P4: =Time!P$9 -> 7 | Q4: =Time!Q$9 -> 8 | ... S4: =Time!S$9 -> 10
A6: TIME RULER
B8: First model column
E9: Model column counter | G9: counter | J9: =I9 + 1 -> 1 | K9: =J9 + 1 -> 2 | L9: =K9 + 1 -> 3 | M9: =L9 + 1 -> 4 | N9: =M9 + 1 -> 5 | O9: =N9 + 1 -> 6 | P9: =O9 + 1 -> 7 | Q9: =P9 + 1 -> 8 | ... S9: =R9 + 1 -> 10
E10: Model column total | F10: =MAX(J9:JD9) -> 10 | G10: columns
E12: =E$9 -> Model column counter | F12: =F$9 -> 0 | G12: =G$9 -> counter | H12: =H$9 -> 0 | I12: =I$9 -> 0 | J12: =J$9 -> 1 | K12: =K$9 -> 2 | L12: =L$9 -> 3 | ... S12: =S$9 -> 10
E13: First model column flag | G13: flag | H13: =SUM(J13:S13) -> 1 | J13: =IF(J12 = 1, 1, 0) -> 1 | K13: =IF(K12 = 1, 1, 0) -> 0 | L13: =IF(L12 = 1, 1, 0) -> 0 | M13: =IF(M12 = 1, 1, 0) -> 0 | N13: =IF(N12 = 1, 1, 0) -> 0 | O13: =IF(O12 = 1, 1, 0) -> 0 | P13: =IF(P12 = 1, 1, 0) -> 0 | Q13: =IF(Q12 = 1, 1, 0) -> 0 | ... S13: =IF(S12 = 1, 1, 0) -> 0
B15: Model period beginning
E16: =InpC!E$13 -> First date first FY | F16: =InpC!F$13 -> 43922 | G16: =InpC!G$13 -> date
E17: =E$13 -> First model column flag | F17: =F$13 -> 0 | G17: =G$13 -> flag | H17: =H$13 -> 1 | I17: =I$13 -> 0 | J17: =J$13 -> 1 | K17: =K$13 -> 0 | L17: =L$13 -> 0 | ... S17: =S$13 -> 0
E18: Model period beginning | G18: date | J18: =IF(J17 = 1, $F16, DATE(YEAR(I18), MONTH(I18) +#REF!, DAY(1))) -> 43922 | K18: =J19+1 -> 44287 | L18: =K19+1 -> 44652 | M18: =L19+1 -> 45017 | N18: =M19+1 -> 45383 | O18: =N19+1 -> 45748 | P18: =O19+1 -> 46113 | Q18: =P19+1 -> 46478 | R18: =Q19+1 -> 46844 | S18: =R19+1 -> 47209
E19: Model period ending | G19: date | J19: =EOMONTH(J18,11) -> 44286 | K19: =EOMONTH(K18,11) -> 44651 | L19: =EOMONTH(L18,11) -> 45016 | M19: =EOMONTH(M18,11) -> 45382 | N19: =EOMONTH(N18,11) -> 45747 | O19: =EOMONTH(O18,11) -> 46112 | P19: =EOMONTH(P18,11) -> 46477 | Q19: =EOMONTH(Q18,11) -> 46843 | ... S19: =EOMONTH(S18,11) -> 47573
B21: Timeline label
F22: =J19 -> 44286
E23: =InpC!E$17 -> APR | F23: =InpC!F$17 -> 45046 | G23: =InpC!G$17 -> label
E24: =InpC!E$18 -> PR24 | F24: =InpC!F$18 -> 47603 | G24: =InpC!G$18 -> label
E25: =InpC!E$19 -> not used | F25: =InpC!F$19 -> 49064 | G25: =InpC!G$19 -> label
E26: Timeline label | G26: label | J26: =INDEX($E23:$E25,MATCH(J$2,$F$22:$F$25,1),) -> APR | K26: =INDEX($E23:$E25,MATCH(K$2,$F$22:$F$25,1),) -> APR | L26: =INDEX($E23:$E25,MATCH(L$2,$F$22:$F$25,1),) -> APR | M26: =INDEX($E23:$E25,MATCH(M$2,$F$22:$F$25,1),) -> PR24 | N26: =INDEX($E23:$E25,MATCH(N$2,$F$22:$F$25,1),) -> PR24 | O26: =INDEX($E23:$E25,MATCH(O$2,$F$22:$F$25,1),) -> PR24 | P26: =INDEX($E23:$E25,MATCH(P$2,$F$22:$F$25,1),) -> PR24 | Q26: =INDEX($E23:$E25,MATCH(Q$2,$F$22:$F$25,1),) -> PR24 | ... S26: =INDEX($E23:$E25,MATCH(S$2,$F$22:$F$25,1),) -> PR24
B28: Timeline flag
E29: =InpC!E$17 -> APR | F29: =InpC!F$17 -> 45046 | G29: =InpC!G$17 -> label | J29: =(J$26=$E29)*1 -> 1 | K29: =(K$26=$E29)*1 -> 1 | L29: =(L$26=$E29)*1 -> 1 | M29: =(M$26=$E29)*1 -> 0 | N29: =(N$26=$E29)*1 -> 0 | O29: =(O$26=$E29)*1 -> 0 | P29: =(P$26=$E29)*1 -> 0 | Q29: =(Q$26=$E29)*1 -> 0 | ... S29: =(S$26=$E29)*1 -> 0
E30: =InpC!E$18 -> PR24 | F30: =InpC!F$18 -> 47603 | G30: =InpC!G$18 -> label | J30: =(J$26=$E30)*1 -> 0 | K30: =(K$26=$E30)*1 -> 0 | L30: =(L$26=$E30)*1 -> 0 | M30: =(M$26=$E30)*1 -> 1 | N30: =(N$26=$E30)*1 -> 1 | O30: =(O$26=$E30)*1 -> 1 | P30: =(P$26=$E30)*1 -> 1 | Q30: =(Q$26=$E30)*1 -> 1 | ... S30: =(S$26=$E30)*1 -> 1
E31: =InpC!E$19 -> not used | F31: =InpC!F$19 -> 49064 | G31: =InpC!G$19 -> label | J31: =(J$26=$E31)*1 -> 0 | K31: =(K$26=$E31)*1 -> 0 | L31: =(L$26=$E31)*1 -> 0 | M31: =(M$26=$E31)*1 -> 0 | N31: =(N$26=$E31)*1 -> 0 | O31: =(O$26=$E31)*1 -> 0 | P31: =(P$26=$E31)*1 -> 0 | Q31: =(Q$26=$E31)*1 -> 0 | ... S31: =(S$26=$E31)*1 -> 0
A34: END

Sheet InpC
A1: =RIGHT(CELL("filename", A1), LEN(CELL("filename", A1)) - SEARCH("]", CELL("filename", A1))) -> InpC
K2: =IF(K4 = $F4, "q", "") -> q | L2: =IF(L4 = $F4, "q", "") | M2: =IF(M4 = $F4, "q", "")
F3: =INDEX(J3:O3,MATCH(F4,J4:O4)) -> Base case 1 | K3: Base case 1 | L3: Base case 2 | M3: Base case 3
E4: Active scenario | F4: 1 | I4: =MATCH(F4, $J$4:$O$4) -> 2 | K4: 1 | L4: 2 | M4: 3
E5: Comparison scenario | F5: 1 | I5: =MATCH(F5, $J$4:$O$4) -> 2
E6: Base case | F6: =INDEX(J6:O6,MATCH(F4,J4:O4,0)) -> 1 | I6: =MATCH(F6, $J$4:$O$4) -> 2 | K6: 1 | L6: 2 | M6: 3
E7: Input differences | F7: =COUNTIF(I10:I119, "tu") -> 0 | K7: =IF(K6 = $F$6, "Base case", "") -> Base case | L7: =IF(L6 = $F$6, "Base case", "") | M7: =IF(M6 = $F$6, "Base case", "")
F9: Constant | G9: Unit
A11: TIMING ASSUMPTIONS
E13: First date first FY | F13: =IF( INDEX(J13:O13, $I$4) = "", INDEX(J13:N13, $I$6), INDEX(J13:O13, $I$4)) -> 43922 | G13: date | I13: {=IF( INDEX(J13:O13, I$5) = "", IF( INDEX(J13:O13, I$6) = F13, "vw", "tu"), IF(INDEX(J13:O13, I$5) = F13, "vw", "tu"))} -> vw | K13: 43922 | L13: 45383 | M13: 45383
E14: Annual year end date of first operating period | F14: =IF( INDEX(J14:O14, $I$4) = "", INDEX(J14:N14, $I$6), INDEX(J14:O14, $I$4)) -> 44286 | G14: date | I14: {=IF( INDEX(J14:O14, I$5) = "", IF( INDEX(J14:O14, I$6) = F14, "vw", "tu"), IF(INDEX(J14:O14, I$5) = F14, "vw", "tu"))} -> vw | K14: =EOMONTH(K13,11) -> 44286 | L14: =EOMONTH(L13,11) -> 45747 | M14: =EOMONTH(M13,11) -> 45747
B16: Timeline label
E17: APR | F17: =IF( INDEX(J17:O17, $I$4) = "", INDEX(J17:N17, $I$6), INDEX(J17:O17, $I$4)) -> 45046 | G17: label | I17: {=IF( INDEX(J17:O17, I$5) = "", IF( INDEX(J17:O17, I$6) = F17, "vw", "tu"), IF(INDEX(J17:O17, I$5) = F17, "vw", "tu"))} -> vw | K17: 45046 | L17: 47238 | M17: 47238
E18: PR24 | F18: =IF( INDEX(J18:O18, $I$4) = "", INDEX(J18:N18, $I$6), INDEX(J18:O18, $I$4)) -> 47603 | G18: label | I18: {=IF( INDEX(J18:O18, I$5) = "", IF( INDEX(J18:O18, I$6) = F18, "vw", "tu"), IF(INDEX(J18:O18, I$5) = F18, "vw", "tu"))} -> vw | K18: 47603 | L18: 49064 | M18: 49064
E19: not used | F19: =IF( INDEX(J19:O19, $I$4) = "", INDEX(J19:N19, $I$6), INDEX(J19:O19, $I$4)) -> 49064 | G19: label | I19: {=IF( INDEX(J19:O19, I$5) = "", IF( INDEX(J19:O19, I$6) = F19, "vw", "tu"), IF(INDEX(J19:O19, I$5) = F19, "vw", "tu"))} -> vw | K19: 49064 | L19: 50890 | M19: 50890
A21: OPERATIONS
B23: Company details
E25: Anglian Water | F25: ANH
E26: Dŵr Cymru | F26: WSH
E27: Hafren Dyfrdwy | F27: HDD
E28: Northumbrian Water | F28: NES
E29: Severn Trent Water | F29: SVE
E30: Southern Water | F30: SRN
E31: Thames Water | F31: TMS
E32: United Utilities | F32: NWT
E33: Wessex Water | F33: WSX
E34: Yorkshire Water | F34: YKY
E35: Affinity Water | F35: AFW
E36: Portsmouth Water | F36: PRT
... E41: Bristol Water | F41: BRL
E42: Industry total | G42: Industry total
B44: Item description
B46: APR | F46: APR ref | G46: PR24 ref
E48: Other operating expenditure - Costs associated with Traffic Management Act - Total | F48: W3032TOT | G48: =E57 -> Location specific costs & obligations - Costs associated with Traffic Management Act - Total | H48: Traffic Management Act | I48: Water network plus
E49: Other operating expenditure - Costs associated with lane rental schemes - Total | F49: W3037TOT | G49: =E58 -> Location specific costs & obligations - Costs associated with lane rental schemes - Total | H49: Lane Rental Schemes | I49: Water network plus
E50: Traffic Management Act - Projects incurring costs associated with Traffic Management Act - Total | F50: W3040TOT | G50: =E59 -> Traffic Management Act - Projects incurring costs associated with Traffic Management Act - Total | H50: Traffic Management Act - Projects | I50: Total
E51: Other expenditure - Costs associated with Traffic Management Act - Total | F51: WWS1103CAS | G51: =E60 -> Location specific costs & obligations - Costs associated with Traffic Management Act - Total | H51: Traffic Management Act | I51: Wastewater network plus
E52: Other expenditure - Costs associated with lane rental schemes - Total | F52: WWS1104CAS | G52: =E61 -> Location specific costs & obligations - Costs associated with lane rental schemes - Total | H52: Lane Rental Schemes | I52: Wastewater network plus
E53: Traffic Management Act - Projects incurring costs associated with Traffic Management Act - Total | F53: WWS1108CAS | G53: =E62 -> Traffic Management Act - Projects incurring costs associated with Traffic Management Act - Total | H53: Traffic Management Act - Projects | I53: Total
B55: PR24 | F55: APR ref | G55: PR24 ref
E57: Location specific costs & obligations - Costs associated with Traffic Management Act - Total | F57: =F48 -> W3032TOT | G57: CW2_011TOT_PR24
E58: Location specific costs & obligations - Costs associated with lane rental schemes - Total | F58: =F49 -> W3037TOT | G58: CW2_012TOT_PR24
E59: Traffic Management Act - Projects incurring costs associated with Traffic Management Act - Total | F59: =F50 -> W3040TOT | G59: CW2_018TOT_PR24
E60: Location specific costs & obligations - Costs associated with Traffic Management Act - Total | F60: =F51 -> WWS1103CAS | G60: CWW2_011TOT_PR24
E61: Location specific costs & obligations - Costs associated with lane rental schemes - Total | F61: =F52 -> WWS1104CAS | G61: CWW2_012TOT_PR24
E62: Traffic Management Act - Projects incurring costs associated with Traffic Management Act - Total | F62: =F53 -> WWS1108CAS | G62: CWW2_018TOT_PR24
A119: MODEL TECHNICAL INPUTS - DO NOT CHANGE
E121: Model track tolerance level | F121: 0.001 | G121: tolerance
E122: Model check tolerance level | F122: 0.001 | G122: tolerance
E123: Standard Monetary Unit | F123: £m | G123: named "SMU"
B125: YesNo
E126: Yes | F126: Yes | G126: label
E127: No | F127: No | G127: label
A129: END

Sheet InpT
A1: =RIGHT(CELL("filename", A1), LEN(CELL("filename", A1)) - SEARCH("]", CELL("filename", A1))) -> InpT
E2: =Time!E2 -> Model period ending | J2: =Time!J2 -> 44286 | K2: =Time!K2 -> 44651 | L2: =Time!L2 -> 45016 | M2: =Time!M2 -> 45382 | N2: =Time!N2 -> 45747 | O2: =Time!O2 -> 46112 | P2: =Time!P2 -> 46477 | Q2: =Time!Q2 -> 46843 | ... S2: =Time!S2 -> 47573
E3: =Time!E3 -> Timeline label | J3: =Time!J3 -> APR | K3: =Time!K3 -> APR | L3: =Time!L3 -> APR | M3: =Time!M3 -> PR24 | N3: =Time!N3 -> PR24 | O3: =Time!O3 -> PR24 | P3: =Time!P3 -> PR24 | Q3: =Time!Q3 -> PR24 | ... S3: =Time!S3 -> PR24
E4: =Time!E4 -> Model column counter | F4: Constant | G4: Unit | H4: Total | J4: =Time!J4 -> 1 | K4: =Time!K4 -> 2 | L4: =Time!L4 -> 3 | M4: =Time!M4 -> 4 | N4: =Time!N4 -> 5 | O4: =Time!O4 -> 6 | P4: =Time!P4 -> 7 | Q4: =Time!Q4 -> 8 | ... S4: =Time!S4 -> 10
B6: Indexation
E8: PR24 base year | F8: 45016 | G8: select | J8: =($F8>=J$2)*1 -> 1 | K8: =($F8>=K$2)*1 -> 1 | L8: =($F8>=L$2)*1 -> 1 | M8: =($F8>=M$2)*1 -> 0 | N8: =($F8>=N$2)*1 -> 0 | O8: =($F8>=O$2)*1 -> 0 | P8: =($F8>=P$2)*1 -> 0 | Q8: =($F8>=Q$2)*1 -> 0 | ... S8: =($F8>=S$2)*1 -> 0
E10: CPI factor | G10: factor | J10: 107 | K10: 108.6 | L10: 109.4 | M10: 117.1 | N10: 128.9
E11: CPI factor in base year | G11: factor | J11: =INDEX($J$10:$S$10,,MATCH($F$8,$J$2:$S$2,0)) -> 109.4 | K11: =INDEX($J$10:$S$10,,MATCH($F$8,$J$2:$S$2,0)) -> 109.4 | L11: =INDEX($J$10:$S$10,,MATCH($F$8,$J$2:$S$2,0)) -> 109.4 | M11: =INDEX($J$10:$S$10,,MATCH($F$8,$J$2:$S$2,0)) -> 109.4 | N11: =INDEX($J$10:$S$10,,MATCH($F$8,$J$2:$S$2,0)) -> 109.4 | O11: =INDEX($J$10:$S$10,,MATCH($F$8,$J$2:$S$2,0)) -> 109.4 | P11: =INDEX($J$10:$S$10,,MATCH($F$8,$J$2:$S$2,0)) -> 109.4 | Q11: =INDEX($J$10:$S$10,,MATCH($F$8,$J$2:$S$2,0)) -> 109.4 | ... S11: =INDEX($J$10:$S$10,,MATCH($F$8,$J$2:$S$2,0)) -> 109.4
E13: Indexation applied to APR | J13: =IF(J10=0,1,J11/J10) -> 1.0224299 | K13: =IF(K10=0,1,K11/K10) -> 1.0073665 | L13: =IF(L10=0,1,L11/L10) -> 1 | M13: =IF(M10=0,1,M11/M10) -> 0.93424424 | N13: =IF(N10=0,1,N11/N10) -> 0.84871994 | O13: =IF(O10=0,1,O11/O10) -> 1 | P13: =IF(P10=0,1,P11/P10) -> 1 | Q13: =IF(Q10=0,1,Q11/Q10) -> 1 | ... S13: =IF(S10=0,1,S11/S10) -> 1
A18: END

Sheet Traffic Management Act
A1: =RIGHT(CELL("filename", A1), LEN(CELL("filename", A1)) - SEARCH("]", CELL("filename", A1))) -> Traffic Management Act
E2: =Time!E2 -> Model period ending | G2: Error chks | H2: =#REF! -> #REF! | J2: =Time!J2 -> 44286 | K2: =Time!K2 -> 44651 | L2: =Time!L2 -> 45016 | M2: =Time!M2 -> 45382 | N2: =Time!N2 -> 45747 | O2: =Time!O2 -> 46112 | P2: =Time!P2 -> 46477 | Q2: =Time!Q2 -> 46843 | ... S2: =Time!S2 -> 47573 | U2: PR24 Average | V2: PR24 Total
E3: =Time!E3 -> Timeline label | J3: =Time!J3 -> APR | K3: =Time!K3 -> APR | L3: =Time!L3 -> APR | M3: =Time!M3 -> PR24 | N3: =Time!N3 -> PR24 | O3: =Time!O3 -> PR24 | P3: =Time!P3 -> PR24 | Q3: =Time!Q3 -> PR24 | ... S3: =Time!S3 -> PR24 | U3: =Time!U3 -> 0 | V3: =Time!V3 -> 0
E4: =Time!E4 -> Model column counter | F4: Constant | G4: Unit | H4: Total | J4: =Time!J4 -> 1 | K4: =Time!K4 -> 2 | L4: =Time!L4 -> 3 | M4: =Time!M4 -> 4 | N4: =Time!N4 -> 5 | O4: =Time!O4 -> 6 | P4: =Time!P4 -> 7 | Q4: =Time!Q4 -> 8 | ... S4: =Time!S4 -> 10
J5: ='Consolidated Input'!F2 -> Cyclical | K5: ='Consolidated Input'!G2 -> Cyclical | L5: ='Consolidated Input'!H2 -> Cyclical | M5: ='Consolidated Input'!P2 -> Price Review 2024 | N5: ='Consolidated Input'!Q2 -> Price Review 2024 | O5: ='Consolidated Input'!R2 -> Price Review 2024 | P5: ='Consolidated Input'!S2 -> Price Review 2024 | Q5: ='Consolidated Input'!T2 -> Price Review 2024 | R5: ='Consolidated Input'!U2 -> Price Review 2024 | S5: ='Consolidated Input'!V2 -> Price Review 2024
J6: ='Consolidated Input'!F3 -> Default for Cyclical base run | K6: ='Consolidated Input'!G3 -> Default for Cyclical base run | L6: ='Consolidated Input'!H3 -> Default for Cyclical base run | M6: ='Consolidated Input'!P3 -> Default for Price Review 2024 base run | N6: ='Consolidated Input'!Q3 -> Default for Price Review 2024 base run | O6: ='Consolidated Input'!R3 -> Default for Price Review 2024 base run | P6: ='Consolidated Input'!S3 -> Default for Price Review 2024 base run | Q6: ='Consolidated Input'!T3 -> Default for Price Review 2024 base run | R6: ='Consolidated Input'!U3 -> Default for Price Review 2024 base run | S6: ='Consolidated Input'!V3 -> Default for Price Review 2024 base run
J7: ='Consolidated Input'!F4 -> Latest | K7: ='Consolidated Input'!G4 -> Latest | L7: ='Consolidated Input'!H4 -> Latest | M7: ='Consolidated Input'!P4 -> Latest | N7: ='Consolidated Input'!Q4 -> Latest | O7: ='Consolidated Input'!R4 -> Latest | P7: ='Consolidated Input'!S4 -> Latest | Q7: ='Consolidated Input'!T4 -> Latest | R7: ='Consolidated Input'!U4 -> Latest | S7: ='Consolidated Input'!V4 -> Latest
E8: Indexation factor
E10: Bringing APR nominal to real | G10: factor | J10: =InpT!J13 -> 1.0224299 | K10: =InpT!K13 -> 1.0073665 | L10: =InpT!L13 -> 1 | M10: =InpT!M13 -> 0.93424424 | N10: =InpT!N13 -> 0.84871994 | O10: =InpT!O13 -> 1 | P10: =InpT!P13 -> 1 | Q10: =InpT!Q13 -> 1 | ... S10: =InpT!S13 -> 1
C12: =InpC!$F$48 -> W3032TOT | D12: =InpC!$E$48 -> Other operating expenditure - Costs associated with Traffic Management Act - Total | F12: =MATCH(D12,APRChoices,0) -> 1 | G12: APR | J12: =J$2 -> 44286 | K12: =K$2 -> 44651 | L12: =L$2 -> 45016 | M12: =M$2 -> 45382 | N12: =N$2 -> 45747 | O12: =O$2 -> 46112 | P12: =P$2 -> 46477 | Q12: =Q$2 -> 46843 | ... S12: =S$2 -> 47573 | U12: =U$2 -> PR24 Average | V12: =V$2 -> PR24 Total
C13: =INDEX(InpC!$G$57:$G$62,'Traffic Management Act'!F12,) -> CW2_011TOT_PR24 | D13: =INDEX(InpC!$G$48:$G$53,'Traffic Management Act'!F12,) -> Location specific costs & obligations - Costs associated with Traffic Management Act - Total | G13: PR24
E14: Cost data before override
E16: £m, real
E17: =InpT!$F$8 -> 45016 | G17: prices
E19: =InpC!$E$25 -> Anglian Water | F19: =InpC!$F$25 -> ANH | G19: £m | J19: =SUMIFS('Consolidated Input'!F$6:F$209,'Consolidated Input'!$A$6:$A$209,$F19,'Consolidated Input'!$B$6:$B$209,$C$12)*J$10*Time!J$29 -> 1.9323925 | K19: =SUMIFS('Consolidated Input'!G$6:G$209,'Consolidated Input'!$A$6:$A$209,$F19,'Consolidated Input'!$B$6:$B$209,$C$12)*K$10*Time!K$29 -> 1.8217719 | L19: =SUMIFS('Consolidated Input'!H$6:H$209,'Consolidated Input'!$A$6:$A$209,$F19,'Consolidated Input'!$B$6:$B$209,$C$12)*L$10*Time!L$29 -> 0.944 | M19: =SUMIFS('Consolidated Input'!S$6:S$209,'Consolidated Input'!$A$6:$A$209,$F19,'Consolidated Input'!$B$6:$B$209,$C$13) -> 0.6947101 | N19: =SUMIFS('Consolidated Input'!T$6:T$209,'Consolidated Input'!$A$6:$A$209,$F19,'Consolidated Input'!$B$6:$B$209,$C$13) -> 0.88712999 | O19: =SUMIFS('Consolidated Input'!U$6:U$209,'Consolidated Input'!$A$6:$A$209,$F19,'Consolidated Input'!$B$6:$B$209,$C$13) -> 1.4730689 | P19: =SUMIFS('Consolidated Input'!V$6:V$209,'Consolidated Input'!$A$6:$A$209,$F19,'Consolidated Input'!$B$6:$B$209,$C$13) -> 1.4730689 | Q19: =SUMIFS('Consolidated Input'!W$6:W$209,'Consolidated Input'!$A$6:$A$209,$F19,'Consolidated Input'!$B$6:$B$209,$C$13) -> 1.4730689 | R19: =SUMIFS('Consolidated Input'!X$6:X$209,'Consolidated Input'!$A$6:$A$209,$F19,'Consolidated Input'!$B$6:$B$209,$C$13) -> 1.4730689 | S19: =SUMIFS('Consolidated Input'!Y$6:Y$209,'Consolidated Input'!$A$6:$A$209,$F19,'Consolidated Input'!$B$6:$B$209,$C$13) -> 1.4730689 | U19: =IFERROR(AVERAGE(O19:S19),0) -> 1.4730689 | V19: =SUM(O19:S19) -> 7.3653447
E20: =InpC!$E$26 -> Dŵr Cymru | F20: =InpC!$F$26 -> WSH | G20: £m | J20: =SUMIFS('Consolidated Input'!F$6:F$209,'Consolidated Input'!$A$6:$A$209,$F20,'Consolidated Input'!$B$6:$B$209,$C$12)*J$10*Time!J$29 -> 0.0020448598 | K20: =SUMIFS('Consolidated Input'!G$6:G$209,'Consolidated Input'!$A$6:$A$209,$F20,'Consolidated Input'!$B$6:$B$209,$C$12)*K$10*Time!K$29 -> 0.0060441989 | L20: =SUMIFS('Consolidated Input'!H$6:H$209,'Consolidated Input'!$A$6:$A$209,$F20,'Consolidated Input'!$B$6:$B$209,$C$12)*L$10*Time!L$29 -> 0.093 | M20: =SUMIFS('Consolidated Input'!S$6:S$209,'Consolidated Input'!$A$6:$A$209,$F20,'Consolidated Input'!$B$6:$B$209,$C$13) -> 0.182 | N20: =SUMIFS('Consolidated Input'!T$6:T$209,'Consolidated Input'!$A$6:$A$209,$F20,'Consolidated Input'!$B$6:$B$209,$C$13) -> 0.052 | O20: =SUMIFS('Consolidated Input'!U$6:U$209,'Consolidated Input'!$A$6:$A$209,$F20,'Consolidated Input'!$B$6:$B$209,$C$13) -> 0.042 | P20: =SUMIFS('Consolidated Input'!V$6:V$209,'Consolidated Input'!$A$6:$A$209,$F20,'Consolidated Input'!$B$6:$B$209,$C$13) -> 0.04 | Q20: =SUMIFS('Consolidated Input'!W$6:W$209,'Consolidated Input'!$A$6:$A$209,$F20,'Consolidated Input'!$B$6:$B$209,$C$13) -> 0.039 | R20: =SUMIFS('Consolidated Input'!X$6:X$209,'Consolidated Input'!$A$6:$A$209,$F20,'Consolidated Input'!$B$6:$B$209,$C$13) -> 0.039 | S20: =SUMIFS('Consolidated Input'!Y$6:Y$209,'Consolidated Input'!$A$6:$A$209,$F20,'Consolidated Input'!$B$6:$B$209,$C$13) -> 0.038 | U20: =IFERROR(AVERAGE(O20:S20),0) -> 0.0396 | V20: =SUM(O20:S20) -> 0.198
E21: =InpC!$E$27 -> Hafren Dyfrdwy | F21: =InpC!$F$27 -> HDD | G21: £m | J21: =SUMIFS('Consolidated Input'!F$6:F$209,'Consolidated Input'!$A$6:$A$209,$F21,'Consolidated Input'!$B$6:$B$209,$C$12)*J$10*Time!J$29 -> 0 | K21: =SUMIFS('Consolidated Input'!G$6:G$209,'Consolidated Input'!$A$6:$A$209,$F21,'Consolidated Input'!$B$6:$B$209,$C$12)*K$10*Time!K$29 -> 0 | L21: =SUMIFS('Consolidated Input'!H$6:H$209,'Consolidated Input'!$A$6:$A$209,$F21,'Consolidated Input'!$B$6:$B$209,$C$12)*L$10*Time!L$29 -> 0 | M21: =SUMIFS('Consolidated Input'!S$6:S$209,'Consolidated Input'!$A$6:$A$209,$F21,'Consolidated Input'!$B$6:$B$209,$C$13) -> 0 | N21: =SUMIFS('Consolidated Input'!T$6:T$209,'Consolidated Input'!$A$6:$A$209,$F21,'Consolidated Input'!$B$6:$B$209,$C$13) -> 0 | O21: =SUMIFS('Consolidated Input'!U$6:U$209,'Consolidated Input'!$A$6:$A$209,$F21,'Consolidated Input'!$B$6:$B$209,$C$13) -> 0 | P21: =SUMIFS('Consolidated Input'!V$6:V$209,'Consolidated Input'!$A$6:$A$209,$F21,'Consolidated Input'!$B$6:$B$209,$C$13) -> 0 | Q21: =SUMIFS('Consolidated Input'!W$6:W$209,'Consolidated Input'!$A$6:$A$209,$F21,'Consolidated Input'!$B$6:$B$209,$C$13) -> 0 | R21: =SUMIFS('Consolidated Input'!X$6:X$209,'Consolidated Input'!$A$6:$A$209,$F21,'Consolidated Input'!$B$6:$B$209,$C$13) -> 0 | S21: =SUMIFS('Consolidated Input'!Y$6:Y$209,'Consolidated Input'!$A$6:$A$209,$F21,'Consolidated Input'!$B$6:$B$209,$C$13) -> 0 | U21: =IFERROR(AVERAGE(O21:S21),0) -> 0 | V21: =SUM(O21:S21) -> 0
E22: =InpC!$E$28 -> Northumbrian Water | F22: =InpC!$F$28 -> NES | G22: £m | J22: =SUMIFS('Consolidated Input'!F$6:F$209,'Consolidated Input'!$A$6:$A$209,$F22,'Consolidated Input'!$B$6:$B$209,$C$12)*J$10*Time!J$29 -> 0.28219065 | K22: =SUMIFS('Consolidated Input'!G$6:G$209,'Consolidated Input'!$A$6:$A$209,$F22,'Consolidated Input'!$B$6:$B$209,$C$12)*K$10*Time!K$29 -> 0.37071087 | L22: =SUMIFS('Consolidated Input'!H$6:H$209,'Consolidated Input'!$A$6:$A$209,$F22,'Consolidated Input'!$B$6:$B$209,$C$12)*L$10*Time!L$29 -> 0.408 | M22: =SUMIFS('Consolidated Input'!S$6:S$209,'Consolidated Input'!$A$6:$A$209,$F22,'Consolidated Input'!$B$6:$B$209,$C$13) -> 0.43298287 | N22: =SUMIFS('Consolidated Input'!T$6:T$209,'Consolidated Input'!$A$6:$A$209,$F22,'Consolidated Input'!$B$6:$B$209,$C$13) -> 0.446 | O22: =SUMIFS('Consolidated Input'!U$6:U$209,'Consolidated Input'!$A$6:$A$209,$F22,'Consolidated Input'!$B$6:$B$209,$C$13) -> 0.469 | P22: =SUMIFS('Consolidated Input'!V$6:V$209,'Consolidated Input'!$A$6:$A$209,$F22,'Consolidated Input'!$B$6:$B$209,$C$13) -> 0.493 | Q22: =SUMIFS('Consolidated Input'!W$6:W$209,'Consolidated Input'!$A$6:$A$209,$F22,'Consolidated Input'!$B$6:$B$209,$C$13) -> 0.517 | R22: =SUMIFS('Consolidated Input'!X$6:X$209,'Consolidated Input'!$A$6:$A$209,$F22,'Consolidated Input'!$B$6:$B$209,$C$13) -> 0.54 | S22: =SUMIFS('Consolidated Input'!Y$6:Y$209,'Consolidated Input'!$A$6:$A$209,$F22,'Consolidated Input'!$B$6:$B$209,$C$13) -> 0.564 | U22: =IFERROR(AVERAGE(O22:S22),0) -> 0.5166 | V22: =SUM(O22:S22) -> 2.583
E23: =InpC!$E$29 -> Severn Trent Water | F23: =InpC!$F$29 -> SVE | G23: £m | J23: =SUMIFS('Consolidated Input'!F$6:F$209,'Consolidated Input'!$A$6:$A$209,$F23,'Consolidated Input'!$B$6:$B$209,$C$12)*J$10*Time!J$29 -> 2.3587458 | K23: =SUMIFS('Consolidated Input'!G$6:G$209,'Consolidated Input'!$A$6:$A$209,$F23,'Consolidated Input'!$B$6:$B$209,$C$12)*K$10*Time!K$29 -> 2.2494494 | L23: =SUMIFS('Consolidated Input'!H$6:H$209,'Consolidated Input'!$A$6:$A$209,$F23,'Consolidated Input'!$B$6:$B$209,$C$12)*L$10*Time!L$29 -> 2.663 | M23: =SUMIFS('Consolidated Input'!S$6:S$209,'Consolidated Input'!$A$6:$A$209,$F23,'Consolidated Input'!$B$6:$B$209,$C$13) -> 1.744 | N23: =SUMIFS('Consolidated Input'!T$6:T$209,'Consolidated Input'!$A$6:$A$209,$F23,'Consolidated Input'!$B$6:$B$209,$C$13) -> 1.714 | O23: =SUMIFS('Consolidated Input'!U$6:U$209,'Consolidated Input'!$A$6:$A$209,$F23,'Consolidated Input'!$B$6:$B$209,$C$13) -> 2.843 | P23: =SUMIFS('Consolidated Input'!V$6:V$209,'Consolidated Input'!$A$6:$A$209,$F23,'Consolidated Input'!$B$6:$B$209,$C$13) -> 2.867 | Q23: =SUMIFS('Consolidated Input'!W$6:W$209,'Consolidated Input'!$A$6:$A$209,$F23,'Consolidated Input'!$B$6:$B$209,$C$13) -> 2.891 | R23: =SUMIFS('Consolidated Input'!X$6:X$209,'Consolidated Input'!$A$6:$A$209,$F23,'Consolidated Input'!$B$6:$B$209,$C$13) -> 2.916 | S23: =SUMIFS('Consolidated Input'!Y$6:Y$209,'Consolidated Input'!$A$6:$A$209,$F23,'Consolidated Input'!$B$6:$B$209,$C$13) -> 2.94 | U23: =IFERROR(AVERAGE(O23:S23),0) -> 2.8914 | V23: =SUM(O23:S23) -> 14.457
E24: =InpC!$E$30 -> Southern Water | F24: =InpC!$F$30 -> SRN | G24: £m | J24: =SUMIFS('Consolidated Input'!F$6:F$209,'Consolidated Input'!$A$6:$A$209,$F24,'Consolidated Input'!$B$6:$B$209,$C$12)*J$10*Time!J$29 -> 1.2197589 | K24: =SUMIFS('Consolidated Input'!G$6:G$209,'Consolidated Input'!$A$6:$A$209,$F24,'Consolidated Input'!$B$6:$B$209,$C$12)*K$10*Time!K$29 -> 1.1211989 | L24: =SUMIFS('Consolidated Input'!H$6:H$209,'Consolidated Input'!$A$6:$A$209,$F24,'Consolidated Input'!$B$6:$B$209,$C$12)*L$10*Time!L$29 -> 1.483 | M24: =SUMIFS('Consolidated Input'!S$6:S$209,'Consolidated Input'!$A$6:$A$209,$F24,'Consolidated Input'!$B$6:$B$209,$C$13) -> 1.513 | N24: =SUMIFS('Consolidated Input'!T$6:T$209,'Consolidated Input'!$A$6:$A$209,$F24,'Consolidated Input'!$B$6:$B$209,$C$13) -> 2.335 | O24: =SUMIFS('Consolidated Input'!U$6:U$209,'Consolidated Input'!$A$6:$A$209,$F24,'Consolidated Input'!$B$6:$B$209,$C$13) -> 2.335 | P24: =SUMIFS('Consolidated Input'!V$6:V$209,'Consolidated Input'!$A$6:$A$209,$F24,'Consolidated Input'!$B$6:$B$209,$C$13) -> 2.335 | Q24: =SUMIFS('Consolidated Input'!W$6:W$209,'Consolidated Input'!$A$6:$A$209,$F24,'Consolidated Input'!$B$6:$B$209,$C$13) -> 2.335 | R24: =SUMIFS('Consolidated Input'!X$6:X$209,'Consolidated Input'!$A$6:$A$209,$F24,'Consolidated Input'!$B$6:$B$209,$C$13) -> 2.335 | S24: =SUMIFS('Consolidated Input'!Y$6:Y$209,'Consolidated Input'!$A$6:$A$209,$F24,'Consolidated Input'!$B$6:$B$209,$C$13) -> 2.335 | U24: =IFERROR(AVERAGE(O24:S24),0) -> 2.335 | V24: =SUM(O24:S24) -> 11.675
E25: =InpC!$E$31 -> Thames Water | F25: =InpC!$F$31 -> TMS | G25: £m | J25: =SUMIFS('Consolidated Input'!F$6:F$209,'Consolidated Input'!$A$6:$A$209,$F25,'Consolidated Input'!$B$6:$B$209,$C$12)*J$10*Time!J$29 -> 21.773667 | K25: =SUMIFS('Consolidated Input'!G$6:G$209,'Consolidated Input'!$A$6:$A$209,$F25,'Consolidated Input'!$B$6:$B$209,$C$12)*K$10*Time!K$29 -> 25.300009 | L25: =SUMIFS('Consolidated Input'!H$6:H$209,'Consolidated Input'!$A$6:$A$209,$F25,'Consolidated Input'!$B$6:$B$209,$C$12)*L$10*Time!L$29 -> 32.451 | M25: =SUMIFS('Consolidated Input'!S$6:S$209,'Consolidated Input'!$A$6:$A$209,$F25,'Consolidated Input'!$B$6:$B$209,$C$13) -> 26.219165 | N25: =SUMIFS('Consolidated Input'!T$6:T$209,'Consolidated Input'!$A$6:$A$209,$F25,'Consolidated Input'!$B$6:$B$209,$C$13) -> 33.487 | O25: =SUMIFS('Consolidated Input'!U$6:U$209,'Consolidated Input'!$A$6:$A$209,$F25,'Consolidated Input'!$B$6:$B$209,$C$13) -> 34.354 | P25: =SUMIFS('Consolidated Input'!V$6:V$209,'Consolidated Input'!$A$6:$A$209,$F25,'Consolidated Input'!$B$6:$B$209,$C$13) -> 34.354 | Q25: =SUMIFS('Consolidated Input'!W$6:W$209,'Consolidated Input'!$A$6:$A$209,$F25,'Consolidated Input'!$B$6:$B$209,$C$13) -> 34.354 | R25: =SUMIFS('Consolidated Input'!X$6:X$209,'Consolidated Input'!$A$6:$A$209,$F25,'Consolidated Input'!$B$6:$B$209,$C$13) -> 34.354 | S25: =SUMIFS('Consolidated Input'!Y$6:Y$209,'Consolidated Input'!$A$6:$A$209,$F25,'Consolidated Input'!$B$6:$B$209,$C$13) -> 34.354 | U25: =IFERROR(AVERAGE(O25:S25),0) -> 34.354 | V25: =SUM(O25:S25) -> 171.77
E26: =InpC!$E$32 -> United Utilities | F26: =InpC!$F$32 -> NWT | G26: £m | J26: =SUMIFS('Consolidated Input'!F$6:F$209,'Consolidated Input'!$A$6:$A$209,$F26,'Consolidated Input'!$B$6:$B$209,$C$12)*J$10*Time!J$29 -> 1.845945 | K26: =SUMIFS('Consolidated Input'!G$6:G$209,'Consolidated Input'!$A$6:$A$209,$F26,'Consolidated Input'!$B$6:$B$209,$C$12)*K$10*Time!K$29 -> 2.1356715 | L26: =SUMIFS('Consolidated Input'!H$6:H$209,'Consolidated Input'!$A$6:$A$209,$F26,'Consolidated Input'!$B$6:$B$209,$C$12)*L$10*Time!L$29 -> 2.0464702 | M26: =SUMIFS('Consolidated Input'!S$6:S$209,'Consolidated Input'!$A$6:$A$209,$F26,'Consolidated Input'!$B$6:$B$209,$C$13) -> 1.6817143 | N26: =SUMIFS('Consolidated Input'!T$6:T$209,'Consolidated Input'!$A$6:$A$209,$F26,'Consolidated Input'!$B$6:$B$209,$C$13) -> 1.8641387 | O26: =SUMIFS('Consolidated Input'!U$6:U$209,'Consolidated Input'!$A$6:$A$209,$F26,'Consolidated Input'!$B$6:$B$209,$C$13) -> 1.8640226 | P26: =SUMIFS('Consolidated Input'!V$6:V$209,'Consolidated Input'!$A$6:$A$209,$F26,'Consolidated Input'!$B$6:$B$209,$C$13) -> 1.8640226 | Q26: =SUMIFS('Consolidated Input'!W$6:W$209,'Consolidated Input'!$A$6:$A$209,$F26,'Consolidated Input'!$B$6:$B$209,$C$13) -> 1.8640226 | R26: =SUMIFS('Consolidated Input'!X$6:X$209,'Consolidated Input'!$A$6:$A$209,$F26,'Consolidated Input'!$B$6:$B$209,$C$13) -> 1.8640226 | S26: =SUMIFS('Consolidated Input'!Y$6:Y$209,'Consolidated Input'!$A$6:$A$209,$F26,'Consolidated Input'!$B$6:$B$209,$C$13) -> 1.8640226 | U26: =IFERROR(AVERAGE(O26:S26),0) -> 1.8640226 | V26: =SUM(O26:S26) -> 9.3201131
E27: =InpC!$E$33 -> Wessex Water | F27: =InpC!$F$33 -> WSX | G27: £m | J27: =SUMIFS('Consolidated Input'!F$6:F$209,'Consolidated Input'!$A$6:$A$209,$F27,'Consolidated Input'!$B$6:$B$209,$C$12)*J$10*Time!J$29 -> 0.10068113 | K27: =SUMIFS('Consolidated Input'!G$6:G$209,'Consolidated Input'!$A$6:$A$209,$F27,'Consolidated Input'!$B$6:$B$209,$C$12)*K$10*Time!K$29 -> 0.12289871 | L27: =SUMIFS('Consolidated Input'!H$6:H$209,'Consolidated Input'!$A$6:$A$209,$F27,'Consolidated Input'!$B$6:$B$209,$C$12)*L$10*Time!L$29 -> 0.153 | M27: =SUMIFS('Consolidated Input'!S$6:S$209,'Consolidated Input'!$A$6:$A$209,$F27,'Consolidated Input'!$B$6:$B$209,$C$13) -> 0.11653587 | N27: =SUMIFS('Consolidated Input'!T$6:T$209,'Consolidated Input'!$A$6:$A$209,$F27,'Consolidated Input'!$B$6:$B$209,$C$13) -> 0.11373744 | O27: =SUMIFS('Consolidated Input'!U$6:U$209,'Consolidated Input'!$A$6:$A$209,$F27,'Consolidated Input'!$B$6:$B$209,$C$13) -> 0.091269361 | P27: =SUMIFS('Consolidated Input'!V$6:V$209,'Consolidated Input'!$A$6:$A$209,$F27,'Consolidated Input'!$B$6:$B$209,$C$13) -> 0.09683761 | Q27: =SUMIFS('Consolidated Input'!W$6:W$209,'Consolidated Input'!$A$6:$A$209,$F27,'Consolidated Input'!$B$6:$B$209,$C$13) -> 0.096132891 | R27: =SUMIFS('Consolidated Input'!X$6:X$209,'Consolidated Input'!$A$6:$A$209,$F27,'Consolidated Input'!$B$6:$B$209,$C$13) -> 0.095660762 | S27: =SUMIFS('Consolidated Input'!Y$6:Y$209,'Consolidated Input'!$A$6:$A$209,$F27,'Consolidated Input'!$B$6:$B$209,$C$13) -> 0.10026436 | U27: =IFERROR(AVERAGE(O27:S27),0) -> 0.096032997 | V27: =SUM(O27:S27) -> 0.48016498
E28: =InpC!$E$34 -> Yorkshire Water | F28: =InpC!$F$34 -> YKY | G28: £m | J28: =SUMIFS('Consolidated Input'!F$6:F$209,'Consolidated Input'!$A$6:$A$209,$F28,'Consolidated Input'!$B$6:$B$209,$C$12)*J$10*Time!J$29 -> 4.2931832 | K28: =SUMIFS('Consolidated Input'!G$6:G$209,'Consolidated Input'!$A$6:$A$209,$F28,'Consolidated Input'!$B$6:$B$209,$C$12)*K$10*Time!K$29 -> 3.4739589 | L28: =SUMIFS('Consolidated Input'!H$6:H$209,'Consolidated Input'!$A$6:$A$209,$F28,'Consolidated Input'!$B$6:$B$209,$C$12)*L$10*Time!L$29 -> 3.706 | M28: =SUMIFS('Consolidated Input'!S$6:S$209,'Consolidated Input'!$A$6:$A$209,$F28,'Consolidated Input'!$B$6:$B$209,$C$13) -> 3.0313478 | N28: =SUMIFS('Consolidated Input'!T$6:T$209,'Consolidated Input'!$A$6:$A$209,$F28,'Consolidated Input'!$B$6:$B$209,$C$13) -> 3.3950468 | O28: =SUMIFS('Consolidated Input'!U$6:U$209,'Consolidated Input'!$A$6:$A$209,$F28,'Consolidated Input'!$B$6:$B$209,$C$13) -> 4.0256264 | P28: =SUMIFS('Consolidated Input'!V$6:V$209,'Consolidated Input'!$A$6:$A$209,$F28,'Consolidated Input'!$B$6:$B$209,$C$13) -> 4.0256264 | Q28: =SUMIFS('Consolidated Input'!W$6:W$209,'Consolidated Input'!$A$6:$A$209,$F28,'Consolidated Input'!$B$6:$B$209,$C$13) -> 4.0256264 | R28: =SUMIFS('Consolidated Input'!X$6:X$209,'Consolidated Input'!$A$6:$A$209,$F28,'Consolidated Input'!$B$6:$B$209,$C$13) -> 4.0256264 | S28: =SUMIFS('Consolidated Input'!Y$6:Y$209,'Consolidated Input'!$A$6:$A$209,$F28,'Consolidated Input'!$B$6:$B$209,$C$13) -> 4.0256264 | U28: =IFERROR(AVERAGE(O28:S28),0) -> 4.0256264 | V28: =SUM(O28:S28) -> 20.128132
E29: =InpC!$E$35 -> Affinity Water | F29: =InpC!$F$35 -> AFW | G29: £m | J29: =SUMIFS('Consolidated Input'!F$6:F$209,'Consolidated Input'!$A$6:$A$209,$F29,'Consolidated Input'!$B$6:$B$209,$C$12)*J$10*Time!J$29 -> 1.9078542 | K29: =SUMIFS('Consolidated Input'!G$6:G$209,'Consolidated Input'!$A$6:$A$209,$F29,'Consolidated Input'!$B$6:$B$209,$C$12)*K$10*Time!K$29 -> 1.0587422 | L29: =SUMIFS('Consolidated Input'!H$6:H$209,'Consolidated Input'!$A$6:$A$209,$F29,'Consolidated Input'!$B$6:$B$209,$C$12)*L$10*Time!L$29 -> 0.617 | M29: =SUMIFS('Consolidated Input'!S$6:S$209,'Consolidated Input'!$A$6:$A$209,$F29,'Consolidated Input'!$B$6:$B$209,$C$13) -> 0.481 | N29: =SUMIFS('Consolidated Input'!T$6:T$209,'Consolidated Input'!$A$6:$A$209,$F29,'Consolidated Input'!$B$6:$B$209,$C$13) -> 0.623 | O29: =SUMIFS('Consolidated Input'!U$6:U$209,'Consolidated Input'!$A$6:$A$209,$F29,'Consolidated Input'!$B$6:$B$209,$C$13) -> 0.65 | P29: =SUMIFS('Consolidated Input'!V$6:V$209,'Consolidated Input'!$A$6:$A$209,$F29,'Consolidated Input'!$B$6:$B$209,$C$13) -> 0.65 | Q29: =SUMIFS('Consolidated Input'!W$6:W$209,'Consolidated Input'!$A$6:$A$209,$F29,'Consolidated Input'!$B$6:$B$209,$C$13) -> 0.651 | R29: =SUMIFS('Consolidated Input'!X$6:X$209,'Consolidated Input'!$A$6:$A$209,$F29,'Consolidated Input'!$B$6:$B$209,$C$13) -> 0.651 | S29: =SUMIFS('Consolidated Input'!Y$6:Y$209,'Consolidated Input'!$A$6:$A$209,$F29,'Consolidated Input'!$B$6:$B$209,$C$13) -> 0.651 | U29: =IFERROR(AVERAGE(O29:S29),0) -> 0.6506 | V29: =SUM(O29:S29) -> 3.253
E30: =InpC!$E$36 -> Portsmouth Water | F30: =InpC!$F$36 -> PRT | G30: £m | J30: =SUMIFS('Consolidated Input'!F$6:F$209,'Consolidated Input'!$A$6:$A$209,$F30,'Consolidated Input'!$B$6:$B$209,$C$12)*J$10*Time!J$29 -> 0.25049533 | K30: =SUMIFS('Consolidated Input'!G$6:G$209,'Consolidated Input'!$A$6:$A$209,$F30,'Consolidated Input'!$B$6:$B$209,$C$12)*K$10*Time!K$29 -> 0.28306998 | L30: =SUMIFS('Consolidated Input'!H$6:H$209,'Consolidated Input'!$A$6:$A$209,$F30,'Consolidated Input'!$B$6:$B$209,$C$12)*L$10*Time!L$29 -> 0.229 | M30: =SUMIFS('Consolidated Input'!S$6:S$209,'Consolidated Input'!$A$6:$A$209,$F30,'Consolidated Input'!$B$6:$B$209,$C$13) -> 0.1212731 | N30: =SUMIFS('Consolidated Input'!T$6:T$209,'Consolidated Input'!$A$6:$A$209,$F30,'Consolidated Input'!$B$6:$B$209,$C$13) -> 0.41 | O30: =SUMIFS('Consolidated Input'!U$6:U$209,'Consolidated Input'!$A$6:$A$209,$F30,'Consolidated Input'!$B$6:$B$209,$C$13) -> 0.487 | P30: =SUMIFS('Consolidated Input'!V$6:V$209,'Consolidated Input'!$A$6:$A$209,$F30,'Consolidated Input'!$B$6:$B$209,$C$13) -> 0.49164 | Q30: =SUMIFS('Consolidated Input'!W$6:W$209,'Consolidated Input'!$A$6:$A$209,$F30,'Consolidated Input'!$B$6:$B$209,$C$13) -> 0.48682 | R30: =SUMIFS('Consolidated Input'!X$6:X$209,'Consolidated Input'!$A$6:$A$209,$F30,'Consolidated Input'!$B$6:$B$209,$C$13) -> 0.48682 | S30: =SUMIFS('Consolidated Input'!Y$6:Y$209,'Consolidated Input'!$A$6:$A$209,$F30,'Consolidated Input'!$B$6:$B$209,$C$13) -> 0.48682 | U30: =IFERROR(AVERAGE(O30:S30),0) -> 0.48782 | V30: =SUM(O30:S30) -> 2.4391
E31: =InpC!$E$37 -> South East Water | F31: =InpC!$F$37 -> SEW | G31: £m | J31: =SUMIFS('Consolidated Input'!F$6:F$209,'Consolidated Input'!$A$6:$A$209,$F31,'Consolidated Input'!$B$6:$B$209,$C$12)*J$10*Time!J$29 -> 0.65742243 | K31: =SUMIFS('Consolidated Input'!G$6:G$209,'Consolidated Input'!$A$6:$A$209,$F31,'Consolidated Input'!$B$6:$B$209,$C$12)*K$10*Time!K$29 -> 0.72530387 | L31: =SUMIFS('Consolidated Input'!H$6:H$209,'Consolidated Input'!$A$6:$A$209,$F31,'Consolidated Input'!$B$6:$B$209,$C$12)*L$10*Time!L$29 -> 0.573 | M31: =SUMIFS('Consolidated Input'!S$6:S$209,'Consolidated Input'!$A$6:$A$209,$F31,'Consolidated Input'!$B$6:$B$209,$C$13) -> 1.0507179 | N31: =SUMIFS('Consolidated Input'!T$6:T$209,'Consolidated Input'!$A$6:$A$209,$F31,'Consolidated Input'!$B$6:$B$209,$C$13) -> 1.3665607 | O31: =SUMIFS('Consolidated Input'!U$6:U$209,'Consolidated Input'!$A$6:$A$209,$F31,'Consolidated Input'!$B$6:$B$209,$C$13) -> 1.367 | P31: =SUMIFS('Consolidated Input'!V$6:V$209,'Consolidated Input'!$A$6:$A$209,$F31,'Consolidated Input'!$B$6:$B$209,$C$13) -> 1.367 | Q31: =SUMIFS('Consolidated Input'!W$6:W$209,'Consolidated Input'!$A$6:$A$209,$F31,'Consolidated Input'!$B$6:$B$209,$C$13) -> 1.367 | R31: =SUMIFS('Consolidated Input'!X$6:X$209,'Consolidated Input'!$A$6:$A$209,$F31,'Consolidated Input'!$B$6:$B$209,$C$13) -> 1.367 | S31: =SUMIFS('Consolidated Input'!Y$6:Y$209,'Consolidated Input'!$A$6:$A$209,$F31,'Consolidated Input'!$B$6:$B$209,$C$13) -> 1.367 | U31: =IFERROR(AVERAGE(O31:S31),0) -> 1.367 | V31: =SUM(O31:S31) -> 6.835
E32: =InpC!$E$38 -> South Staffs Water | F32: =InpC!$F$38 -> SSC | G32: £m | J32: =SUMIFS('Consolidated Input'!F$6:F$209,'Consolidated Input'!$A$6:$A$209,$F32,'Consolidated Input'!$B$6:$B$209,$C$12)*J$10*Time!J$29 -> 0.33228972 | K32: =SUMIFS('Consolidated Input'!G$6:G$209,'Consolidated Input'!$A$6:$A$209,$F32,'Consolidated Input'!$B$6:$B$209,$C$12)*K$10*Time!K$29 -> 0.46238122 | L32: =SUMIFS('Consolidated Input'!H$6:H$209,'Consolidated Input'!$A$6:$A$209,$F32,'Consolidated Input'!$B$6:$B$209,$C$12)*L$10*Time!L$29 -> 0.489 | M32: =SUMIFS('Consolidated Input'!S$6:S$209,'Consolidated Input'!$A$6:$A$209,$F32,'Consolidated Input'!$B$6:$B$209,$C$13) -> 0.489 | N32: =SUMIFS('Consolidated Input'!T$6:T$209,'Consolidated Input'!$A$6:$A$209,$F32,'Consolidated Input'!$B$6:$B$209,$C$13) -> 0.489 | O32: =SUMIFS('Consolidated Input'!U$6:U$209,'Consolidated Input'!$A$6:$A$209,$F32,'Consolidated Input'!$B$6:$B$209,$C$13) -> 0.489 | P32: =SUMIFS('Consolidated Input'!V$6:V$209,'Consolidated Input'!$A$6:$A$209,$F32,'Consolidated Input'!$B$6:$B$209,$C$13) -> 0.489 | Q32: =SUMIFS('Consolidated Input'!W$6:W$209,'Consolidated Input'!$A$6:$A$209,$F32,'Consolidated Input'!$B$6:$B$209,$C$13) -> 0.489 | R32: =SUMIFS('Consolidated Input'!X$6:X$209,'Consolidated Input'!$A$6:$A$209,$F32,'Consolidated Input'!$B$6:$B$209,$C$13) -> 0.489 | S32: =SUMIFS('Consolidated Input'!Y$6:Y$209,'Consolidated Input'!$A$6:$A$209,$F32,'Consolidated Input'!$B$6:$B$209,$C$13) -> 0.489 | U32: =IFERROR(AVERAGE(O32:S32),0) -> 0.489 | V32: =SUM(O32:S32) -> 2.445
E33: =InpC!$E$39 -> SES Water | F33: =InpC!$F$39 -> SES | G33: £m | J33: =SUMIFS('Consolidated Input'!F$6:F$209,'Consolidated Input'!$A$6:$A$209,$F33,'Consolidated Input'!$B$6:$B$209,$C$12)*J$10*Time!J$29 -> 0.18237078 | K33: =SUMIFS('Consolidated Input'!G$6:G$209,'Consolidated Input'!$A$6:$A$209,$F33,'Consolidated Input'!$B$6:$B$209,$C$12)*K$10*Time!K$29 -> 0.12717755 | L33: =SUMIFS('Consolidated Input'!H$6:H$209,'Consolidated Input'!$A$6:$A$209,$F33,'Consolidated Input'!$B$6:$B$209,$C$12)*L$10*Time!L$29 -> 0.31 | M33: =SUMIFS('Consolidated Input'!S$6:S$209,'Consolidated Input'!$A$6:$A$209,$F33,'Consolidated Input'!$B$6:$B$209,$C$13) -> 0.34269271 | N33: =SUMIFS('Consolidated Input'!T$6:T$209,'Consolidated Input'!$A$6:$A$209,$F33,'Consolidated Input'!$B$6:$B$209,$C$13) -> 0.337 | O33: =SUMIFS('Consolidated Input'!U$6:U$209,'Consolidated Input'!$A$6:$A$209,$F33,'Consolidated Input'!$B$6:$B$209,$C$13) -> 0.344 | P33: =SUMIFS('Consolidated Input'!V$6:V$209,'Consolidated Input'!$A$6:$A$209,$F33,'Consolidated Input'!$B$6:$B$209,$C$13) -> 0.347 | Q33: =SUMIFS('Consolidated Input'!W$6:W$209,'Consolidated Input'!$A$6:$A$209,$F33,'Consolidated Input'!$B$6:$B$209,$C$13) -> 0.348 | R33: =SUMIFS('Consolidated Input'!X$6:X$209,'Consolidated Input'!$A$6:$A$209,$F33,'Consolidated Input'!$B$6:$B$209,$C$13) -> 0.354 | S33: =SUMIFS('Consolidated Input'!Y$6:Y$209,'Consolidated Input'!$A$6:$A$209,$F33,'Consolidated Input'!$B$6:$B$209,$C$13) -> 0.357 | U33: =IFERROR(AVERAGE(O33:S33),0) -> 0.35 | V33: =SUM(O33:S33) -> 1.75
E34: =InpC!$E$40 -> South West Water | F34: =InpC!$F$40 -> SWB | G34: £m | J34: =SUMIFS('Consolidated Input'!F$6:F$209,'Consolidated Input'!$A$6:$A$209,$F34,'Consolidated Input'!$B$6:$B$209,$C$12)*J$10*Time!J$29 -> 0 | K34: =SUMIFS('Consolidated Input'!G$6:G$209,'Consolidated Input'!$A$6:$A$209,$F34,'Consolidated Input'!$B$6:$B$209,$C$12)*K$10*Time!K$29 -> 0.047346225 | L34: =SUMIFS('Consolidated Input'!H$6:H$209,'Consolidated Input'!$A$6:$A$209,$F34,'Consolidated Input'!$B$6:$B$209,$C$12)*L$10*Time!L$29 -> 0.209 | M34: =SUMIFS('Consolidated Input'!S$6:S$209,'Consolidated Input'!$A$6:$A$209,$F34,'Consolidated Input'!$B$6:$B$209,$C$13) -> 0.79 | N34: =SUMIFS('Consolidated Input'!T$6:T$209,'Consolidated Input'!$A$6:$A$209,$F34,'Consolidated Input'!$B$6:$B$209,$C$13) -> 0.209 | O34: =SUMIFS('Consolidated Input'!U$6:U$209,'Consolidated Input'!$A$6:$A$209,$F34,'Consolidated Input'!$B$6:$B$209,$C$13) -> 0.1419953 | P34: =SUMIFS('Consolidated Input'!V$6:V$209,'Consolidated Input'!$A$6:$A$209,$F34,'Consolidated Input'!$B$6:$B$209,$C$13) -> 0.13300465 | Q34: =SUMIFS('Consolidated Input'!W$6:W$209,'Consolidated Input'!$A$6:$A$209,$F34,'Consolidated Input'!$B$6:$B$209,$C$13) -> 0.12399511 | R34: =SUMIFS('Consolidated Input'!X$6:X$209,'Consolidated Input'!$A$6:$A$209,$F34,'Consolidated Input'!$B$6:$B$209,$C$13) -> 0.11499854 | S34: =SUMIFS('Consolidated Input'!Y$6:Y$209,'Consolidated Input'!$A$6:$A$209,$F34,'Consolidated Input'!$B$6:$B$209,$C$13) -> 0.10700422 | U34: =IFERROR(AVERAGE(O34:S34),0) -> 0.12419956 | V34: =SUM(O34:S34) -> 0.62099782
E35: =InpC!$E$41 -> Bristol Water | F35: =InpC!$F$41 -> BRL | G35: £m | J35: =SUMIFS('Consolidated Input'!F$6:F$209,'Consolidated Input'!$A$6:$A$209,$F35,'Consolidated Input'!$B$6:$B$209,$C$12)*J$10*Time!J$29 -> 0.34353645 | K35: =SUMIFS('Consolidated Input'!G$6:G$209,'Consolidated Input'!$A$6:$A$209,$F35,'Consolidated Input'!$B$6:$B$209,$C$12)*K$10*Time!K$29 -> 0.37171823 | L35: =SUMIFS('Consolidated Input'!H$6:H$209,'Consolidated Input'!$A$6:$A$209,$F35,'Consolidated Input'!$B$6:$B$209,$C$12)*L$10*Time!L$29 -> 0.206 | M35: =SUMIFS('Consolidated Input'!S$6:S$209,'Consolidated Input'!$A$6:$A$209,$F35,'Consolidated Input'!$B$6:$B$209,$C$13) -> 0.44719456 | N35: =SUMIFS('Consolidated Input'!T$6:T$209,'Consolidated Input'!$A$6:$A$209,$F35,'Consolidated Input'!$B$6:$B$209,$C$13) -> 0.472 | O35: =SUMIFS('Consolidated Input'!U$6:U$209,'Consolidated Input'!$A$6:$A$209,$F35,'Consolidated Input'!$B$6:$B$209,$C$13) -> 0.18539386 | P35: =SUMIFS('Consolidated Input'!V$6:V$209,'Consolidated Input'!$A$6:$A$209,$F35,'Consolidated Input'!$B$6:$B$209,$C$13) -> 0.18540648 | Q35: =SUMIFS('Consolidated Input'!W$6:W$209,'Consolidated Input'!$A$6:$A$209,$F35,'Consolidated Input'!$B$6:$B$209,$C$13) -> 0.18539269 | R35: =SUMIFS('Consolidated Input'!X$6:X$209,'Consolidated Input'!$A$6:$A$209,$F35,'Consolidated Input'!$B$6:$B$209,$C$13) -> 0.18539764 | S35: =SUMIFS('Consolidated Input'!Y$6:Y$209,'Consolidated Input'!$A$6:$A$209,$F35,'Consolidated Input'!$B$6:$B$209,$C$13) -> 0.18540732 | U35: =IFERROR(AVERAGE(O35:S35),0) -> 0.1853996 | V35: =SUM(O35:S35) -> 0.92699799
E36: Industry total | G36: £m | J36: =SUM(J19:J35) -> 37.482578 | K36: =SUM(K19:K35) -> 39.677453 | L36: =SUM(L19:L35) -> 46.58047 | M36: =SUM(M19:M35) -> 39.337334 | N36: =SUM(N19:N35) -> 48.200614 | O36: =SUM(O19:O35) -> 51.161377 | P36: =SUM(P19:P35) -> 51.211607 | Q36: =SUM(Q19:Q35) -> 51.246059 | ... S36: =SUM(S19:S35) -> 51.337214 | U36: =SUM(U19:U35) -> 51.24937 | V36: =SUM(V19:V35) -> 256.24685
C38: =C12 -> W3032TOT | D38: =D12 -> Other operating expenditure - Costs associated with Traffic Management Act - Total | F38: =MATCH(D38,APRChoices,0) -> 1 | G38: APR | J38: =J$2 -> 44286 | K38: =K$2 -> 44651 | L38: =L$2 -> 45016 | M38: =M$2 -> 45382 | N38: =N$2 -> 45747 | O38: =O$2 -> 46112 | P38: =P$2 -> 46477 | Q38: =Q$2 -> 46843 | ... S38: =S$2 -> 47573 | U38: =U$2 -> PR24 Average | V38: =V$2 -> PR24 Total
C39: =INDEX(InpC!$G$57:$G$62,'Traffic Management Act'!F38,) -> CW2_011TOT_PR24 | D39: =INDEX(InpC!$G$48:$G$53,'Traffic Management Act'!F38,) -> Location specific costs & obligations - Costs associated with Traffic Management Act - Total | G39: PR24
E40: Cost data override
E42: £m, real
E43: =InpT!$F$8 -> 45016 | G43: prices
E45: =InpC!$E$25 -> Anglian Water | F45: =InpC!$F$25 -> ANH | G45: £m | U45: =IFERROR(AVERAGE(O45:S45),0) -> 0 | V45: =SUM(O45:S45) -> 0
E46: =InpC!$E$26 -> Dŵr Cymru | F46: =InpC!$F$26 -> WSH | G46: £m | U46: =IFERROR(AVERAGE(O46:S46),0) -> 0 | V46: =SUM(O46:S46) -> 0
E47: =InpC!$E$27 -> Hafren Dyfrdwy | F47: =InpC!$F$27 -> HDD | G47: £m | U47: =IFERROR(AVERAGE(O47:S47),0) -> 0 | V47: =SUM(O47:S47) -> 0
E48: =InpC!$E$28 -> Northumbrian Water | F48: =InpC!$F$28 -> NES | G48: £m | U48: =IFERROR(AVERAGE(O48:S48),0) -> 0 | V48: =SUM(O48:S48) -> 0
E49: =InpC!$E$29 -> Severn Trent Water | F49: =InpC!$F$29 -> SVE | G49: £m | U49: =IFERROR(AVERAGE(O49:S49),0) -> 0 | V49: =SUM(O49:S49) -> 0
E50: =InpC!$E$30 -> Southern Water | F50: =InpC!$F$30 -> SRN | G50: £m | U50: =IFERROR(AVERAGE(O50:S50),0) -> 0 | V50: =SUM(O50:S50) -> 0
E51: =InpC!$E$31 -> Thames Water | F51: =InpC!$F$31 -> TMS | G51: £m | U51: =IFERROR(AVERAGE(O51:S51),0) -> 0 | V51: =SUM(O51:S51) -> 0
E52: =InpC!$E$32 -> United Utilities | F52: =InpC!$F$32 -> NWT | G52: £m | U52: =IFERROR(AVERAGE(O52:S52),0) -> 0 | V52: =SUM(O52:S52) -> 0
E53: =InpC!$E$33 -> Wessex Water | F53: =InpC!$F$33 -> WSX | G53: £m | U53: =IFERROR(AVERAGE(O53:S53),0) -> 0 | V53: =SUM(O53:S53) -> 0
E54: =InpC!$E$34 -> Yorkshire Water | F54: =InpC!$F$34 -> YKY | G54: £m | U54: =IFERROR(AVERAGE(O54:S54),0) -> 0 | V54: =SUM(O54:S54) -> 0
E55: =InpC!$E$35 -> Affinity Water | F55: =InpC!$F$35 -> AFW | G55: £m | U55: =IFERROR(AVERAGE(O55:S55),0) -> 0 | V55: =SUM(O55:S55) -> 0
E56: =InpC!$E$36 -> Portsmouth Water | F56: =InpC!$F$36 -> PRT | G56: £m | U56: =IFERROR(AVERAGE(O56:S56),0) -> 0 | V56: =SUM(O56:S56) -> 0
E57: =InpC!$E$37 -> South East Water | F57: =InpC!$F$37 -> SEW | G57: £m | U57: =IFERROR(AVERAGE(O57:S57),0) -> 0 | V57: =SUM(O57:S57) -> 0
E58: =InpC!$E$38 -> South Staffs Water | F58: =InpC!$F$38 -> SSC | G58: £m | U58: =IFERROR(AVERAGE(O58:S58),0) -> 0 | V58: =SUM(O58:S58) -> 0
E59: =InpC!$E$39 -> SES Water | F59: =InpC!$F$39 -> SES | G59: £m | U59: =IFERROR(AVERAGE(O59:S59),0) -> 0 | V59: =SUM(O59:S59) -> 0
E60: =InpC!$E$40 -> South West Water | F60: =InpC!$F$40 -> SWB | G60: £m | U60: =IFERROR(AVERAGE(O60:S60),0) -> 0 | V60: =SUM(O60:S60) -> 0
E61: =InpC!$E$41 -> Bristol Water | F61: =InpC!$F$41 -> BRL | G61: £m | U61: =IFERROR(AVERAGE(O61:S61),0) -> 0 | V61: =SUM(O61:S61) -> 0
E62: Industry total | G62: £m | J62: =SUM(J45:J61) -> 0 | K62: =SUM(K45:K61) -> 0 | L62: =SUM(L45:L61) -> 0 | M62: =SUM(M45:M61) -> 0 | N62: =SUM(N45:N61) -> 0 | O62: =SUM(O45:O61) -> 0 | P62: =SUM(P45:P61) -> 0 | Q62: =SUM(Q45:Q61) -> 0 | ... S62: =SUM(S45:S61) -> 0 | U62: =SUM(U45:U61) -> 0 | V62: =SUM(V45:V61) -> 0
C64: =C12 -> W3032TOT | D64: =D12 -> Other operating expenditure - Costs associated with Traffic Management Act - Total | F64: =MATCH(D64,APRChoices,0) -> 1 | G64: APR | J64: =J$2 -> 44286 | K64: =K$2 -> 44651 | L64: =L$2 -> 45016 | M64: =M$2 -> 45382 | N64: =N$2 -> 45747 | O64: =O$2 -> 46112 | P64: =P$2 -> 46477 | Q64: =Q$2 -> 46843 | ... S64: =S$2 -> 47573 | U64: =U$2 -> PR24 Average | V64: =V$2 -> PR24 Total
C65: =INDEX(InpC!$G$57:$G$62,'Traffic Management Act'!F64,) -> CW2_011TOT_PR24 | D65: =INDEX(InpC!$G$48:$G$53,'Traffic Management Act'!F64,) -> Location specific costs & obligations - Costs associated with Traffic Management Act - Total | G65: PR24
E66: Cost data
E68: £m, real
E69: =InpT!$F$8 -> 45016 | G69: prices
E71: =InpC!$E$25 -> Anglian Water | F71: =InpC!$F$25 -> ANH | G71: £m | J71: =IF(ISBLANK(J45),J19,J45) -> 1.9323925 | K71: =IF(ISBLANK(K45),K19,K45) -> 1.8217719 | L71: =IF(ISBLANK(L45),L19,L45) -> 0.944 | M71: =IF(ISBLANK(M45),M19,M45) -> 0.6947101 | N71: =IF(ISBLANK(N45),N19,N45) -> 0.88712999 | O71: =IF(ISBLANK(O45),O19,O45) -> 1.4730689 | P71: =IF(ISBLANK(P45),P19,P45) -> 1.4730689 | Q71: =IF(ISBLANK(Q45),Q19,Q45) -> 1.4730689 | ... S71: =IF(ISBLANK(S45),S19,S45) -> 1.4730689 | U71: =IFERROR(AVERAGE(O71:S71),0) -> 1.4730689 | V71: =SUM(O71:S71) -> 7.3653447
E72: =InpC!$E$26 -> Dŵr Cymru | F72: =InpC!$F$26 -> WSH | G72: £m | J72: =IF(ISBLANK(J46),J20,J46) -> 0.0020448598 | K72: =IF(ISBLANK(K46),K20,K46) -> 0.0060441989 | L72: =IF(ISBLANK(L46),L20,L46) -> 0.093 | M72: =IF(ISBLANK(M46),M20,M46) -> 0.182 | N72: =IF(ISBLANK(N46),N20,N46) -> 0.052 | O72: =IF(ISBLANK(O46),O20,O46) -> 0.042 | P72: =IF(ISBLANK(P46),P20,P46) -> 0.04 | Q72: =IF(ISBLANK(Q46),Q20,Q46) -> 0.039 | ... S72: =IF(ISBLANK(S46),S20,S46) -> 0.038 | U72: =IFERROR(AVERAGE(O72:S72),0) -> 0.0396 | V72: =SUM(O72:S72) -> 0.198
E73: =InpC!$E$27 -> Hafren Dyfrdwy | F73: =InpC!$F$27 -> HDD | G73: £m | J73: =IF(ISBLANK(J47),J21,J47) -> 0 | K73: =IF(ISBLANK(K47),K21,K47) -> 0 | L73: =IF(ISBLANK(L47),L21,L47) -> 0 | M73: =IF(ISBLANK(M47),M21,M47) -> 0 | N73: =IF(ISBLANK(N47),N21,N47) -> 0 | O73: =IF(ISBLANK(O47),O21,O47) -> 0 | P73: =IF(ISBLANK(P47),P21,P47) -> 0 | Q73: =IF(ISBLANK(Q47),Q21,Q47) -> 0 | ... S73: =IF(ISBLANK(S47),S21,S47) -> 0 | U73: =IFERROR(AVERAGE(O73:S73),0) -> 0 | V73: =SUM(O73:S73) -> 0
E74: =InpC!$E$28 -> Northumbrian Water | F74: =InpC!$F$28 -> NES | G74: £m | J74: =IF(ISBLANK(J48),J22,J48) -> 0.28219065 | K74: =IF(ISBLANK(K48),K22,K48) -> 0.37071087 | L74: =IF(ISBLANK(L48),L22,L48) -> 0.408 | M74: =IF(ISBLANK(M48),M22,M48) -> 0.43298287 | N74: =IF(ISBLANK(N48),N22,N48) -> 0.446 | O74: =IF(ISBLANK(O48),O22,O48) -> 0.469 | P74: =IF(ISBLANK(P48),P22,P48) -> 0.493 | Q74: =IF(ISBLANK(Q48),Q22,Q48) -> 0.517 | ... S74: =IF(ISBLANK(S48),S22,S48) -> 0.564 | U74: =IFERROR(AVERAGE(O74:S74),0) -> 0.5166 | V74: =SUM(O74:S74) -> 2.583
E75: =InpC!$E$29 -> Severn Trent Water | F75: =InpC!$F$29 -> SVE | G75: £m | J75: =IF(ISBLANK(J49),J23,J49) -> 2.3587458 | K75: =IF(ISBLANK(K49),K23,K49) -> 2.2494494 | L75: =IF(ISBLANK(L49),L23,L49) -> 2.663 | M75: =IF(ISBLANK(M49),M23,M49) -> 1.744 | N75: =IF(ISBLANK(N49),N23,N49) -> 1.714 | O75: =IF(ISBLANK(O49),O23,O49) -> 2.843 | P75: =IF(ISBLANK(P49),P23,P49) -> 2.867 | Q75: =IF(ISBLANK(Q49),Q23,Q49) -> 2.891 | ... S75: =IF(ISBLANK(S49),S23,S49) -> 2.94 | U75: =IFERROR(AVERAGE(O75:S75),0) -> 2.8914 | V75: =SUM(O75:S75) -> 14.457
E76: =InpC!$E$30 -> Southern Water | F76: =InpC!$F$30 -> SRN | G76: £m | J76: =IF(ISBLANK(J50),J24,J50) -> 1.2197589 | K76: =IF(ISBLANK(K50),K24,K50) -> 1.1211989 | L76: =IF(ISBLANK(L50),L24,L50) -> 1.483 | M76: =IF(ISBLANK(M50),M24,M50) -> 1.513 | N76: =IF(ISBLANK(N50),N24,N50) -> 2.335 | O76: =IF(ISBLANK(O50),O24,O50) -> 2.335 | P76: =IF(ISBLANK(P50),P24,P50) -> 2.335 | Q76: =IF(ISBLANK(Q50),Q24,Q50) -> 2.335 | ... S76: =IF(ISBLANK(S50),S24,S50) -> 2.335 | U76: =IFERROR(AVERAGE(O76:S76),0) -> 2.335 | V76: =SUM(O76:S76) -> 11.675
E77: =InpC!$E$31 -> Thames Water | F77: =InpC!$F$31 -> TMS | G77: £m | J77: =IF(ISBLANK(J51),J25,J51) -> 21.773667 | K77: =IF(ISBLANK(K51),K25,K51) -> 25.300009 | L77: =IF(ISBLANK(L51),L25,L51) -> 32.451 | M77: =IF(ISBLANK(M51),M25,M51) -> 26.219165 | N77: =IF(ISBLANK(N51),N25,N51) -> 33.487 | O77: =IF(ISBLANK(O51),O25,O51) -> 34.354 | P77: =IF(ISBLANK(P51),P25,P51) -> 34.354 | Q77: =IF(ISBLANK(Q51),Q25,Q51) -> 34.354 | ... S77: =IF(ISBLANK(S51),S25,S51) -> 34.354 | U77: =IFERROR(AVERAGE(O77:S77),0) -> 34.354 | V77: =SUM(O77:S77) -> 171.77
E78: =InpC!$E$32 -> United Utilities | F78: =InpC!$F$32 -> NWT | G78: £m | J78: =IF(ISBLANK(J52),J26,J52) -> 1.845945 | K78: =IF(ISBLANK(K52),K26,K52) -> 2.1356715 | L78: =IF(ISBLANK(L52),L26,L52) -> 2.0464702 | M78: =IF(ISBLANK(M52),M26,M52) -> 1.6817143 | N78: =IF(ISBLANK(N52),N26,N52) -> 1.8641387 | O78: =IF(ISBLANK(O52),O26,O52) -> 1.8640226 | P78: =IF(ISBLANK(P52),P26,P52) -> 1.8640226 | Q78: =IF(ISBLANK(Q52),Q26,Q52) -> 1.8640226 | ... S78: =IF(ISBLANK(S52),S26,S52) -> 1.8640226 | U78: =IFERROR(AVERAGE(O78:S78),0) -> 1.8640226 | V78: =SUM(O78:S78) -> 9.3201131
E79: =InpC!$E$33 -> Wessex Water | F79: =InpC!$F$33 -> WSX | G79: £m | J79: =IF(ISBLANK(J53),J27,J53) -> 0.10068113 | K79: =IF(ISBLANK(K53),K27,K53) -> 0.12289871 | L79: =IF(ISBLANK(L53),L27,L53) -> 0.153 | M79: =IF(ISBLANK(M53),M27,M53) -> 0.11653587 | N79: =IF(ISBLANK(N53),N27,N53) -> 0.11373744 | O79: =IF(ISBLANK(O53),O27,O53) -> 0.091269361 | P79: =IF(ISBLANK(P53),P27,P53) -> 0.09683761 | Q79: =IF(ISBLANK(Q53),Q27,Q53) -> 0.096132891 | ... S79: =IF(ISBLANK(S53),S27,S53) -> 0.10026436 | U79: =IFERROR(AVERAGE(O79:S79),0) -> 0.096032997 | V79: =SUM(O79:S79) -> 0.48016498
E80: =InpC!$E$34 -> Yorkshire Water | F80: =InpC!$F$34 -> YKY | G80: £m | J80: =IF(ISBLANK(J54),J28,J54) -> 4.2931832 | K80: =IF(ISBLANK(K54),K28,K54) -> 3.4739589 | L80: =IF(ISBLANK(L54),L28,L54) -> 3.706 | M80: =IF(ISBLANK(M54),M28,M54) -> 3.0313478 | N80: =IF(ISBLANK(N54),N28,N54) -> 3.3950468 | O80: =IF(ISBLANK(O54),O28,O54) -> 4.0256264 | P80: =IF(ISBLANK(P54),P28,P54) -> 4.0256264 | Q80: =IF(ISBLANK(Q54),Q28,Q54) -> 4.0256264 | ... S80: =IF(ISBLANK(S54),S28,S54) -> 4.0256264 | U80: =IFERROR(AVERAGE(O80:S80),0) -> 4.0256264 | V80: =SUM(O80:S80) -> 20.128132
E81: =InpC!$E$35 -> Affinity Water | F81: =InpC!$F$35 -> AFW | G81: £m | J81: =IF(ISBLANK(J55),J29,J55) -> 1.9078542 | K81: =IF(ISBLANK(K55),K29,K55) -> 1.0587422 | L81: =IF(ISBLANK(L55),L29,L55) -> 0.617 | M81: =IF(ISBLANK(M55),M29,M55) -> 0.481 | N81: =IF(ISBLANK(N55),N29,N55) -> 0.623 | O81: =IF(ISBLANK(O55),O29,O55) -> 0.65 | P81: =IF(ISBLANK(P55),P29,P55) -> 0.65 | Q81: =IF(ISBLANK(Q55),Q29,Q55) -> 0.651 | ... S81: =IF(ISBLANK(S55),S29,S55) -> 0.651 | U81: =IFERROR(AVERAGE(O81:S81),0) -> 0.6506 | V81: =SUM(O81:S81) -> 3.253
E82: =InpC!$E$36 -> Portsmouth Water | F82: =InpC!$F$36 -> PRT | G82: £m | J82: =IF(ISBLANK(J56),J30,J56) -> 0.25049533 | K82: =IF(ISBLANK(K56),K30,K56) -> 0.28306998 | L82: =IF(ISBLANK(L56),L30,L56) -> 0.229 | M82: =IF(ISBLANK(M56),M30,M56) -> 0.1212731 | N82: =IF(ISBLANK(N56),N30,N56) -> 0.41 | O82: =IF(ISBLANK(O56),O30,O56) -> 0.487 | P82: =IF(ISBLANK(P56),P30,P56) -> 0.49164 | Q82: =IF(ISBLANK(Q56),Q30,Q56) -> 0.48682 | ... S82: =IF(ISBLANK(S56),S30,S56) -> 0.48682 | U82: =IFERROR(AVERAGE(O82:S82),0) -> 0.48782 | V82: =SUM(O82:S82) -> 2.4391
E83: =InpC!$E$37 -> South East Water | F83: =InpC!$F$37 -> SEW | G83: £m | J83: =IF(ISBLANK(J57),J31,J57) -> 0.65742243 | K83: =IF(ISBLANK(K57),K31,K57) -> 0.72530387 | L83: =IF(ISBLANK(L57),L31,L57) -> 0.573 | M83: =IF(ISBLANK(M57),M31,M57) -> 1.0507179 | N83: =IF(ISBLANK(N57),N31,N57) -> 1.3665607 | O83: =IF(ISBLANK(O57),O31,O57) -> 1.367 | P83: =IF(ISBLANK(P57),P31,P57) -> 1.367 | Q83: =IF(ISBLANK(Q57),Q31,Q57) -> 1.367 | ... S83: =IF(ISBLANK(S57),S31,S57) -> 1.367 | U83: =IFERROR(AVERAGE(O83:S83),0) -> 1.367 | V83: =SUM(O83:S83) -> 6.835
E84: =InpC!$E$38 -> South Staffs Water | F84: =InpC!$F$38 -> SSC | G84: £m | J84: =IF(ISBLANK(J58),J32,J58) -> 0.33228972 | K84: =IF(ISBLANK(K58),K32,K58) -> 0.46238122 | L84: =IF(ISBLANK(L58),L32,L58) -> 0.489 | M84: =IF(ISBLANK(M58),M32,M58) -> 0.489 | N84: =IF(ISBLANK(N58),N32,N58) -> 0.489 | O84: =IF(ISBLANK(O58),O32,O58) -> 0.489 | P84: =IF(ISBLANK(P58),P32,P58) -> 0.489 | Q84: =IF(ISBLANK(Q58),Q32,Q58) -> 0.489 | ... S84: =IF(ISBLANK(S58),S32,S58) -> 0.489 | U84: =IFERROR(AVERAGE(O84:S84),0) -> 0.489 | V84: =SUM(O84:S84) -> 2.445
E85: =InpC!$E$39 -> SES Water | F85: =InpC!$F$39 -> SES | G85: £m | J85: =IF(ISBLANK(J59),J33,J59) -> 0.18237078 | K85: =IF(ISBLANK(K59),K33,K59) -> 0.12717755 | L85: =IF(ISBLANK(L59),L33,L59) -> 0.31 | M85: =IF(ISBLANK(M59),M33,M59) -> 0.34269271 | N85: =IF(ISBLANK(N59),N33,N59) -> 0.337 | O85: =IF(ISBLANK(O59),O33,O59) -> 0.344 | P85: =IF(ISBLANK(P59),P33,P59) -> 0.347 | Q85: =IF(ISBLANK(Q59),Q33,Q59) -> 0.348 | ... S85: =IF(ISBLANK(S59),S33,S59) -> 0.357 | U85: =IFERROR(AVERAGE(O85:S85),0) -> 0.35 | V85: =SUM(O85:S85) -> 1.75
E86: =InpC!$E$40 -> South West Water | F86: =InpC!$F$40 -> SWB | G86: £m | J86: =IF(ISBLANK(J60),J34,J60) -> 0 | K86: =IF(ISBLANK(K60),K34,K60) -> 0.047346225 | L86: =IF(ISBLANK(L60),L34,L60) -> 0.209 | M86: =IF(ISBLANK(M60),M34,M60) -> 0.79 | N86: =IF(ISBLANK(N60),N34,N60) -> 0.209 | O86: =IF(ISBLANK(O60),O34,O60) -> 0.1419953 | P86: =IF(ISBLANK(P60),P34,P60) -> 0.13300465 | Q86: =IF(ISBLANK(Q60),Q34,Q60) -> 0.12399511 | ... S86: =IF(ISBLANK(S60),S34,S60) -> 0.10700422 | U86: =IFERROR(AVERAGE(O86:S86),0) -> 0.12419956 | V86: =SUM(O86:S86) -> 0.62099782
E87: =InpC!$E$41 -> Bristol Water | F87: =InpC!$F$41 -> BRL | G87: £m | J87: =IF(ISBLANK(J61),J35,J61) -> 0.34353645 | K87: =IF(ISBLANK(K61),K35,K61) -> 0.37171823 | L87: =IF(ISBLANK(L61),L35,L61) -> 0.206 | M87: =IF(ISBLANK(M61),M35,M61) -> 0.44719456 | N87: =IF(ISBLANK(N61),N35,N61) -> 0.472 | O87: =IF(ISBLANK(O61),O35,O61) -> 0.18539386 | P87: =IF(ISBLANK(P61),P35,P61) -> 0.18540648 | Q87: =IF(ISBLANK(Q61),Q35,Q61) -> 0.18539269 | ... S87: =IF(ISBLANK(S61),S35,S61) -> 0.18540732 | U87: =IFERROR(AVERAGE(O87:S87),0) -> 0.1853996 | V87: =SUM(O87:S87) -> 0.92699799
E88: Industry total | G88: £m | J88: =SUM(J71:J87) -> 37.482578 | K88: =SUM(K71:K87) -> 39.677453 | L88: =SUM(L71:L87) -> 46.58047 | M88: =SUM(M71:M87) -> 39.337334 | N88: =SUM(N71:N87) -> 48.200614 | O88: =SUM(O71:O87) -> 51.161377 | P88: =SUM(P71:P87) -> 51.211607 | Q88: =SUM(Q71:Q87) -> 51.246059 | ... S88: =SUM(S71:S87) -> 51.337214 | U88: =SUM(U71:U87) -> 51.24937 | V88: =SUM(V71:V87) -> 256.24685
C90: =InpC!$F$51 -> WWS1103CAS | D90: =InpC!$E$51 -> Other expenditure - Costs associated with Traffic Management Act - Total | F90: =MATCH(D90,APRChoices,0) -> 4 | G90: APR | J90: =J$2 -> 44286 | K90: =K$2 -> 44651 | L90: =L$2 -> 45016 | M90: =M$2 -> 45382 | N90: =N$2 -> 45747 | O90: =O$2 -> 46112 | P90: =P$2 -> 46477 | Q90: =Q$2 -> 46843 | ... S90: =S$2 -> 47573 | U90: =U$2 -> PR24 Average | V90: =V$2 -> PR24 Total
C91: =INDEX(InpC!$G$57:$G$62,'Traffic Management Act'!F90,) -> CWW2_011TOT_PR24 | D91: =INDEX(InpC!$G$48:$G$53,'Traffic Management Act'!F90,) -> Location specific costs & obligations - Costs associated with Traffic Management Act - Total | G91: PR24
E92: Cost data before override
E94: £m, real
E95: =InpT!$F$8 -> 45016 | G95: prices
E97: =InpC!$E$25 -> Anglian Water | F97: =InpC!$F$25 -> ANH | G97: £m | J97: =SUMIFS('Consolidated Input'!F$6:F$209,'Consolidated Input'!$A$6:$A$209,$F97,'Consolidated Input'!$B$6:$B$209,$C$90)*J$10*Time!J$29 -> 0.18608224 | K97: =SUMIFS('Consolidated Input'!G$6:G$209,'Consolidated Input'!$A$6:$A$209,$F97,'Consolidated Input'!$B$6:$B$209,$C$90)*K$10*Time!K$29 -> 0.042981997 | L97: =SUMIFS('Consolidated Input'!H$6:H$209,'Consolidated Input'!$A$6:$A$209,$F97,'Consolidated Input'!$B$6:$B$209,$C$90)*L$10*Time!L$29 -> 0.082 | M97: =SUMIFS('Consolidated Input'!S$6:S$209,'Consolidated Input'!$A$6:$A$209,$F97,'Consolidated Input'!$B$6:$B$209,$C$91) -> 0.055899471 | N97: =SUMIFS('Consolidated Input'!T$6:T$209,'Consolidated Input'!$A$6:$A$209,$F97,'Consolidated Input'!$B$6:$B$209,$C$91) -> 0.080419552 | O97: =SUMIFS('Consolidated Input'!U$6:U$209,'Consolidated Input'!$A$6:$A$209,$F97,'Consolidated Input'!$B$6:$B$209,$C$91) -> 0.0837 | P97: =SUMIFS('Consolidated Input'!V$6:V$209,'Consolidated Input'!$A$6:$A$209,$F97,'Consolidated Input'!$B$6:$B$209,$C$91) -> 0.0837 | Q97: =SUMIFS('Consolidated Input'!W$6:W$209,'Consolidated Input'!$A$6:$A$209,$F97,'Consolidated Input'!$B$6:$B$209,$C$91) -> 0.0837 | R97: =SUMIFS('Consolidated Input'!X$6:X$209,'Consolidated Input'!$A$6:$A$209,$F97,'Consolidated Input'!$B$6:$B$209,$C$91) -> 0.0837 | S97: =SUMIFS('Consolidated Input'!Y$6:Y$209,'Consolidated Input'!$A$6:$A$209,$F97,'Consolidated Input'!$B$6:$B$209,$C$91) -> 0.0837 | U97: =IFERROR(AVERAGE(O97:S97),0) -> 0.0837 | V97: =SUM(O97:S97) -> 0.4185
E98: =InpC!$E$26 -> Dŵr Cymru | F98: =InpC!$F$26 -> WSH | G98: £m | J98: =SUMIFS('Consolidated Input'!F$6:F$209,'Consolidated Input'!$A$6:$A$209,$F98,'Consolidated Input'!$B$6:$B$209,$C$90)*J$10*Time!J$29 -> 0.036807477 | K98: =SUMIFS('Consolidated Input'!G$6:G$209,'Consolidated Input'!$A$6:$A$209,$F98,'Consolidated Input'!$B$6:$B$209,$C$90)*K$10*Time!K$29 -> 0 | L98: =SUMIFS('Consolidated Input'!H$6:H$209,'Consolidated Input'!$A$6:$A$209,$F98,'Consolidated Input'!$B$6:$B$209,$C$90)*L$10*Time!L$29 -> 0.093 | M98: =SUMIFS('Consolidated Input'!S$6:S$209,'Consolidated Input'!$A$6:$A$209,$F98,'Consolidated Input'!$B$6:$B$209,$C$91) -> 0.022 | N98: =SUMIFS('Consolidated Input'!T$6:T$209,'Consolidated Input'!$A$6:$A$209,$F98,'Consolidated Input'!$B$6:$B$209,$C$91) -> 0.044 | O98: =SUMIFS('Consolidated Input'!U$6:U$209,'Consolidated Input'!$A$6:$A$209,$F98,'Consolidated Input'!$B$6:$B$209,$C$91) -> 0.027 | P98: =SUMIFS('Consolidated Input'!V$6:V$209,'Consolidated Input'!$A$6:$A$209,$F98,'Consolidated Input'!$B$6:$B$209,$C$91) -> 0.025 | Q98: =SUMIFS('Consolidated Input'!W$6:W$209,'Consolidated Input'!$A$6:$A$209,$F98,'Consolidated Input'!$B$6:$B$209,$C$91) -> 0.025 | R98: =SUMIFS('Consolidated Input'!X$6:X$209,'Consolidated Input'!$A$6:$A$209,$F98,'Consolidated Input'!$B$6:$B$209,$C$91) -> 0.024 | S98: =SUMIFS('Consolidated Input'!Y$6:Y$209,'Consolidated Input'!$A$6:$A$209,$F98,'Consolidated Input'!$B$6:$B$209,$C$91) -> 0.024 | U98: =IFERROR(AVERAGE(O98:S98),0) -> 0.025 | V98: =SUM(O98:S98) -> 0.125
E99: =InpC!$E$27 -> Hafren Dyfrdwy | F99: =InpC!$F$27 -> HDD | G99: £m | J99: =SUMIFS('Consolidated Input'!F$6:F$209,'Consolidated Input'!$A$6:$A$209,$F99,'Consolidated Input'!$B$6:$B$209,$C$90)*J$10*Time!J$29 -> 0 | K99: =SUMIFS('Consolidated Input'!G$6:G$209,'Consolidated Input'!$A$6:$A$209,$F99,'Consolidated Input'!$B$6:$B$209,$C$90)*K$10*Time!K$29 -> 0 | L99: =SUMIFS('Consolidated Input'!H$6:H$209,'Consolidated Input'!$A$6:$A$209,$F99,'Consolidated Input'!$B$6:$B$209,$C$90)*L$10*Time!L$29 -> 0 | M99: =SUMIFS('Consolidated Input'!S$6:S$209,'Consolidated Input'!$A$6:$A$209,$F99,'Consolidated Input'!$B$6:$B$209,$C$91) -> 0 | N99: =SUMIFS('Consolidated Input'!T$6:T$209,'Consolidated Input'!$A$6:$A$209,$F99,'Consolidated Input'!$B$6:$B$209,$C$91) -> 0 | O99: =SUMIFS('Consolidated Input'!U$6:U$209,'Consolidated Input'!$A$6:$A$209,$F99,'Consolidated Input'!$B$6:$B$209,$C$91) -> 0 | P99: =SUMIFS('Consolidated Input'!V$6:V$209,'Consolidated Input'!$A$6:$A$209,$F99,'Consolidated Input'!$B$6:$B$209,$C$91) -> 0 | Q99: =SUMIFS('Consolidated Input'!W$6:W$209,'Consolidated Input'!$A$6:$A$209,$F99,'Consolidated Input'!$B$6:$B$209,$C$91) -> 0 | R99: =SUMIFS('Consolidated Input'!X$6:X$209,'Consolidated Input'!$A$6:$A$209,$F99,'Consolidated Input'!$B$6:$B$209,$C$91) -> 0 | S99: =SUMIFS('Consolidated Input'!Y$6:Y$209,'Consolidated Input'!$A$6:$A$209,$F99,'Consolidated Input'!$B$6:$B$209,$C$91) -> 0 | U99: =IFERROR(AVERAGE(O99:S99),0) -> 0 | V99: =SUM(O99:S99) -> 0
E100: =InpC!$E$28 -> Northumbrian Water | F100: =InpC!$F$28 -> NES | G100: £m | J100: =SUMIFS('Consolidated Input'!F$6:F$209,'Consolidated Input'!$A$6:$A$209,$F100,'Consolidated Input'!$B$6:$B$209,$C$90)*J$10*Time!J$29 -> 0.13087103 | K100: =SUMIFS('Consolidated Input'!G$6:G$209,'Consolidated Input'!$A$6:$A$209,$F100,'Consolidated Input'!$B$6:$B$209,$C$90)*K$10*Time!K$29 -> 0.03425046 | L100: =SUMIFS('Consolidated Input'!H$6:H$209,'Consolidated Input'!$A$6:$A$209,$F100,'Consolidated Input'!$B$6:$B$209,$C$90)*L$10*Time!L$29 -> 0.021 | M100: =SUMIFS('Consolidated Input'!S$6:S$209,'Consolidated Input'!$A$6:$A$209,$F100,'Consolidated Input'!$B$6:$B$209,$C$91) -> 0.014211692 | N100: =SUMIFS('Consolidated Input'!T$6:T$209,'Consolidated Input'!$A$6:$A$209,$F100,'Consolidated Input'!$B$6:$B$209,$C$91) -> 0.021 | O100: =SUMIFS('Consolidated Input'!U$6:U$209,'Consolidated Input'!$A$6:$A$209,$F100,'Consolidated Input'!$B$6:$B$209,$C$91) -> 0.021 | P100: =SUMIFS('Consolidated Input'!V$6:V$209,'Consolidated Input'!$A$6:$A$209,$F100,'Consolidated Input'!$B$6:$B$209,$C$91) -> 0.021 | Q100: =SUMIFS('Consolidated Input'!W$6:W$209,'Consolidated Input'!$A$6:$A$209,$F100,'Consolidated Input'!$B$6:$B$209,$C$91) -> 0.021 | R100: =SUMIFS('Consolidated Input'!X$6:X$209,'Consolidated Input'!$A$6:$A$209,$F100,'Consolidated Input'!$B$6:$B$209,$C$91) -> 0.021 | S100: =SUMIFS('Consolidated Input'!Y$6:Y$209,'Consolidated Input'!$A$6:$A$209,$F100,'Consolidated Input'!$B$6:$B$209,$C$91) -> 0.021 | U100: =IFERROR(AVERAGE(O100:S100),0) -> 0.021 | V100: =SUM(O100:S100) -> 0.105
E101: =InpC!$E$29 -> Severn Trent Water | F101: =InpC!$F$29 -> SVE | G101: £m | J101: =SUMIFS('Consolidated Input'!F$6:F$209,'Consolidated Input'!$A$6:$A$209,$F101,'Consolidated Input'!$B$6:$B$209,$C$90)*J$10*Time!J$29 -> 0.074637383 | K101: =SUMIFS('Consolidated Input'!G$6:G$209,'Consolidated Input'!$A$6:$A$209,$F101,'Consolidated Input'!$B$6:$B$209,$C$90)*K$10*Time!K$29 -> 0.192407 | L101: =SUMIFS('Consolidated Input'!H$6:H$209,'Consolidated Input'!$A$6:$A$209,$F101,'Consolidated Input'!$B$6:$B$209,$C$90)*L$10*Time!L$29 -> 0.052 | M101: =SUMIFS('Consolidated Input'!S$6:S$209,'Consolidated Input'!$A$6:$A$209,$F101,'Consolidated Input'!$B$6:$B$209,$C$91) -> 0.21911625 | N101: =SUMIFS('Consolidated Input'!T$6:T$209,'Consolidated Input'!$A$6:$A$209,$F101,'Consolidated Input'!$B$6:$B$209,$C$91) -> 0.22045042 | O101: =SUMIFS('Consolidated Input'!U$6:U$209,'Consolidated Input'!$A$6:$A$209,$F101,'Consolidated Input'!$B$6:$B$209,$C$91) -> 0.22179271 | P101: =SUMIFS('Consolidated Input'!V$6:V$209,'Consolidated Input'!$A$6:$A$209,$F101,'Consolidated Input'!$B$6:$B$209,$C$91) -> 0.22314317 | Q101: =SUMIFS('Consolidated Input'!W$6:W$209,'Consolidated Input'!$A$6:$A$209,$F101,'Consolidated Input'!$B$6:$B$209,$C$91) -> 0.22450186 | R101: =SUMIFS('Consolidated Input'!X$6:X$209,'Consolidated Input'!$A$6:$A$209,$F101,'Consolidated Input'!$B$6:$B$209,$C$91) -> 0.22586881 | S101: =SUMIFS('Consolidated Input'!Y$6:Y$209,'Consolidated Input'!$A$6:$A$209,$F101,'Consolidated Input'!$B$6:$B$209,$C$91) -> 0.2272441 | U101: =IFERROR(AVERAGE(O101:S101),0) -> 0.22451013 | V101: =SUM(O101:S101) -> 1.1225506
E102: =InpC!$E$30 -> Southern Water | F102: =InpC!$F$30 -> SRN | G102: £m | J102: =SUMIFS('Consolidated Input'!F$6:F$209,'Consolidated Input'!$A$6:$A$209,$F102,'Consolidated Input'!$B$6:$B$209,$C$90)*J$10*Time!J$29 -> 0.13496075 | K102: =SUMIFS('Consolidated Input'!G$6:G$209,'Consolidated Input'!$A$6:$A$209,$F102,'Consolidated Input'!$B$6:$B$209,$C$90)*K$10*Time!K$29 -> 0.12491344 | L102: =SUMIFS('Consolidated Input'!H$6:H$209,'Consolidated Input'!$A$6:$A$209,$F102,'Consolidated Input'!$B$6:$B$209,$C$90)*L$10*Time!L$29 -> 0.165 | M102: =SUMIFS('Consolidated Input'!S$6:S$209,'Consolidated Input'!$A$6:$A$209,$F102,'Consolidated Input'!$B$6:$B$209,$C$91) -> 0.169 | N102: =SUMIFS('Consolidated Input'!T$6:T$209,'Consolidated Input'!$A$6:$A$209,$F102,'Consolidated Input'!$B$6:$B$209,$C$91) -> 0.259 | O102: =SUMIFS('Consolidated Input'!U$6:U$209,'Consolidated Input'!$A$6:$A$209,$F102,'Consolidated Input'!$B$6:$B$209,$C$91) -> 0.25952052 | P102: =SUMIFS('Consolidated Input'!V$6:V$209,'Consolidated Input'!$A$6:$A$209,$F102,'Consolidated Input'!$B$6:$B$209,$C$91) -> 0.25952052 | Q102: =SUMIFS('Consolidated Input'!W$6:W$209,'Consolidated Input'!$A$6:$A$209,$F102,'Consolidated Input'!$B$6:$B$209,$C$91) -> 0.25952052 | R102: =SUMIFS('Consolidated Input'!X$6:X$209,'Consolidated Input'!$A$6:$A$209,$F102,'Consolidated Input'!$B$6:$B$209,$C$91) -> 0.25952052 | S102: =SUMIFS('Consolidated Input'!Y$6:Y$209,'Consolidated Input'!$A$6:$A$209,$F102,'Consolidated Input'!$B$6:$B$209,$C$91) -> 0.25952052 | U102: =IFERROR(AVERAGE(O102:S102),0) -> 0.25952052 | V102: =SUM(O102:S102) -> 1.2976026
E103: =InpC!$E$31 -> Thames Water | F103: =InpC!$F$31 -> TMS | G103: £m | J103: =SUMIFS('Consolidated Input'!F$6:F$209,'Consolidated Input'!$A$6:$A$209,$F103,'Consolidated Input'!$B$6:$B$209,$C$90)*J$10*Time!J$29 -> 1.4477607 | K103: =SUMIFS('Consolidated Input'!G$6:G$209,'Consolidated Input'!$A$6:$A$209,$F103,'Consolidated Input'!$B$6:$B$209,$C$90)*K$10*Time!K$29 -> 2.3360829 | L103: =SUMIFS('Consolidated Input'!H$6:H$209,'Consolidated Input'!$A$6:$A$209,$F103,'Consolidated Input'!$B$6:$B$209,$C$90)*L$10*Time!L$29 -> 0.649 | M103: =SUMIFS('Consolidated Input'!S$6:S$209,'Consolidated Input'!$A$6:$A$209,$F103,'Consolidated Input'!$B$6:$B$209,$C$91) -> 0.96489564 | N103: =SUMIFS('Consolidated Input'!T$6:T$209,'Consolidated Input'!$A$6:$A$209,$F103,'Consolidated Input'!$B$6:$B$209,$C$91) -> 0.55 | O103: =SUMIFS('Consolidated Input'!U$6:U$209,'Consolidated Input'!$A$6:$A$209,$F103,'Consolidated Input'!$B$6:$B$209,$C$91) -> 0.564 | P103: =SUMIFS('Consolidated Input'!V$6:V$209,'Consolidated Input'!$A$6:$A$209,$F103,'Consolidated Input'!$B$6:$B$209,$C$91) -> 0.564 | Q103: =SUMIFS('Consolidated Input'!W$6:W$209,'Consolidated Input'!$A$6:$A$209,$F103,'Consolidated Input'!$B$6:$B$209,$C$91) -> 0.564 | R103: =SUMIFS('Consolidated Input'!X$6:X$209,'Consolidated Input'!$A$6:$A$209,$F103,'Consolidated Input'!$B$6:$B$209,$C$91) -> 0.551 | S103: =SUMIFS('Consolidated Input'!Y$6:Y$209,'Consolidated Input'!$A$6:$A$209,$F103,'Consolidated Input'!$B$6:$B$209,$C$91) -> 0.551 | U103: =IFERROR(AVERAGE(O103:S103),0) -> 0.5588 | V103: =SUM(O103:S103) -> 2.794
E104: =InpC!$E$32 -> United Utilities | F104: =InpC!$F$32 -> NWT | G104: £m | J104: =SUMIFS('Consolidated Input'!F$6:F$209,'Consolidated Input'!$A$6:$A$209,$F104,'Consolidated Input'!$B$6:$B$209,$C$90)*J$10*Time!J$29 -> 0.28560212 | K104: =SUMIFS('Consolidated Input'!G$6:G$209,'Consolidated Input'!$A$6:$A$209,$F104,'Consolidated Input'!$B$6:$B$209,$C$90)*K$10*Time!K$29 -> 0.48528858 | L104: =SUMIFS('Consolidated Input'!H$6:H$209,'Consolidated Input'!$A$6:$A$209,$F104,'Consolidated Input'!$B$6:$B$209,$C$90)*L$10*Time!L$29 -> 0.64722938 | M104: =SUMIFS('Consolidated Input'!S$6:S$209,'Consolidated Input'!$A$6:$A$209,$F104,'Consolidated Input'!$B$6:$B$209,$C$91) -> 0.50096219 | N104: =SUMIFS('Consolidated Input'!T$6:T$209,'Consolidated Input'!$A$6:$A$209,$F104,'Consolidated Input'!$B$6:$B$209,$C$91) -> 0.36829385 | O104: =SUMIFS('Consolidated Input'!U$6:U$209,'Consolidated Input'!$A$6:$A$209,$F104,'Consolidated Input'!$B$6:$B$209,$C$91) -> 0.36827091 | P104: =SUMIFS('Consolidated Input'!V$6:V$209,'Consolidated Input'!$A$6:$A$209,$F104,'Consolidated Input'!$B$6:$B$209,$C$91) -> 0.36827091 | Q104: =SUMIFS('Consolidated Input'!W$6:W$209,'Consolidated Input'!$A$6:$A$209,$F104,'Consolidated Input'!$B$6:$B$209,$C$91) -> 0.36827091 | R104: =SUMIFS('Consolidated Input'!X$6:X$209,'Consolidated Input'!$A$6:$A$209,$F104,'Consolidated Input'!$B$6:$B$209,$C$91) -> 0.36827091 | S104: =SUMIFS('Consolidated Input'!Y$6:Y$209,'Consolidated Input'!$A$6:$A$209,$F104,'Consolidated Input'!$B$6:$B$209,$C$91) -> 0.36827091 | U104: =IFERROR(AVERAGE(O104:S104),0) -> 0.36827091 | V104: =SUM(O104:S104) -> 1.8413545
E105: =InpC!$E$33 -> Wessex Water | F105: =InpC!$F$33 -> WSX | G105: £m | J105: =SUMIFS('Consolidated Input'!F$6:F$209,'Consolidated Input'!$A$6:$A$209,$F105,'Consolidated Input'!$B$6:$B$209,$C$90)*J$10*Time!J$29 -> 0.0098964058 | K105: =SUMIFS('Consolidated Input'!G$6:G$209,'Consolidated Input'!$A$6:$A$209,$F105,'Consolidated Input'!$B$6:$B$209,$C$90)*K$10*Time!K$29 -> 0.019139963 | L105: =SUMIFS('Consolidated Input'!H$6:H$209,'Consolidated Input'!$A$6:$A$209,$F105,'Consolidated Input'!$B$6:$B$209,$C$90)*L$10*Time!L$29 -> 0.026 | M105: =SUMIFS('Consolidated Input'!S$6:S$209,'Consolidated Input'!$A$6:$A$209,$F105,'Consolidated Input'!$B$6:$B$209,$C$91) -> 0.019896368 | N105: =SUMIFS('Consolidated Input'!T$6:T$209,'Consolidated Input'!$A$6:$A$209,$F105,'Consolidated Input'!$B$6:$B$209,$C$91) -> 0 | O105: =SUMIFS('Consolidated Input'!U$6:U$209,'Consolidated Input'!$A$6:$A$209,$F105,'Consolidated Input'!$B$6:$B$209,$C$91) -> 0 | P105: =SUMIFS('Consolidated Input'!V$6:V$209,'Consolidated Input'!$A$6:$A$209,$F105,'Consolidated Input'!$B$6:$B$209,$C$91) -> 0 | Q105: =SUMIFS('Consolidated Input'!W$6:W$209,'Consolidated Input'!$A$6:$A$209,$F105,'Consolidated Input'!$B$6:$B$209,$C$91) -> 0 | R105: =SUMIFS('Consolidated Input'!X$6:X$209,'Consolidated Input'!$A$6:$A$209,$F105,'Consolidated Input'!$B$6:$B$209,$C$91) -> 0 | S105: =SUMIFS('Consolidated Input'!Y$6:Y$209,'Consolidated Input'!$A$6:$A$209,$F105,'Consolidated Input'!$B$6:$B$209,$C$91) -> 0 | U105: =IFERROR(AVERAGE(O105:S105),0) -> 0 | V105: =SUM(O105:S105) -> 0
E106: =InpC!$E$34 -> Yorkshire Water | F106: =InpC!$F$34 -> YKY | G106: £m | J106: =SUMIFS('Consolidated Input'!F$6:F$209,'Consolidated Input'!$A$6:$A$209,$F106,'Consolidated Input'!$B$6:$B$209,$C$90)*J$10*Time!J$29 -> 0.30468411 | K106: =SUMIFS('Consolidated Input'!G$6:G$209,'Consolidated Input'!$A$6:$A$209,$F106,'Consolidated Input'!$B$6:$B$209,$C$90)*K$10*Time!K$29 -> 0.16722284 | L106: =SUMIFS('Consolidated Input'!H$6:H$209,'Consolidated Input'!$A$6:$A$209,$F106,'Consolidated Input'!$B$6:$B$209,$C$90)*L$10*Time!L$29 -> 0.13171905 | M106: =SUMIFS('Consolidated Input'!S$6:S$209,'Consolidated Input'!$A$6:$A$209,$F106,'Consolidated Input'!$B$6:$B$209,$C$91) -> 0.22518463 | N106: =SUMIFS('Consolidated Input'!T$6:T$209,'Consolidated Input'!$A$6:$A$209,$F106,'Consolidated Input'!$B$6:$B$209,$C$91) -> 0.20161124 | O106: =SUMIFS('Consolidated Input'!U$6:U$209,'Consolidated Input'!$A$6:$A$209,$F106,'Consolidated Input'!$B$6:$B$209,$C$91) -> 0.14370484 | P106: =SUMIFS('Consolidated Input'!V$6:V$209,'Consolidated Input'!$A$6:$A$209,$F106,'Consolidated Input'!$B$6:$B$209,$C$91) -> 0.14370484 | Q106: =SUMIFS('Consolidated Input'!W$6:W$209,'Consolidated Input'!$A$6:$A$209,$F106,'Consolidated Input'!$B$6:$B$209,$C$91) -> 0.14370484 | R106: =SUMIFS('Consolidated Input'!X$6:X$209,'Consolidated Input'!$A$6:$A$209,$F106,'Consolidated Input'!$B$6:$B$209,$C$91) -> 0.14370484 | S106: =SUMIFS('Consolidated Input'!Y$6:Y$209,'Consolidated Input'!$A$6:$A$209,$F106,'Consolidated Input'!$B$6:$B$209,$C$91) -> 0.14370484 | U106: =IFERROR(AVERAGE(O106:S106),0) -> 0.14370484 | V106: =SUM(O106:S106) -> 0.71852421
E107: =InpC!$E$35 -> Affinity Water | F107: =InpC!$F$35 -> AFW | G107: £m | J107: =SUMIFS('Consolidated Input'!F$6:F$209,'Consolidated Input'!$A$6:$A$209,$F107,'Consolidated Input'!$B$6:$B$209,$C$90)*J$10*Time!J$29 -> 0 | K107: =SUMIFS('Consolidated Input'!G$6:G$209,'Consolidated Input'!$A$6:$A$209,$F107,'Consolidated Input'!$B$6:$B$209,$C$90)*K$10*Time!K$29 -> 0 | L107: =SUMIFS('Consolidated Input'!H$6:H$209,'Consolidated Input'!$A$6:$A$209,$F107,'Consolidated Input'!$B$6:$B$209,$C$90)*L$10*Time!L$29 -> 0 | M107: =SUMIFS('Consolidated Input'!S$6:S$209,'Consolidated Input'!$A$6:$A$209,$F107,'Consolidated Input'!$B$6:$B$209,$C$91) -> 0 | N107: =SUMIFS('Consolidated Input'!T$6:T$209,'Consolidated Input'!$A$6:$A$209,$F107,'Consolidated Input'!$B$6:$B$209,$C$91) -> 0 | O107: =SUMIFS('Consolidated Input'!U$6:U$209,'Consolidated Input'!$A$6:$A$209,$F107,'Consolidated Input'!$B$6:$B$209,$C$91) -> 0 | P107: =SUMIFS('Consolidated Input'!V$6:V$209,'Consolidated Input'!$A$6:$A$209,$F107,'Consolidated Input'!$B$6:$B$209,$C$91) -> 0 | Q107: =SUMIFS('Consolidated Input'!W$6:W$209,'Consolidated Input'!$A$6:$A$209,$F107,'Consolidated Input'!$B$6:$B$209,$C$91) -> 0 | R107: =SUMIFS('Consolidated Input'!X$6:X$209,'Consolidated Input'!$A$6:$A$209,$F107,'Consolidated Input'!$B$6:$B$209,$C$91) -> 0 | S107: =SUMIFS('Consolidated Input'!Y$6:Y$209,'Consolidated Input'!$A$6:$A$209,$F107,'Consolidated Input'!$B$6:$B$209,$C$91) -> 0 | U107: =IFERROR(AVERAGE(O107:S107),0) -> 0 | V107: =SUM(O107:S107) -> 0
E108: =InpC!$E$36 -> Portsmouth Water | F108: =InpC!$F$36 -> PRT | G108: £m | J108: =SUMIFS('Consolidated Input'!F$6:F$209,'Consolidated Input'!$A$6:$A$209,$F108,'Consolidated Input'!$B$6:$B$209,$C$90)*J$10*Time!J$29 -> 0 | K108: =SUMIFS('Consolidated Input'!G$6:G$209,'Consolidated Input'!$A$6:$A$209,$F108,'Consolidated Input'!$B$6:$B$209,$C$90)*K$10*Time!K$29 -> 0 | L108: =SUMIFS('Consolidated Input'!H$6:H$209,'Consolidated Input'!$A$6:$A$209,$F108,'Consolidated Input'!$B$6:$B$209,$C$90)*L$10*Time!L$29 -> 0 | M108: =SUMIFS('Consolidated Input'!S$6:S$209,'Consolidated Input'!$A$6:$A$209,$F108,'Consolidated Input'!$B$6:$B$209,$C$91) -> 0 | N108: =SUMIFS('Consolidated Input'!T$6:T$209,'Consolidated Input'!$A$6:$A$209,$F108,'Consolidated Input'!$B$6:$B$209,$C$91) -> 0 | O108: =SUMIFS('Consolidated Input'!U$6:U$209,'Consolidated Input'!$A$6:$A$209,$F108,'Consolidated Input'!$B$6:$B$209,$C$91) -> 0 | P108: =SUMIFS('Consolidated Input'!V$6:V$209,'Consolidated Input'!$A$6:$A$209,$F108,'Consolidated Input'!$B$6:$B$209,$C$91) -> 0 | Q108: =SUMIFS('Consolidated Input'!W$6:W$209,'Consolidated Input'!$A$6:$A$209,$F108,'Consolidated Input'!$B$6:$B$209,$C$91) -> 0 | R108: =SUMIFS('Consolidated Input'!X$6:X$209,'Consolidated Input'!$A$6:$A$209,$F108,'Consolidated Input'!$B$6:$B$209,$C$91) -> 0 | S108: =SUMIFS('Consolidated Input'!Y$6:Y$209,'Consolidated Input'!$A$6:$A$209,$F108,'Consolidated Input'!$B$6:$B$209,$C$91) -> 0 | U108: =IFERROR(AVERAGE(O108:S108),0) -> 0 | V108: =SUM(O108:S108) -> 0
E109: =InpC!$E$37 -> South East Water | F109: =InpC!$F$37 -> SEW | G109: £m | J109: =SUMIFS('Consolidated Input'!F$6:F$209,'Consolidated Input'!$A$6:$A$209,$F109,'Consolidated Input'!$B$6:$B$209,$C$90)*J$10*Time!J$29 -> 0 | K109: =SUMIFS('Consolidated Input'!G$6:G$209,'Consolidated Input'!$A$6:$A$209,$F109,'Consolidated Input'!$B$6:$B$209,$C$90)*K$10*Time!K$29 -> 0 | L109: =SUMIFS('Consolidated Input'!H$6:H$209,'Consolidated Input'!$A$6:$A$209,$F109,'Consolidated Input'!$B$6:$B$209,$C$90)*L$10*Time!L$29 -> 0 | M109: =SUMIFS('Consolidated Input'!S$6:S$209,'Consolidated Input'!$A$6:$A$209,$F109,'Consolidated Input'!$B$6:$B$209,$C$91) -> 0 | N109: =SUMIFS('Consolidated Input'!T$6:T$209,'Consolidated Input'!$A$6:$A$209,$F109,'Consolidated Input'!$B$6:$B$209,$C$91) -> 0 | O109: =SUMIFS('Consolidated Input'!U$6:U$209,'Consolidated Input'!$A$6:$A$209,$F109,'Consolidated Input'!$B$6:$B$209,$C$91) -> 0 | P109: =SUMIFS('Consolidated Input'!V$6:V$209,'Consolidated Input'!$A$6:$A$209,$F109,'Consolidated Input'!$B$6:$B$209,$C$91) -> 0 | Q109: =SUMIFS('Consolidated Input'!W$6:W$209,'Consolidated Input'!$A$6:$A$209,$F109,'Consolidated Input'!$B$6:$B$209,$C$91) -> 0 | R109: =SUMIFS('Consolidated Input'!X$6:X$209,'Consolidated Input'!$A$6:$A$209,$F109,'Consolidated Input'!$B$6:$B$209,$C$91) -> 0 | S109: =SUMIFS('Consolidated Input'!Y$6:Y$209,'Consolidated Input'!$A$6:$A$209,$F109,'Consolidated Input'!$B$6:$B$209,$C$91) -> 0 | U109: =IFERROR(AVERAGE(O109:S109),0) -> 0 | V109: =SUM(O109:S109) -> 0
E110: =InpC!$E$38 -> South Staffs Water | F110: =InpC!$F$38 -> SSC | G110: £m | J110: =SUMIFS('Consolidated Input'!F$6:F$209,'Consolidated Input'!$A$6:$A$209,$F110,'Consolidated Input'!$B$6:$B$209,$C$90)*J$10*Time!J$29 -> 0 | K110: =SUMIFS('Consolidated Input'!G$6:G$209,'Consolidated Input'!$A$6:$A$209,$F110,'Consolidated Input'!$B$6:$B$209,$C$90)*K$10*Time!K$29 -> 0 | L110: =SUMIFS('Consolidated Input'!H$6:H$209,'Consolidated Input'!$A$6:$A$209,$F110,'Consolidated Input'!$B$6:$B$209,$C$90)*L$10*Time!L$29 -> 0 | M110: =SUMIFS('Consolidated Input'!S$6:S$209,'Consolidated Input'!$A$6:$A$209,$F110,'Consolidated Input'!$B$6:$B$209,$C$91) -> 0 | N110: =SUMIFS('Consolidated Input'!T$6:T$209,'Consolidated Input'!$A$6:$A$209,$F110,'Consolidated Input'!$B$6:$B$209,$C$91) -> 0 | O110: =SUMIFS('Consolidated Input'!U$6:U$209,'Consolidated Input'!$A$6:$A$209,$F110,'Consolidated Input'!$B$6:$B$209,$C$91) -> 0 | P110: =SUMIFS('Consolidated Input'!V$6:V$209,'Consolidated Input'!$A$6:$A$209,$F110,'Consolidated Input'!$B$6:$B$209,$C$91) -> 0 | Q110: =SUMIFS('Consolidated Input'!W$6:W$209,'Consolidated Input'!$A$6:$A$209,$F110,'Consolidated Input'!$B$6:$B$209,$C$91) -> 0 | R110: =SUMIFS('Consolidated Input'!X$6:X$209,'Consolidated Input'!$A$6:$A$209,$F110,'Consolidated Input'!$B$6:$B$209,$C$91) -> 0 | S110: =SUMIFS('Consolidated Input'!Y$6:Y$209,'Consolidated Input'!$A$6:$A$209,$F110,'Consolidated Input'!$B$6:$B$209,$C$91) -> 0 | U110: =IFERROR(AVERAGE(O110:S110),0) -> 0 | V110: =SUM(O110:S110) -> 0
E111: =InpC!$E$39 -> SES Water | F111: =InpC!$F$39 -> SES | G111: £m | J111: =SUMIFS('Consolidated Input'!F$6:F$209,'Consolidated Input'!$A$6:$A$209,$F111,'Consolidated Input'!$B$6:$B$209,$C$90)*J$10*Time!J$29 -> 0 | K111: =SUMIFS('Consolidated Input'!G$6:G$209,'Consolidated Input'!$A$6:$A$209,$F111,'Consolidated Input'!$B$6:$B$209,$C$90)*K$10*Time!K$29 -> 0 | L111: =SUMIFS('Consolidated Input'!H$6:H$209,'Consolidated Input'!$A$6:$A$209,$F111,'Consolidated Input'!$B$6:$B$209,$C$90)*L$10*Time!L$29 -> 0 | M111: =SUMIFS('Consolidated Input'!S$6:S$209,'Consolidated Input'!$A$6:$A$209,$F111,'Consolidated Input'!$B$6:$B$209,$C$91) -> 0 | N111: =SUMIFS('Consolidated Input'!T$6:T$209,'Consolidated Input'!$A$6:$A$209,$F111,'Consolidated Input'!$B$6:$B$209,$C$91) -> 0 | O111: =SUMIFS('Consolidated Input'!U$6:U$209,'Consolidated Input'!$A$6:$A$209,$F111,'Consolidated Input'!$B$6:$B$209,$C$91) -> 0 | P111: =SUMIFS('Consolidated Input'!V$6:V$209,'Consolidated Input'!$A$6:$A$209,$F111,'Consolidated Input'!$B$6:$B$209,$C$91) -> 0 | Q111: =SUMIFS('Consolidated Input'!W$6:W$209,'Consolidated Input'!$A$6:$A$209,$F111,'Consolidated Input'!$B$6:$B$209,$C$91) -> 0 | R111: =SUMIFS('Consolidated Input'!X$6:X$209,'Consolidated Input'!$A$6:$A$209,$F111,'Consolidated Input'!$B$6:$B$209,$C$91) -> 0 | S111: =SUMIFS('Consolidated Input'!Y$6:Y$209,'Consolidated Input'!$A$6:$A$209,$F111,'Consolidated Input'!$B$6:$B$209,$C$91) -> 0 | U111: =IFERROR(AVERAGE(O111:S111),0) -> 0 | V111: =SUM(O111:S111) -> 0
E112: =InpC!$E$40 -> South West Water | F112: =InpC!$F$40 -> SWB | G112: £m | J112: =SUMIFS('Consolidated Input'!F$6:F$209,'Consolidated Input'!$A$6:$A$209,$F112,'Consolidated Input'!$B$6:$B$209,$C$90)*J$10*Time!J$29 -> 0 | K112: =SUMIFS('Consolidated Input'!G$6:G$209,'Consolidated Input'!$A$6:$A$209,$F112,'Consolidated Input'!$B$6:$B$209,$C$90)*K$10*Time!K$29 -> 0.0080589319 | L112: =SUMIFS('Consolidated Input'!H$6:H$209,'Consolidated Input'!$A$6:$A$209,$F112,'Consolidated Input'!$B$6:$B$209,$C$90)*L$10*Time!L$29 -> 0.003 | M112: =SUMIFS('Consolidated Input'!S$6:S$209,'Consolidated Input'!$A$6:$A$209,$F112,'Consolidated Input'!$B$6:$B$209,$C$91) -> 0 | N112: =SUMIFS('Consolidated Input'!T$6:T$209,'Consolidated Input'!$A$6:$A$209,$F112,'Consolidated Input'!$B$6:$B$209,$C$91) -> 0.003 | O112: =SUMIFS('Consolidated Input'!U$6:U$209,'Consolidated Input'!$A$6:$A$209,$F112,'Consolidated Input'!$B$6:$B$209,$C$91) -> 0 | P112: =SUMIFS('Consolidated Input'!V$6:V$209,'Consolidated Input'!$A$6:$A$209,$F112,'Consolidated Input'!$B$6:$B$209,$C$91) -> 0 | Q112: =SUMIFS('Consolidated Input'!W$6:W$209,'Consolidated Input'!$A$6:$A$209,$F112,'Consolidated Input'!$B$6:$B$209,$C$91) -> 0 | R112: =SUMIFS('Consolidated Input'!X$6:X$209,'Consolidated Input'!$A$6:$A$209,$F112,'Consolidated Input'!$B$6:$B$209,$C$91) -> 0 | S112: =SUMIFS('Consolidated Input'!Y$6:Y$209,'Consolidated Input'!$A$6:$A$209,$F112,'Consolidated Input'!$B$6:$B$209,$C$91) -> 0 | U112: =IFERROR(AVERAGE(O112:S112),0) -> 0 | V112: =SUM(O112:S112) -> 0
E113: =InpC!$E$41 -> Bristol Water | F113: =InpC!$F$41 -> BRL | G113: £m | J113: =SUMIFS('Consolidated Input'!F$6:F$209,'Consolidated Input'!$A$6:$A$209,$F113,'Consolidated Input'!$B$6:$B$209,$C$90)*J$10*Time!J$29 -> 0 | K113: =SUMIFS('Consolidated Input'!G$6:G$209,'Consolidated Input'!$A$6:$A$209,$F113,'Consolidated Input'!$B$6:$B$209,$C$90)*K$10*Time!K$29 -> 0 | L113: =SUMIFS('Consolidated Input'!H$6:H$209,'Consolidated Input'!$A$6:$A$209,$F113,'Consolidated Input'!$B$6:$B$209,$C$90)*L$10*Time!L$29 -> 0 | M113: =SUMIFS('Consolidated Input'!S$6:S$209,'Consolidated Input'!$A$6:$A$209,$F113,'Consolidated Input'!$B$6:$B$209,$C$91) -> 0 | N113: =SUMIFS('Consolidated Input'!T$6:T$209,'Consolidated Input'!$A$6:$A$209,$F113,'Consolidated Input'!$B$6:$B$209,$C$91) -> 0 | O113: =SUMIFS('Consolidated Input'!U$6:U$209,'Consolidated Input'!$A$6:$A$209,$F113,'Consolidated Input'!$B$6:$B$209,$C$91) -> 0 | P113: =SUMIFS('Consolidated Input'!V$6:V$209,'Consolidated Input'!$A$6:$A$209,$F113,'Consolidated Input'!$B$6:$B$209,$C$91) -> 0 | Q113: =SUMIFS('Consolidated Input'!W$6:W$209,'Consolidated Input'!$A$6:$A$209,$F113,'Consolidated Input'!$B$6:$B$209,$C$91) -> 0 | R113: =SUMIFS('Consolidated Input'!X$6:X$209,'Consolidated Input'!$A$6:$A$209,$F113,'Consolidated Input'!$B$6:$B$209,$C$91) -> 0 | S113: =SUMIFS('Consolidated Input'!Y$6:Y$209,'Consolidated Input'!$A$6:$A$209,$F113,'Consolidated Input'!$B$6:$B$209,$C$91) -> 0 | U113: =IFERROR(AVERAGE(O113:S113),0) -> 0 | V113: =SUM(O113:S113) -> 0
...

Sheet TMA Projects
A1: =RIGHT(CELL("filename", A1), LEN(CELL("filename", A1)) - SEARCH("]", CELL("filename", A1))) -> TMA Projects
E2: =Time!E2 -> Model period ending | G2: Error chks | H2: =#REF! -> #REF! | J2: =Time!J2 -> 44286 | K2: =Time!K2 -> 44651 | L2: =Time!L2 -> 45016 | M2: =Time!M2 -> 45382 | N2: =Time!N2 -> 45747 | O2: =Time!O2 -> 46112 | P2: =Time!P2 -> 46477 | Q2: =Time!Q2 -> 46843 | ... S2: =Time!S2 -> 47573 | U2: PR24 Average | V2: PR24 Total
E3: =Time!E3 -> Timeline label | J3: =Time!J3 -> APR | K3: =Time!K3 -> APR | L3: =Time!L3 -> APR | M3: =Time!M3 -> PR24 | N3: =Time!N3 -> PR24 | O3: =Time!O3 -> PR24 | P3: =Time!P3 -> PR24 | Q3: =Time!Q3 -> PR24 | ... S3: =Time!S3 -> PR24 | U3: =Time!U3 -> 0 | V3: =Time!V3 -> 0
E4: =Time!E4 -> Model column counter | F4: Constant | G4: Unit | H4: Total | J4: =Time!J4 -> 1 | K4: =Time!K4 -> 2 | L4: =Time!L4 -> 3 | M4: =Time!M4 -> 4 | N4: =Time!N4 -> 5 | O4: =Time!O4 -> 6 | P4: =Time!P4 -> 7 | Q4: =Time!Q4 -> 8 | ... S4: =Time!S4 -> 10
J5: ='Consolidated Input'!F2 -> Cyclical | K5: ='Consolidated Input'!G2 -> Cyclical | L5: ='Consolidated Input'!H2 -> Cyclical | M5: ='Consolidated Input'!P2 -> Price Review 2024 | N5: ='Consolidated Input'!Q2 -> Price Review 2024 | O5: ='Consolidated Input'!R2 -> Price Review 2024 | P5: ='Consolidated Input'!S2 -> Price Review 2024 | Q5: ='Consolidated Input'!T2 -> Price Review 2024 | R5: ='Consolidated Input'!U2 -> Price Review 2024 | S5: ='Consolidated Input'!V2 -> Price Review 2024
J6: ='Consolidated Input'!F3 -> Default for Cyclical base run | K6: ='Consolidated Input'!G3 -> Default for Cyclical base run | L6: ='Consolidated Input'!H3 -> Default for Cyclical base run | M6: ='Consolidated Input'!P3 -> Default for Price Review 2024 base run | N6: ='Consolidated Input'!Q3 -> Default for Price Review 2024 base run | O6: ='Consolidated Input'!R3 -> Default for Price Review 2024 base run | P6: ='Consolidated Input'!S3 -> Default for Price Review 2024 base run | Q6: ='Consolidated Input'!T3 -> Default for Price Review 2024 base run | R6: ='Consolidated Input'!U3 -> Default for Price Review 2024 base run | S6: ='Consolidated Input'!V3 -> Default for Price Review 2024 base run
J7: ='Consolidated Input'!F4 -> Latest | K7: ='Consolidated Input'!G4 -> Latest | L7: ='Consolidated Input'!H4 -> Latest | M7: ='Consolidated Input'!P4 -> Latest | N7: ='Consolidated Input'!Q4 -> Latest | O7: ='Consolidated Input'!R4 -> Latest | P7: ='Consolidated Input'!S4 -> Latest | Q7: ='Consolidated Input'!T4 -> Latest | R7: ='Consolidated Input'!U4 -> Latest | S7: ='Consolidated Input'!V4 -> Latest
C9: =InpC!$F$50 -> W3040TOT | D9: =InpC!$E$50 -> Traffic Management Act - Projects incurring costs associated with Traffic Management Act - Total | F9: =MATCH(D9,APRChoices,0) -> 3 | G9: APR | J9: =J$2 -> 44286 | K9: =K$2 -> 44651 | L9: =L$2 -> 45016 | M9: =M$2 -> 45382 | N9: =N$2 -> 45747 | O9: =O$2 -> 46112 | P9: =P$2 -> 46477 | Q9: =Q$2 -> 46843 | ... S9: =S$2 -> 47573 | U9: =U$2 -> PR24 Average | V9: =V$2 -> PR24 Total
C10: =INDEX(InpC!$G$57:$G$62,'TMA Projects'!F9,) -> CW2_018TOT_PR24 | D10: =INDEX(InpC!$G$48:$G$53,'TMA Projects'!F9,) -> Traffic Management Act - Projects incurring costs associated with Traffic Management Act - Total | G10: PR24
E11: Data before override
E13: =InpC!$E$25 -> Anglian Water | F13: =InpC!$F$25 -> ANH | G13: nr | J13: =SUMIFS('Consolidated Input'!F$6:F$209,'Consolidated Input'!$A$6:$A$209,$F13,'Consolidated Input'!$B$6:$B$209,$C$9) -> 32514 | K13: =SUMIFS('Consolidated Input'!G$6:G$209,'Consolidated Input'!$A$6:$A$209,$F13,'Consolidated Input'!$B$6:$B$209,$C$9) -> 32516 | L13: =SUMIFS('Consolidated Input'!H$6:H$209,'Consolidated Input'!$A$6:$A$209,$F13,'Consolidated Input'!$B$6:$B$209,$C$9) -> 18002 | M13: =SUMIFS('Consolidated Input'!S$6:S$209,'Consolidated Input'!$A$6:$A$209,$F13,'Consolidated Input'!$B$6:$B$209,$C$10) -> 12342 | N13: =SUMIFS('Consolidated Input'!T$6:T$209,'Consolidated Input'!$A$6:$A$209,$F13,'Consolidated Input'!$B$6:$B$209,$C$10) -> 19000 | O13: =SUMIFS('Consolidated Input'!U$6:U$209,'Consolidated Input'!$A$6:$A$209,$F13,'Consolidated Input'!$B$6:$B$209,$C$10) -> 19000 | P13: =SUMIFS('Consolidated Input'!V$6:V$209,'Consolidated Input'!$A$6:$A$209,$F13,'Consolidated Input'!$B$6:$B$209,$C$10) -> 19000 | Q13: =SUMIFS('Consolidated Input'!W$6:W$209,'Consolidated Input'!$A$6:$A$209,$F13,'Consolidated Input'!$B$6:$B$209,$C$10) -> 19000 | R13: =SUMIFS('Consolidated Input'!X$6:X$209,'Consolidated Input'!$A$6:$A$209,$F13,'Consolidated Input'!$B$6:$B$209,$C$10) -> 19000 | S13: =SUMIFS('Consolidated Input'!Y$6:Y$209,'Consolidated Input'!$A$6:$A$209,$F13,'Consolidated Input'!$B$6:$B$209,$C$10) -> 19000 | U13: =IFERROR(AVERAGE(O13:S13),0) -> 19000 | V13: =SUM(O13:S13) -> 95000
E14: =InpC!$E$26 -> Dŵr Cymru | F14: =InpC!$F$26 -> WSH | G14: nr | J14: =SUMIFS('Consolidated Input'!F$6:F$209,'Consolidated Input'!$A$6:$A$209,$F14,'Consolidated Input'!$B$6:$B$209,$C$9) -> 45 | K14: =SUMIFS('Consolidated Input'!G$6:G$209,'Consolidated Input'!$A$6:$A$209,$F14,'Consolidated Input'!$B$6:$B$209,$C$9) -> 0 | L14: =SUMIFS('Consolidated Input'!H$6:H$209,'Consolidated Input'!$A$6:$A$209,$F14,'Consolidated Input'!$B$6:$B$209,$C$9) -> 1815 | M14: =SUMIFS('Consolidated Input'!S$6:S$209,'Consolidated Input'!$A$6:$A$209,$F14,'Consolidated Input'!$B$6:$B$209,$C$10) -> 3630 | N14: =SUMIFS('Consolidated Input'!T$6:T$209,'Consolidated Input'!$A$6:$A$209,$F14,'Consolidated Input'!$B$6:$B$209,$C$10) -> 1034 | O14: =SUMIFS('Consolidated Input'!U$6:U$209,'Consolidated Input'!$A$6:$A$209,$F14,'Consolidated Input'!$B$6:$B$209,$C$10) -> 839.194 | P14: =SUMIFS('Consolidated Input'!V$6:V$209,'Consolidated Input'!$A$6:$A$209,$F14,'Consolidated Input'!$B$6:$B$209,$C$10) -> 800.161 | Q14: =SUMIFS('Consolidated Input'!W$6:W$209,'Consolidated Input'!$A$6:$A$209,$F14,'Consolidated Input'!$B$6:$B$209,$C$10) -> 780.645 | R14: =SUMIFS('Consolidated Input'!X$6:X$209,'Consolidated Input'!$A$6:$A$209,$F14,'Consolidated Input'!$B$6:$B$209,$C$10) -> 761.129 | S14: =SUMIFS('Consolidated Input'!Y$6:Y$209,'Consolidated Input'!$A$6:$A$209,$F14,'Consolidated Input'!$B$6:$B$209,$C$10) -> 761.129 | U14: =IFERROR(AVERAGE(O14:S14),0) -> 788.4516 | V14: =SUM(O14:S14) -> 3942.258
E15: =InpC!$E$27 -> Hafren Dyfrdwy | F15: =InpC!$F$27 -> HDD | G15: nr | J15: =SUMIFS('Consolidated Input'!F$6:F$209,'Consolidated Input'!$A$6:$A$209,$F15,'Consolidated Input'!$B$6:$B$209,$C$9) -> 0 | K15: =SUMIFS('Consolidated Input'!G$6:G$209,'Consolidated Input'!$A$6:$A$209,$F15,'Consolidated Input'!$B$6:$B$209,$C$9) -> 0 | L15: =SUMIFS('Consolidated Input'!H$6:H$209,'Consolidated Input'!$A$6:$A$209,$F15,'Consolidated Input'!$B$6:$B$209,$C$9) -> 0 | M15: =SUMIFS('Consolidated Input'!S$6:S$209,'Consolidated Input'!$A$6:$A$209,$F15,'Consolidated Input'!$B$6:$B$209,$C$10) -> 0 | N15: =SUMIFS('Consolidated Input'!T$6:T$209,'Consolidated Input'!$A$6:$A$209,$F15,'Consolidated Input'!$B$6:$B$209,$C$10) -> 0 | O15: =SUMIFS('Consolidated Input'!U$6:U$209,'Consolidated Input'!$A$6:$A$209,$F15,'Consolidated Input'!$B$6:$B$209,$C$10) -> 0 | P15: =SUMIFS('Consolidated Input'!V$6:V$209,'Consolidated Input'!$A$6:$A$209,$F15,'Consolidated Input'!$B$6:$B$209,$C$10) -> 0 | Q15: =SUMIFS('Consolidated Input'!W$6:W$209,'Consolidated Input'!$A$6:$A$209,$F15,'Consolidated Input'!$B$6:$B$209,$C$10) -> 0 | R15: =SUMIFS('Consolidated Input'!X$6:X$209,'Consolidated Input'!$A$6:$A$209,$F15,'Consolidated Input'!$B$6:$B$209,$C$10) -> 0 | S15: =SUMIFS('Consolidated Input'!Y$6:Y$209,'Consolidated Input'!$A$6:$A$209,$F15,'Consolidated Input'!$B$6:$B$209,$C$10) -> 0 | U15: =IFERROR(AVERAGE(O15:S15),0) -> 0 | V15: =SUM(O15:S15) -> 0
E16: =InpC!$E$28 -> Northumbrian Water | F16: =InpC!$F$28 -> NES | G16: nr | J16: =SUMIFS('Consolidated Input'!F$6:F$209,'Consolidated Input'!$A$6:$A$209,$F16,'Consolidated Input'!$B$6:$B$209,$C$9) -> 8098 | K16: =SUMIFS('Consolidated Input'!G$6:G$209,'Consolidated Input'!$A$6:$A$209,$F16,'Consolidated Input'!$B$6:$B$209,$C$9) -> 9115 | L16: =SUMIFS('Consolidated Input'!H$6:H$209,'Consolidated Input'!$A$6:$A$209,$F16,'Consolidated Input'!$B$6:$B$209,$C$9) -> 9165 | M16: =SUMIFS('Consolidated Input'!S$6:S$209,'Consolidated Input'!$A$6:$A$209,$F16,'Consolidated Input'!$B$6:$B$209,$C$10) -> 8276 | N16: =SUMIFS('Consolidated Input'!T$6:T$209,'Consolidated Input'!$A$6:$A$209,$F16,'Consolidated Input'!$B$6:$B$209,$C$10) -> 10016 | O16: =SUMIFS('Consolidated Input'!U$6:U$209,'Consolidated Input'!$A$6:$A$209,$F16,'Consolidated Input'!$B$6:$B$209,$C$10) -> 10535 | P16: =SUMIFS('Consolidated Input'!V$6:V$209,'Consolidated Input'!$A$6:$A$209,$F16,'Consolidated Input'!$B$6:$B$209,$C$10) -> 11074 | Q16: =SUMIFS('Consolidated Input'!W$6:W$209,'Consolidated Input'!$A$6:$A$209,$F16,'Consolidated Input'!$B$6:$B$209,$C$10) -> 11613 | R16: =SUMIFS('Consolidated Input'!X$6:X$209,'Consolidated Input'!$A$6:$A$209,$F16,'Consolidated Input'!$B$6:$B$209,$C$10) -> 12130 | S16: =SUMIFS('Consolidated Input'!Y$6:Y$209,'Consolidated Input'!$A$6:$A$209,$F16,'Consolidated Input'!$B$6:$B$209,$C$10) -> 12669 | U16: =IFERROR(AVERAGE(O16:S16),0) -> 11604.2 | V16: =SUM(O16:S16) -> 58021
E17: =InpC!$E$29 -> Severn Trent Water | F17: =InpC!$F$29 -> SVE | G17: nr | J17: =SUMIFS('Consolidated Input'!F$6:F$209,'Consolidated Input'!$A$6:$A$209,$F17,'Consolidated Input'!$B$6:$B$209,$C$9) -> 776 | K17: =SUMIFS('Consolidated Input'!G$6:G$209,'Consolidated Input'!$A$6:$A$209,$F17,'Consolidated Input'!$B$6:$B$209,$C$9) -> 38726.417 | L17: =SUMIFS('Consolidated Input'!H$6:H$209,'Consolidated Input'!$A$6:$A$209,$F17,'Consolidated Input'!$B$6:$B$209,$C$9) -> 58066 | M17: =SUMIFS('Consolidated Input'!S$6:S$209,'Consolidated Input'!$A$6:$A$209,$F17,'Consolidated Input'!$B$6:$B$209,$C$10) -> 38039.19 | N17: =SUMIFS('Consolidated Input'!T$6:T$209,'Consolidated Input'!$A$6:$A$209,$F17,'Consolidated Input'!$B$6:$B$209,$C$10) -> 31956.056 | O17: =SUMIFS('Consolidated Input'!U$6:U$209,'Consolidated Input'!$A$6:$A$209,$F17,'Consolidated Input'!$B$6:$B$209,$C$10) -> 53005.29 | P17: =SUMIFS('Consolidated Input'!V$6:V$209,'Consolidated Input'!$A$6:$A$209,$F17,'Consolidated Input'!$B$6:$B$209,$C$10) -> 53452.75 | Q17: =SUMIFS('Consolidated Input'!W$6:W$209,'Consolidated Input'!$A$6:$A$209,$F17,'Consolidated Input'!$B$6:$B$209,$C$10) -> 53900.209 | R17: =SUMIFS('Consolidated Input'!X$6:X$209,'Consolidated Input'!$A$6:$A$209,$F17,'Consolidated Input'!$B$6:$B$209,$C$10) -> 54366.313 | S17: =SUMIFS('Consolidated Input'!Y$6:Y$209,'Consolidated Input'!$A$6:$A$209,$F17,'Consolidated Input'!$B$6:$B$209,$C$10) -> 54813.772 | U17: =IFERROR(AVERAGE(O17:S17),0) -> 53907.667 | V17: =SUM(O17:S17) -> 269538.33
E18: =InpC!$E$30 -> Southern Water | F18: =InpC!$F$30 -> SRN | G18: nr | J18: =SUMIFS('Consolidated Input'!F$6:F$209,'Consolidated Input'!$A$6:$A$209,$F18,'Consolidated Input'!$B$6:$B$209,$C$9) -> 33546 | K18: =SUMIFS('Consolidated Input'!G$6:G$209,'Consolidated Input'!$A$6:$A$209,$F18,'Consolidated Input'!$B$6:$B$209,$C$9) -> 33992 | L18: =SUMIFS('Consolidated Input'!H$6:H$209,'Consolidated Input'!$A$6:$A$209,$F18,'Consolidated Input'!$B$6:$B$209,$C$9) -> 37760 | M18: =SUMIFS('Consolidated Input'!S$6:S$209,'Consolidated Input'!$A$6:$A$209,$F18,'Consolidated Input'!$B$6:$B$209,$C$10) -> 33567 | N18: =SUMIFS('Consolidated Input'!T$6:T$209,'Consolidated Input'!$A$6:$A$209,$F18,'Consolidated Input'!$B$6:$B$209,$C$10) -> 34000 | O18: =SUMIFS('Consolidated Input'!U$6:U$209,'Consolidated Input'!$A$6:$A$209,$F18,'Consolidated Input'!$B$6:$B$209,$C$10) -> 34000 | P18: =SUMIFS('Consolidated Input'!V$6:V$209,'Consolidated Input'!$A$6:$A$209,$F18,'Consolidated Input'!$B$6:$B$209,$C$10) -> 34000 | Q18: =SUMIFS('Consolidated Input'!W$6:W$209,'Consolidated Input'!$A$6:$A$209,$F18,'Consolidated Input'!$B$6:$B$209,$C$10) -> 34000 | R18: =SUMIFS('Consolidated Input'!X$6:X$209,'Consolidated Input'!$A$6:$A$209,$F18,'Consolidated Input'!$B$6:$B$209,$C$10) -> 34000 | S18: =SUMIFS('Consolidated Input'!Y$6:Y$209,'Consolidated Input'!$A$6:$A$209,$F18,'Consolidated Input'!$B$6:$B$209,$C$10) -> 34000 | U18: =IFERROR(AVERAGE(O18:S18),0) -> 34000 | V18: =SUM(O18:S18) -> 170000
E19: =InpC!$E$31 -> Thames Water | F19: =InpC!$F$31 -> TMS | G19: nr | J19: =SUMIFS('Consolidated Input'!F$6:F$209,'Consolidated Input'!$A$6:$A$209,$F19,'Consolidated Input'!$B$6:$B$209,$C$9) -> 55039 | K19: =SUMIFS('Consolidated Input'!G$6:G$209,'Consolidated Input'!$A$6:$A$209,$F19,'Consolidated Input'!$B$6:$B$209,$C$9) -> 89202 | L19: =SUMIFS('Consolidated Input'!H$6:H$209,'Consolidated Input'!$A$6:$A$209,$F19,'Consolidated Input'!$B$6:$B$209,$C$9) -> 89202 | M19: =SUMIFS('Consolidated Input'!S$6:S$209,'Consolidated Input'!$A$6:$A$209,$F19,'Consolidated Input'!$B$6:$B$209,$C$10) -> 67686 | N19: =SUMIFS('Consolidated Input'!T$6:T$209,'Consolidated Input'!$A$6:$A$209,$F19,'Consolidated Input'!$B$6:$B$209,$C$10) -> 92049 | O19: =SUMIFS('Consolidated Input'!U$6:U$209,'Consolidated Input'!$A$6:$A$209,$F19,'Consolidated Input'!$B$6:$B$209,$C$10) -> 94432 | P19: =SUMIFS('Consolidated Input'!V$6:V$209,'Consolidated Input'!$A$6:$A$209,$F19,'Consolidated Input'!$B$6:$B$209,$C$10) -> 94432 | Q19: =SUMIFS('Consolidated Input'!W$6:W$209,'Consolidated Input'!$A$6:$A$209,$F19,'Consolidated Input'!$B$6:$B$209,$C$10) -> 94432.009 | R19: =SUMIFS('Consolidated Input'!X$6:X$209,'Consolidated Input'!$A$6:$A$209,$F19,'Consolidated Input'!$B$6:$B$209,$C$10) -> 94432.009 | S19: =SUMIFS('Consolidated Input'!Y$6:Y$209,'Consolidated Input'!$A$6:$A$209,$F19,'Consolidated Input'!$B$6:$B$209,$C$10) -> 94432 | U19: =IFERROR(AVERAGE(O19:S19),0) -> 94432.004 | V19: =SUM(O19:S19) -> 472160.02
E20: =InpC!$E$32 -> United Utilities | F20: =InpC!$F$32 -> NWT | G20: nr | J20: =SUMIFS('Consolidated Input'!F$6:F$209,'Consolidated Input'!$A$6:$A$209,$F20,'Consolidated Input'!$B$6:$B$209,$C$9) -> 33652.674 | K20: =SUMIFS('Consolidated Input'!G$6:G$209,'Consolidated Input'!$A$6:$A$209,$F20,'Consolidated Input'!$B$6:$B$209,$C$9) -> 37705 | L20: =SUMIFS('Consolidated Input'!H$6:H$209,'Consolidated Input'!$A$6:$A$209,$F20,'Consolidated Input'!$B$6:$B$209,$C$9) -> 33707 | M20: =SUMIFS('Consolidated Input'!S$6:S$209,'Consolidated Input'!$A$6:$A$209,$F20,'Consolidated Input'!$B$6:$B$209,$C$10) -> 25780.008 | N20: =SUMIFS('Consolidated Input'!T$6:T$209,'Consolidated Input'!$A$6:$A$209,$F20,'Consolidated Input'!$B$6:$B$209,$C$10) -> 27808 | O20: =SUMIFS('Consolidated Input'!U$6:U$209,'Consolidated Input'!$A$6:$A$209,$F20,'Consolidated Input'!$B$6:$B$209,$C$10) -> 27808 | P20: =SUMIFS('Consolidated Input'!V$6:V$209,'Consolidated Input'!$A$6:$A$209,$F20,'Consolidated Input'!$B$6:$B$209,$C$10) -> 27808 | Q20: =SUMIFS('Consolidated Input'!W$6:W$209,'Consolidated Input'!$A$6:$A$209,$F20,'Consolidated Input'!$B$6:$B$209,$C$10) -> 27808 | R20: =SUMIFS('Consolidated Input'!X$6:X$209,'Consolidated Input'!$A$6:$A$209,$F20,'Consolidated Input'!$B$6:$B$209,$C$10) -> 27808 | S20: =SUMIFS('Consolidated Input'!Y$6:Y$209,'Consolidated Input'!$A$6:$A$209,$F20,'Consolidated Input'!$B$6:$B$209,$C$10) -> 27808 | U20: =IFERROR(AVERAGE(O20:S20),0) -> 27808 | V20: =SUM(O20:S20) -> 139040
E21: =InpC!$E$33 -> Wessex Water | F21: =InpC!$F$33 -> WSX | G21: nr | J21: =SUMIFS('Consolidated Input'!F$6:F$209,'Consolidated Input'!$A$6:$A$209,$F21,'Consolidated Input'!$B$6:$B$209,$C$9) -> 2653 | K21: =SUMIFS('Consolidated Input'!G$6:G$209,'Consolidated Input'!$A$6:$A$209,$F21,'Consolidated Input'!$B$6:$B$209,$C$9) -> 3612 | L21: =SUMIFS('Consolidated Input'!H$6:H$209,'Consolidated Input'!$A$6:$A$209,$F21,'Consolidated Input'!$B$6:$B$209,$C$9) -> 4193 | M21: =SUMIFS('Consolidated Input'!S$6:S$209,'Consolidated Input'!$A$6:$A$209,$F21,'Consolidated Input'!$B$6:$B$209,$C$10) -> 2468 | N21: =SUMIFS('Consolidated Input'!T$6:T$209,'Consolidated Input'!$A$6:$A$209,$F21,'Consolidated Input'!$B$6:$B$209,$C$10) -> 3500 | O21: =SUMIFS('Consolidated Input'!U$6:U$209,'Consolidated Input'!$A$6:$A$209,$F21,'Consolidated Input'!$B$6:$B$209,$C$10) -> 3500 | P21: =SUMIFS('Consolidated Input'!V$6:V$209,'Consolidated Input'!$A$6:$A$209,$F21,'Consolidated Input'!$B$6:$B$209,$C$10) -> 3500 | Q21: =SUMIFS('Consolidated Input'!W$6:W$209,'Consolidated Input'!$A$6:$A$209,$F21,'Consolidated Input'!$B$6:$B$209,$C$10) -> 3500 | R21: =SUMIFS('Consolidated Input'!X$6:X$209,'Consolidated Input'!$A$6:$A$209,$F21,'Consolidated Input'!$B$6:$B$209,$C$10) -> 3500 | S21: =SUMIFS('Consolidated Input'!Y$6:Y$209,'Consolidated Input'!$A$6:$A$209,$F21,'Consolidated Input'!$B$6:$B$209,$C$10) -> 3500 | U21: =IFERROR(AVERAGE(O21:S21),0) -> 3500 | V21: =SUM(O21:S21) -> 17500
E22: =InpC!$E$34 -> Yorkshire Water | F22: =InpC!$F$34 -> YKY | G22: nr | J22: =SUMIFS('Consolidated Input'!F$6:F$209,'Consolidated Input'!$A$6:$A$209,$F22,'Consolidated Input'!$B$6:$B$209,$C$9) -> 27208 | K22: =SUMIFS('Consolidated Input'!G$6:G$209,'Consolidated Input'!$A$6:$A$209,$F22,'Consolidated Input'!$B$6:$B$209,$C$9) -> 21430.17 | L22: =SUMIFS('Consolidated Input'!H$6:H$209,'Consolidated Input'!$A$6:$A$209,$F22,'Consolidated Input'!$B$6:$B$209,$C$9) -> 20800 | M22: =SUMIFS('Consolidated Input'!S$6:S$209,'Consolidated Input'!$A$6:$A$209,$F22,'Consolidated Input'!$B$6:$B$209,$C$10) -> 23607 | N22: =SUMIFS('Consolidated Input'!T$6:T$209,'Consolidated Input'!$A$6:$A$209,$F22,'Consolidated Input'!$B$6:$B$209,$C$10) -> 20927 | O22: =SUMIFS('Consolidated Input'!U$6:U$209,'Consolidated Input'!$A$6:$A$209,$F22,'Consolidated Input'!$B$6:$B$209,$C$10) -> 20927 | P22: =SUMIFS('Consolidated Input'!V$6:V$209,'Consolidated Input'!$A$6:$A$209,$F22,'Consolidated Input'!$B$6:$B$209,$C$10) -> 20927 | Q22: =SUMIFS('Consolidated Input'!W$6:W$209,'Consolidated Input'!$A$6:$A$209,$F22,'Consolidated Input'!$B$6:$B$209,$C$10) -> 20927 | R22: =SUMIFS('Consolidated Input'!X$6:X$209,'Consolidated Input'!$A$6:$A$209,$F22,'Consolidated Input'!$B$6:$B$209,$C$10) -> 20927 | S22: =SUMIFS('Consolidated Input'!Y$6:Y$209,'Consolidated Input'!$A$6:$A$209,$F22,'Consolidated Input'!$B$6:$B$209,$C$10) -> 20927 | U22: =IFERROR(AVERAGE(O22:S22),0) -> 20927 | V22: =SUM(O22:S22) -> 104635
E23: =InpC!$E$35 -> Affinity Water | F23: =InpC!$F$35 -> AFW | G23: nr | J23: =SUMIFS('Consolidated Input'!F$6:F$209,'Consolidated Input'!$A$6:$A$209,$F23,'Consolidated Input'!$B$6:$B$209,$C$9) -> 25.216 | K23: =SUMIFS('Consolidated Input'!G$6:G$209,'Consolidated Input'!$A$6:$A$209,$F23,'Consolidated Input'!$B$6:$B$209,$C$9) -> 24441.441 | L23: =SUMIFS('Consolidated Input'!H$6:H$209,'Consolidated Input'!$A$6:$A$209,$F23,'Consolidated Input'!$B$6:$B$209,$C$9) -> 25354.191 | M23: =SUMIFS('Consolidated Input'!S$6:S$209,'Consolidated Input'!$A$6:$A$209,$F23,'Consolidated Input'!$B$6:$B$209,$C$10) -> 23744.716 | N23: =SUMIFS('Consolidated Input'!T$6:T$209,'Consolidated Input'!$A$6:$A$209,$F23,'Consolidated Input'!$B$6:$B$209,$C$10) -> 25000 | O23: =SUMIFS('Consolidated Input'!U$6:U$209,'Consolidated Input'!$A$6:$A$209,$F23,'Consolidated Input'!$B$6:$B$209,$C$10) -> 25000 | P23: =SUMIFS('Consolidated Input'!V$6:V$209,'Consolidated Input'!$A$6:$A$209,$F23,'Consolidated Input'!$B$6:$B$209,$C$10) -> 25000 | Q23: =SUMIFS('Consolidated Input'!W$6:W$209,'Consolidated Input'!$A$6:$A$209,$F23,'Consolidated Input'!$B$6:$B$209,$C$10) -> 25000 | R23: =SUMIFS('Consolidated Input'!X$6:X$209,'Consolidated Input'!$A$6:$A$209,$F23,'Consolidated Input'!$B$6:$B$209,$C$10) -> 25000 | S23: =SUMIFS('Consolidated Input'!Y$6:Y$209,'Consolidated Input'!$A$6:$A$209,$F23,'Consolidated Input'!$B$6:$B$209,$C$10) -> 25000 | U23: =IFERROR(AVERAGE(O23:S23),0) -> 25000 | V23: =SUM(O23:S23) -> 125000
E24: =InpC!$E$36 -> Portsmouth Water | F24: =InpC!$F$36 -> PRT | G24: nr | J24: =SUMIFS('Consolidated Input'!F$6:F$209,'Consolidated Input'!$A$6:$A$209,$F24,'Consolidated Input'!$B$6:$B$209,$C$9) -> 0 | K24: =SUMIFS('Consolidated Input'!G$6:G$209,'Consolidated Input'!$A$6:$A$209,$F24,'Consolidated Input'!$B$6:$B$209,$C$9) -> 0 | L24: =SUMIFS('Consolidated Input'!H$6:H$209,'Consolidated Input'!$A$6:$A$209,$F24,'Consolidated Input'!$B$6:$B$209,$C$9) -> 0 | M24: =SUMIFS('Consolidated Input'!S$6:S$209,'Consolidated Input'!$A$6:$A$209,$F24,'Consolidated Input'!$B$6:$B$209,$C$10) -> 4120 | N24: =SUMIFS('Consolidated Input'!T$6:T$209,'Consolidated Input'!$A$6:$A$209,$F24,'Consolidated Input'!$B$6:$B$209,$C$10) -> 5857 | O24: =SUMIFS('Consolidated Input'!U$6:U$209,'Consolidated Input'!$A$6:$A$209,$F24,'Consolidated Input'!$B$6:$B$209,$C$10) -> 6957 | P24: =SUMIFS('Consolidated Input'!V$6:V$209,'Consolidated Input'!$A$6:$A$209,$F24,'Consolidated Input'!$B$6:$B$209,$C$10) -> 7569 | Q24: =SUMIFS('Consolidated Input'!W$6:W$209,'Consolidated Input'!$A$6:$A$209,$F24,'Consolidated Input'!$B$6:$B$209,$C$10) -> 6957 | R24: =SUMIFS('Consolidated Input'!X$6:X$209,'Consolidated Input'!$A$6:$A$209,$F24,'Consolidated Input'!$B$6:$B$209,$C$10) -> 6957 | S24: =SUMIFS('Consolidated Input'!Y$6:Y$209,'Consolidated Input'!$A$6:$A$209,$F24,'Consolidated Input'!$B$6:$B$209,$C$10) -> 6957 | U24: =IFERROR(AVERAGE(O24:S24),0) -> 7079.4 | V24: =SUM(O24:S24) -> 35397
E25: =InpC!$E$37 -> South East Water | F25: =InpC!$F$37 -> SEW | G25: nr | J25: =SUMIFS('Consolidated Input'!F$6:F$209,'Consolidated Input'!$A$6:$A$209,$F25,'Consolidated Input'!$B$6:$B$209,$C$9) -> 24470 | K25: =SUMIFS('Consolidated Input'!G$6:G$209,'Consolidated Input'!$A$6:$A$209,$F25,'Consolidated Input'!$B$6:$B$209,$C$9) -> 22888 | L25: =SUMIFS('Consolidated Input'!H$6:H$209,'Consolidated Input'!$A$6:$A$209,$F25,'Consolidated Input'!$B$6:$B$209,$C$9) -> 18931 | M25: =SUMIFS('Consolidated Input'!S$6:S$209,'Consolidated Input'!$A$6:$A$209,$F25,'Consolidated Input'!$B$6:$B$209,$C$10) -> 21517 | N25: =SUMIFS('Consolidated Input'!T$6:T$209,'Consolidated Input'!$A$6:$A$209,$F25,'Consolidated Input'!$B$6:$B$209,$C$10) -> 21662 | O25: =SUMIFS('Consolidated Input'!U$6:U$209,'Consolidated Input'!$A$6:$A$209,$F25,'Consolidated Input'!$B$6:$B$209,$C$10) -> 21749 | P25: =SUMIFS('Consolidated Input'!V$6:V$209,'Consolidated Input'!$A$6:$A$209,$F25,'Consolidated Input'!$B$6:$B$209,$C$10) -> 21827 | Q25: =SUMIFS('Consolidated Input'!W$6:W$209,'Consolidated Input'!$A$6:$A$209,$F25,'Consolidated Input'!$B$6:$B$209,$C$10) -> 21936 | R25: =SUMIFS('Consolidated Input'!X$6:X$209,'Consolidated Input'!$A$6:$A$209,$F25,'Consolidated Input'!$B$6:$B$209,$C$10) -> 22070 | S25: =SUMIFS('Consolidated Input'!Y$6:Y$209,'Consolidated Input'!$A$6:$A$209,$F25,'Consolidated Input'!$B$6:$B$209,$C$10) -> 22253 | U25: =IFERROR(AVERAGE(O25:S25),0) -> 21967 | V25: =SUM(O25:S25) -> 109835
E26: =InpC!$E$38 -> South Staffs Water | F26: =InpC!$F$38 -> SSC | G26: nr | J26: =SUMIFS('Consolidated Input'!F$6:F$209,'Consolidated Input'!$A$6:$A$209,$F26,'Consolidated Input'!$B$6:$B$209,$C$9) -> 6108 | K26: =SUMIFS('Consolidated Input'!G$6:G$209,'Consolidated Input'!$A$6:$A$209,$F26,'Consolidated Input'!$B$6:$B$209,$C$9) -> 4117 | L26: =SUMIFS('Consolidated Input'!H$6:H$209,'Consolidated Input'!$A$6:$A$209,$F26,'Consolidated Input'!$B$6:$B$209,$C$9) -> 9974 | M26: =SUMIFS('Consolidated Input'!S$6:S$209,'Consolidated Input'!$A$6:$A$209,$F26,'Consolidated Input'!$B$6:$B$209,$C$10) -> 9974 | N26: =SUMIFS('Consolidated Input'!T$6:T$209,'Consolidated Input'!$A$6:$A$209,$F26,'Consolidated Input'!$B$6:$B$209,$C$10) -> 9974 | O26: =SUMIFS('Consolidated Input'!U$6:U$209,'Consolidated Input'!$A$6:$A$209,$F26,'Consolidated Input'!$B$6:$B$209,$C$10) -> 9974 | P26: =SUMIFS('Consolidated Input'!V$6:V$209,'Consolidated Input'!$A$6:$A$209,$F26,'Consolidated Input'!$B$6:$B$209,$C$10) -> 9974 | Q26: =SUMIFS('Consolidated Input'!W$6:W$209,'Consolidated Input'!$A$6:$A$209,$F26,'Consolidated Input'!$B$6:$B$209,$C$10) -> 9974 | R26: =SUMIFS('Consolidated Input'!X$6:X$209,'Consolidated Input'!$A$6:$A$209,$F26,'Consolidated Input'!$B$6:$B$209,$C$10) -> 9974 | S26: =SUMIFS('Consolidated Input'!Y$6:Y$209,'Consolidated Input'!$A$6:$A$209,$F26,'Consolidated Input'!$B$6:$B$209,$C$10) -> 9974 | U26: =IFERROR(AVERAGE(O26:S26),0) -> 9974 | V26: =SUM(O26:S26) -> 49870
E27: =InpC!$E$39 -> SES Water | F27: =InpC!$F$39 -> SES | G27: nr | J27: =SUMIFS('Consolidated Input'!F$6:F$209,'Consolidated Input'!$A$6:$A$209,$F27,'Consolidated Input'!$B$6:$B$209,$C$9) -> 3538 | K27: =SUMIFS('Consolidated Input'!G$6:G$209,'Consolidated Input'!$A$6:$A$209,$F27,'Consolidated Input'!$B$6:$B$209,$C$9) -> 7606 | L27: =SUMIFS('Consolidated Input'!H$6:H$209,'Consolidated Input'!$A$6:$A$209,$F27,'Consolidated Input'!$B$6:$B$209,$C$9) -> 6275 | M27: =SUMIFS('Consolidated Input'!S$6:S$209,'Consolidated Input'!$A$6:$A$209,$F27,'Consolidated Input'!$B$6:$B$209,$C$10) -> 248 | N27: =SUMIFS('Consolidated Input'!T$6:T$209,'Consolidated Input'!$A$6:$A$209,$F27,'Consolidated Input'!$B$6:$B$209,$C$10) -> 6650 | O27: =SUMIFS('Consolidated Input'!U$6:U$209,'Consolidated Input'!$A$6:$A$209,$F27,'Consolidated Input'!$B$6:$B$209,$C$10) -> 6650 | P27: =SUMIFS('Consolidated Input'!V$6:V$209,'Consolidated Input'!$A$6:$A$209,$F27,'Consolidated Input'!$B$6:$B$209,$C$10) -> 6650 | Q27: =SUMIFS('Consolidated Input'!W$6:W$209,'Consolidated Input'!$A$6:$A$209,$F27,'Consolidated Input'!$B$6:$B$209,$C$10) -> 6650 | R27: =SUMIFS('Consolidated Input'!X$6:X$209,'Consolidated Input'!$A$6:$A$209,$F27,'Consolidated Input'!$B$6:$B$209,$C$10) -> 6650 | S27: =SUMIFS('Consolidated Input'!Y$6:Y$209,'Consolidated Input'!$A$6:$A$209,$F27,'Consolidated Input'!$B$6:$B$209,$C$10) -> 6650 | U27: =IFERROR(AVERAGE(O27:S27),0) -> 6650 | V27: =SUM(O27:S27) -> 33250
E28: =InpC!$E$40 -> South West Water | F28: =InpC!$F$40 -> SWB | G28: nr | J28: =SUMIFS('Consolidated Input'!F$6:F$209,'Consolidated Input'!$A$6:$A$209,$F28,'Consolidated Input'!$B$6:$B$209,$C$9) -> 0 | K28: =SUMIFS('Consolidated Input'!G$6:G$209,'Consolidated Input'!$A$6:$A$209,$F28,'Consolidated Input'!$B$6:$B$209,$C$9) -> 0 | L28: =SUMIFS('Consolidated Input'!H$6:H$209,'Consolidated Input'!$A$6:$A$209,$F28,'Consolidated Input'!$B$6:$B$209,$C$9) -> 0 | M28: =SUMIFS('Consolidated Input'!S$6:S$209,'Consolidated Input'!$A$6:$A$209,$F28,'Consolidated Input'!$B$6:$B$209,$C$10) -> 4597 | N28: =SUMIFS('Consolidated Input'!T$6:T$209,'Consolidated Input'!$A$6:$A$209,$F28,'Consolidated Input'!$B$6:$B$209,$C$10) -> 24250 | O28: =SUMIFS('Consolidated Input'!U$6:U$209,'Consolidated Input'!$A$6:$A$209,$F28,'Consolidated Input'!$B$6:$B$209,$C$10) -> 22523 | P28: =SUMIFS('Consolidated Input'!V$6:V$209,'Consolidated Input'!$A$6:$A$209,$F28,'Consolidated Input'!$B$6:$B$209,$C$10) -> 22523 | Q28: =SUMIFS('Consolidated Input'!W$6:W$209,'Consolidated Input'!$A$6:$A$209,$F28,'Consolidated Input'!$B$6:$B$209,$C$10) -> 22523 | R28: =SUMIFS('Consolidated Input'!X$6:X$209,'Consolidated Input'!$A$6:$A$209,$F28,'Consolidated Input'!$B$6:$B$209,$C$10) -> 22523 | S28: =SUMIFS('Consolidated Input'!Y$6:Y$209,'Consolidated Input'!$A$6:$A$209,$F28,'Consolidated Input'!$B$6:$B$209,$C$10) -> 22523 | U28: =IFERROR(AVERAGE(O28:S28),0) -> 22523 | V28: =SUM(O28:S28) -> 112615
E29: =InpC!$E$41 -> Bristol Water | F29: =InpC!$F$41 -> BRL | G29: nr | J29: =SUMIFS('Consolidated Input'!F$6:F$209,'Consolidated Input'!$A$6:$A$209,$F29,'Consolidated Input'!$B$6:$B$209,$C$9) -> 181 | K29: =SUMIFS('Consolidated Input'!G$6:G$209,'Consolidated Input'!$A$6:$A$209,$F29,'Consolidated Input'!$B$6:$B$209,$C$9) -> 11681 | L29: =SUMIFS('Consolidated Input'!H$6:H$209,'Consolidated Input'!$A$6:$A$209,$F29,'Consolidated Input'!$B$6:$B$209,$C$9) -> 13989 | M29: =SUMIFS('Consolidated Input'!S$6:S$209,'Consolidated Input'!$A$6:$A$209,$F29,'Consolidated Input'!$B$6:$B$209,$C$10) -> 14099 | N29: =SUMIFS('Consolidated Input'!T$6:T$209,'Consolidated Input'!$A$6:$A$209,$F29,'Consolidated Input'!$B$6:$B$209,$C$10) -> 13989 | O29: =SUMIFS('Consolidated Input'!U$6:U$209,'Consolidated Input'!$A$6:$A$209,$F29,'Consolidated Input'!$B$6:$B$209,$C$10) -> 22523 | P29: =SUMIFS('Consolidated Input'!V$6:V$209,'Consolidated Input'!$A$6:$A$209,$F29,'Consolidated Input'!$B$6:$B$209,$C$10) -> 22523 | Q29: =SUMIFS('Consolidated Input'!W$6:W$209,'Consolidated Input'!$A$6:$A$209,$F29,'Consolidated Input'!$B$6:$B$209,$C$10) -> 22523 | R29: =SUMIFS('Consolidated Input'!X$6:X$209,'Consolidated Input'!$A$6:$A$209,$F29,'Consolidated Input'!$B$6:$B$209,$C$10) -> 22523 | S29: =SUMIFS('Consolidated Input'!Y$6:Y$209,'Consolidated Input'!$A$6:$A$209,$F29,'Consolidated Input'!$B$6:$B$209,$C$10) -> 22523 | U29: =IFERROR(AVERAGE(O29:S29),0) -> 22523 | V29: =SUM(O29:S29) -> 112615
E30: Industry total | G30: nr | J30: =SUM(J13:J29) -> 227853.89 | K30: =SUM(K13:K29) -> 337032.03 | L30: =SUM(L13:L29) -> 347233.19 | M30: =SUM(M13:M29) -> 293694.91 | N30: =SUM(N13:N29) -> 347672.06 | O30: =SUM(O13:O29) -> 379422.48 | P30: =SUM(P13:P29) -> 381059.91 | Q30: =SUM(Q13:Q29) -> 381523.86 | ... S30: =SUM(S13:S29) -> 383790.9 | U30: =SUM(U13:U29) -> 381683.72 | V30: =SUM(V13:V29) -> 1908418.6
C32: =C9 -> W3040TOT | D32: =D9 -> Traffic Management Act - Projects incurring costs associated with Traffic Management Act - Total | F32: =MATCH(D32,APRChoices,0) -> 3 | G32: APR | J32: =J$2 -> 44286 | K32: =K$2 -> 44651 | L32: =L$2 -> 45016 | M32: =M$2 -> 45382 | N32: =N$2 -> 45747 | O32: =O$2 -> 46112 | P32: =P$2 -> 46477 | Q32: =Q$2 -> 46843 | ... S32: =S$2 -> 47573 | U32: =U$2 -> PR24 Average | V32: =V$2 -> PR24 Total
C33: =INDEX(InpC!$G$57:$G$62,'TMA Projects'!F32,) -> CW2_018TOT_PR24 | D33: =INDEX(InpC!$G$48:$G$53,'TMA Projects'!F32,) -> Traffic Management Act - Projects incurring costs associated with Traffic Management Act - Total | G33: PR24
E34: Data override
E36: =InpC!$E$25 -> Anglian Water | F36: =InpC!$F$25 -> ANH | G36: =G13 -> nr | U36: =IFERROR(AVERAGE(O36:S36),0) -> 0 | V36: =SUM(O36:S36) -> 0
E37: =InpC!$E$26 -> Dŵr Cymru | F37: =InpC!$F$26 -> WSH | G37: =G14 -> nr | U37: =IFERROR(AVERAGE(O37:S37),0) -> 0 | V37: =SUM(O37:S37) -> 0
E38: =InpC!$E$27 -> Hafren Dyfrdwy | F38: =InpC!$F$27 -> HDD | G38: =G15 -> nr | U38: =IFERROR(AVERAGE(O38:S38),0) -> 0 | V38: =SUM(O38:S38) -> 0
E39: =InpC!$E$28 -> Northumbrian Water | F39: =InpC!$F$28 -> NES | G39: =G16 -> nr | U39: =IFERROR(AVERAGE(O39:S39),0) -> 0 | V39: =SUM(O39:S39) -> 0
E40: =InpC!$E$29 -> Severn Trent Water | F40: =InpC!$F$29 -> SVE | G40: =G17 -> nr | U40: =IFERROR(AVERAGE(O40:S40),0) -> 0 | V40: =SUM(O40:S40) -> 0
E41: =InpC!$E$30 -> Southern Water | F41: =InpC!$F$30 -> SRN | G41: =G18 -> nr | U41: =IFERROR(AVERAGE(O41:S41),0) -> 0 | V41: =SUM(O41:S41) -> 0
E42: =InpC!$E$31 -> Thames Water | F42: =InpC!$F$31 -> TMS | G42: =G19 -> nr | U42: =IFERROR(AVERAGE(O42:S42),0) -> 0 | V42: =SUM(O42:S42) -> 0
E43: =InpC!$E$32 -> United Utilities | F43: =InpC!$F$32 -> NWT | G43: =G20 -> nr | U43: =IFERROR(AVERAGE(O43:S43),0) -> 0 | V43: =SUM(O43:S43) -> 0
E44: =InpC!$E$33 -> Wessex Water | F44: =InpC!$F$33 -> WSX | G44: =G21 -> nr | U44: =IFERROR(AVERAGE(O44:S44),0) -> 0 | V44: =SUM(O44:S44) -> 0
E45: =InpC!$E$34 -> Yorkshire Water | F45: =InpC!$F$34 -> YKY | G45: =G22 -> nr | U45: =IFERROR(AVERAGE(O45:S45),0) -> 0 | V45: =SUM(O45:S45) -> 0
E46: =InpC!$E$35 -> Affinity Water | F46: =InpC!$F$35 -> AFW | G46: =G23 -> nr | J46: 25216 | U46: =IFERROR(AVERAGE(O46:S46),0) -> 0 | V46: =SUM(O46:S46) -> 0
E47: =InpC!$E$36 -> Portsmouth Water | F47: =InpC!$F$36 -> PRT | G47: =G24 -> nr | U47: =IFERROR(AVERAGE(O47:S47),0) -> 0 | V47: =SUM(O47:S47) -> 0
E48: =InpC!$E$37 -> South East Water | F48: =InpC!$F$37 -> SEW | G48: =G25 -> nr | U48: =IFERROR(AVERAGE(O48:S48),0) -> 0 | V48: =SUM(O48:S48) -> 0
E49: =InpC!$E$38 -> South Staffs Water | F49: =InpC!$F$38 -> SSC | G49: =G26 -> nr | U49: =IFERROR(AVERAGE(O49:S49),0) -> 0 | V49: =SUM(O49:S49) -> 0
E50: =InpC!$E$39 -> SES Water | F50: =InpC!$F$39 -> SES | G50: =G27 -> nr | U50: =IFERROR(AVERAGE(O50:S50),0) -> 0 | V50: =SUM(O50:S50) -> 0
E51: =InpC!$E$40 -> South West Water | F51: =InpC!$F$40 -> SWB | G51: =G28 -> nr | U51: =IFERROR(AVERAGE(O51:S51),0) -> 0 | V51: =SUM(O51:S51) -> 0
E52: =InpC!$E$41 -> Bristol Water | F52: =InpC!$F$41 -> BRL | G52: =G29 -> nr | U52: =IFERROR(AVERAGE(O52:S52),0) -> 0 | V52: =SUM(O52:S52) -> 0
E53: Industry total | G53: =G30 -> nr | J53: =SUM(J36:J52) -> 25216 | K53: =SUM(K36:K52) -> 0 | L53: =SUM(L36:L52) -> 0 | M53: =SUM(M36:M52) -> 0 | N53: =SUM(N36:N52) -> 0 | O53: =SUM(O36:O52) -> 0 | P53: =SUM(P36:P52) -> 0 | Q53: =SUM(Q36:Q52) -> 0 | ... S53: =SUM(S36:S52) -> 0 | U53: =SUM(U36:U52) -> 0 | V53: =SUM(V36:V52) -> 0
C55: =C9 -> W3040TOT | D55: =D9 -> Traffic Management Act - Projects incurring costs associated with Traffic Management Act - Total | F55: =MATCH(D55,APRChoices,0) -> 3 | G55: APR | J55: =J$2 -> 44286 | K55: =K$2 -> 44651 | L55: =L$2 -> 45016 | M55: =M$2 -> 45382 | N55: =N$2 -> 45747 | O55: =O$2 -> 46112 | P55: =P$2 -> 46477 | Q55: =Q$2 -> 46843 | ... S55: =S$2 -> 47573 | U55: =U$2 -> PR24 Average | V55: =V$2 -> PR24 Total
C56: =INDEX(InpC!$G$57:$G$62,'TMA Projects'!F55,) -> CW2_018TOT_PR24 | D56: =INDEX(InpC!$G$48:$G$53,'TMA Projects'!F55,) -> Traffic Management Act - Projects incurring costs associated with Traffic Management Act - Total | G56: PR24
E57: Data
E59: =InpC!$E$25 -> Anglian Water | F59: =InpC!$F$25 -> ANH | G59: =G13 -> nr | J59: =IF(ISBLANK(J36),J13,J36) -> 32514 | K59: =IF(ISBLANK(K36),K13,K36) -> 32516 | L59: =IF(ISBLANK(L36),L13,L36) -> 18002 | M59: =IF(ISBLANK(M36),M13,M36) -> 12342 | N59: =IF(ISBLANK(N36),N13,N36) -> 19000 | O59: =IF(ISBLANK(O36),O13,O36) -> 19000 | P59: =IF(ISBLANK(P36),P13,P36) -> 19000 | Q59: =IF(ISBLANK(Q36),Q13,Q36) -> 19000 | ... S59: =IF(ISBLANK(S36),S13,S36) -> 19000 | U59: =IFERROR(AVERAGE(O59:S59),0) -> 19000 | V59: =SUM(O59:S59) -> 95000
E60: =InpC!$E$26 -> Dŵr Cymru | F60: =InpC!$F$26 -> WSH | G60: =G14 -> nr | J60: =IF(ISBLANK(J37),J14,J37) -> 45 | K60: =IF(ISBLANK(K37),K14,K37) -> 0 | L60: =IF(ISBLANK(L37),L14,L37) -> 1815 | M60: =IF(ISBLANK(M37),M14,M37) -> 3630 | N60: =IF(ISBLANK(N37),N14,N37) -> 1034 | O60: =IF(ISBLANK(O37),O14,O37) -> 839.194 | P60: =IF(ISBLANK(P37),P14,P37) -> 800.161 | Q60: =IF(ISBLANK(Q37),Q14,Q37) -> 780.645 | ... S60: =IF(ISBLANK(S37),S14,S37) -> 761.129 | U60: =IFERROR(AVERAGE(O60:S60),0) -> 788.4516 | V60: =SUM(O60:S60) -> 3942.258
E61: =InpC!$E$27 -> Hafren Dyfrdwy | F61: =InpC!$F$27 -> HDD | G61: =G15 -> nr | J61: =IF(ISBLANK(J38),J15,J38) -> 0 | K61: =IF(ISBLANK(K38),K15,K38) -> 0 | L61: =IF(ISBLANK(L38),L15,L38) -> 0 | M61: =IF(ISBLANK(M38),M15,M38) -> 0 | N61: =IF(ISBLANK(N38),N15,N38) -> 0 | O61: =IF(ISBLANK(O38),O15,O38) -> 0 | P61: =IF(ISBLANK(P38),P15,P38) -> 0 | Q61: =IF(ISBLANK(Q38),Q15,Q38) -> 0 | ... S61: =IF(ISBLANK(S38),S15,S38) -> 0 | U61: =IFERROR(AVERAGE(O61:S61),0) -> 0 | V61: =SUM(O61:S61) -> 0
E62: =InpC!$E$28 -> Northumbrian Water | F62: =InpC!$F$28 -> NES | G62: =G16 -> nr | J62: =IF(ISBLANK(J39),J16,J39) -> 8098 | K62: =IF(ISBLANK(K39),K16,K39) -> 9115 | L62: =IF(ISBLANK(L39),L16,L39) -> 9165 | M62: =IF(ISBLANK(M39),M16,M39) -> 8276 | N62: =IF(ISBLANK(N39),N16,N39) -> 10016 | O62: =IF(ISBLANK(O39),O16,O39) -> 10535 | P62: =IF(ISBLANK(P39),P16,P39) -> 11074 | Q62: =IF(ISBLANK(Q39),Q16,Q39) -> 11613 | ... S62: =IF(ISBLANK(S39),S16,S39) -> 12669 | U62: =IFERROR(AVERAGE(O62:S62),0) -> 11604.2 | V62: =SUM(O62:S62) -> 58021
E63: =InpC!$E$29 -> Severn Trent Water | F63: =InpC!$F$29 -> SVE | G63: =G17 -> nr | J63: =IF(ISBLANK(J40),J17,J40) -> 776 | K63: =IF(ISBLANK(K40),K17,K40) -> 38726.417 | L63: =IF(ISBLANK(L40),L17,L40) -> 58066 | M63: =IF(ISBLANK(M40),M17,M40) -> 38039.19 | N63: =IF(ISBLANK(N40),N17,N40) -> 31956.056 | O63: =IF(ISBLANK(O40),O17,O40) -> 53005.29 | P63: =IF(ISBLANK(P40),P17,P40) -> 53452.75 | Q63: =IF(ISBLANK(Q40),Q17,Q40) -> 53900.209 | ... S63: =IF(ISBLANK(S40),S17,S40) -> 54813.772 | U63: =IFERROR(AVERAGE(O63:S63),0) -> 53907.667 | V63: =SUM(O63:S63) -> 269538.33
E64: =InpC!$E$30 -> Southern Water | F64: =InpC!$F$30 -> SRN | G64: =G18 -> nr | J64: =IF(ISBLANK(J41),J18,J41) -> 33546 | K64: =IF(ISBLANK(K41),K18,K41) -> 33992 | L64: =IF(ISBLANK(L41),L18,L41) -> 37760 | M64: =IF(ISBLANK(M41),M18,M41) -> 33567 | N64: =IF(ISBLANK(N41),N18,N41) -> 34000 | O64: =IF(ISBLANK(O41),O18,O41) -> 34000 | P64: =IF(ISBLANK(P41),P18,P41) -> 34000 | Q64: =IF(ISBLANK(Q41),Q18,Q41) -> 34000 | ... S64: =IF(ISBLANK(S41),S18,S41) -> 34000 | U64: =IFERROR(AVERAGE(O64:S64),0) -> 34000 | V64: =SUM(O64:S64) -> 170000
E65: =InpC!$E$31 -> Thames Water | F65: =InpC!$F$31 -> TMS | G65: =G19 -> nr | J65: =IF(ISBLANK(J42),J19,J42) -> 55039 | K65: =IF(ISBLANK(K42),K19,K42) -> 89202 | L65: =IF(ISBLANK(L42),L19,L42) -> 89202 | M65: =IF(ISBLANK(M42),M19,M42) -> 67686 | N65: =IF(ISBLANK(N42),N19,N42) -> 92049 | O65: =IF(ISBLANK(O42),O19,O42) -> 94432 | P65: =IF(ISBLANK(P42),P19,P42) -> 94432 | Q65: =IF(ISBLANK(Q42),Q19,Q42) -> 94432.009 | ... S65: =IF(ISBLANK(S42),S19,S42) -> 94432 | U65: =IFERROR(AVERAGE(O65:S65),0) -> 94432.004 | V65: =SUM(O65:S65) -> 472160.02
E66: =InpC!$E$32 -> United Utilities | F66: =InpC!$F$32 -> NWT | G66: =G20 -> nr | J66: =IF(ISBLANK(J43),J20,J43) -> 33652.674 | K66: =IF(ISBLANK(K43),K20,K43) -> 37705 | L66: =IF(ISBLANK(L43),L20,L43) -> 33707 | M66: =IF(ISBLANK(M43),M20,M43) -> 25780.008 | N66: =IF(ISBLANK(N43),N20,N43) -> 27808 | O66: =IF(ISBLANK(O43),O20,O43) -> 27808 | P66: =IF(ISBLANK(P43),P20,P43) -> 27808 | Q66: =IF(ISBLANK(Q43),Q20,Q43) -> 27808 | ... S66: =IF(ISBLANK(S43),S20,S43) -> 27808 | U66: =IFERROR(AVERAGE(O66:S66),0) -> 27808 | V66: =SUM(O66:S66) -> 139040
E67: =InpC!$E$33 -> Wessex Water | F67: =InpC!$F$33 -> WSX | G67: =G21 -> nr | J67: =IF(ISBLANK(J44),J21,J44) -> 2653 | K67: =IF(ISBLANK(K44),K21,K44) -> 3612 | L67: =IF(ISBLANK(L44),L21,L44) -> 4193 | M67: =IF(ISBLANK(M44),M21,M44) -> 2468 | N67: =IF(ISBLANK(N44),N21,N44) -> 3500 | O67: =IF(ISBLANK(O44),O21,O44) -> 3500 | P67: =IF(ISBLANK(P44),P21,P44) -> 3500 | Q67: =IF(ISBLANK(Q44),Q21,Q44) -> 3500 | ... S67: =IF(ISBLANK(S44),S21,S44) -> 3500 | U67: =IFERROR(AVERAGE(O67:S67),0) -> 3500 | V67: =SUM(O67:S67) -> 17500
E68: =InpC!$E$34 -> Yorkshire Water | F68: =InpC!$F$34 -> YKY | G68: =G22 -> nr | J68: =IF(ISBLANK(J45),J22,J45) -> 27208 | K68: =IF(ISBLANK(K45),K22,K45) -> 21430.17 | L68: =IF(ISBLANK(L45),L22,L45) -> 20800 | M68: =IF(ISBLANK(M45),M22,M45) -> 23607 | N68: =IF(ISBLANK(N45),N22,N45) -> 20927 | O68: =IF(ISBLANK(O45),O22,O45) -> 20927 | P68: =IF(ISBLANK(P45),P22,P45) -> 20927 | Q68: =IF(ISBLANK(Q45),Q22,Q45) -> 20927 | ... S68: =IF(ISBLANK(S45),S22,S45) -> 20927 | U68: =IFERROR(AVERAGE(O68:S68),0) -> 20927 | V68: =SUM(O68:S68) -> 104635
E69: =InpC!$E$35 -> Affinity Water | F69: =InpC!$F$35 -> AFW | G69: =G23 -> nr | J69: =IF(ISBLANK(J46),J23,J46) -> 25216 | K69: =IF(ISBLANK(K46),K23,K46) -> 24441.441 | L69: =IF(ISBLANK(L46),L23,L46) -> 25354.191 | M69: =IF(ISBLANK(M46),M23,M46) -> 23744.716 | N69: =IF(ISBLANK(N46),N23,N46) -> 25000 | O69: =IF(ISBLANK(O46),O23,O46) -> 25000 | P69: =IF(ISBLANK(P46),P23,P46) -> 25000 | Q69: =IF(ISBLANK(Q46),Q23,Q46) -> 25000 | ... S69: =IF(ISBLANK(S46),S23,S46) -> 25000 | U69: =IFERROR(AVERAGE(O69:S69),0) -> 25000 | V69: =SUM(O69:S69) -> 125000
E70: =InpC!$E$36 -> Portsmouth Water | F70: =InpC!$F$36 -> PRT | G70: =G24 -> nr | J70: =IF(ISBLANK(J47),J24,J47) -> 0 | K70: =IF(ISBLANK(K47),K24,K47) -> 0 | L70: =IF(ISBLANK(L47),L24,L47) -> 0 | M70: =IF(ISBLANK(M47),M24,M47) -> 4120 | N70: =IF(ISBLANK(N47),N24,N47) -> 5857 | O70: =IF(ISBLANK(O47),O24,O47) -> 6957 | P70: =IF(ISBLANK(P47),P24,P47) -> 7569 | Q70: =IF(ISBLANK(Q47),Q24,Q47) -> 6957 | ... S70: =IF(ISBLANK(S47),S24,S47) -> 6957 | U70: =IFERROR(AVERAGE(O70:S70),0) -> 7079.4 | V70: =SUM(O70:S70) -> 35397
E71: =InpC!$E$37 -> South East Water | F71: =InpC!$F$37 -> SEW | G71: =G25 -> nr | J71: =IF(ISBLANK(J48),J25,J48) -> 24470 | K71: =IF(ISBLANK(K48),K25,K48) -> 22888 | L71: =IF(ISBLANK(L48),L25,L48) -> 18931 | M71: =IF(ISBLANK(M48),M25,M48) -> 21517 | N71: =IF(ISBLANK(N48),N25,N48) -> 21662 | O71: =IF(ISBLANK(O48),O25,O48) -> 21749 | P71: =IF(ISBLANK(P48),P25,P48) -> 21827 | Q71: =IF(ISBLANK(Q48),Q25,Q48) -> 21936 | ... S71: =IF(ISBLANK(S48),S25,S48) -> 22253 | U71: =IFERROR(AVERAGE(O71:S71),0) -> 21967 | V71: =SUM(O71:S71) -> 109835
E72: =InpC!$E$38 -> South Staffs Water | F72: =InpC!$F$38 -> SSC | G72: =G26 -> nr | J72: =IF(ISBLANK(J49),J26,J49) -> 6108 | K72: =IF(ISBLANK(K49),K26,K49) -> 4117 | L72: =IF(ISBLANK(L49),L26,L49) -> 9974 | M72: =IF(ISBLANK(M49),M26,M49) -> 9974 | N72: =IF(ISBLANK(N49),N26,N49) -> 9974 | O72: =IF(ISBLANK(O49),O26,O49) -> 9974 | P72: =IF(ISBLANK(P49),P26,P49) -> 9974 | Q72: =IF(ISBLANK(Q49),Q26,Q49) -> 9974 | ... S72: =IF(ISBLANK(S49),S26,S49) -> 9974 | U72: =IFERROR(AVERAGE(O72:S72),0) -> 9974 | V72: =SUM(O72:S72) -> 49870
E73: =InpC!$E$39 -> SES Water | F73: =InpC!$F$39 -> SES | G73: =G27 -> nr | J73: =IF(ISBLANK(J50),J27,J50) -> 3538 | K73: =IF(ISBLANK(K50),K27,K50) -> 7606 | L73: =IF(ISBLANK(L50),L27,L50) -> 6275 | M73: =IF(ISBLANK(M50),M27,M50) -> 248 | N73: =IF(ISBLANK(N50),N27,N50) -> 6650 | O73: =IF(ISBLANK(O50),O27,O50) -> 6650 | P73: =IF(ISBLANK(P50),P27,P50) -> 6650 | Q73: =IF(ISBLANK(Q50),Q27,Q50) -> 6650 | ... S73: =IF(ISBLANK(S50),S27,S50) -> 6650 | U73: =IFERROR(AVERAGE(O73:S73),0) -> 6650 | V73: =SUM(O73:S73) -> 33250
E74: =InpC!$E$40 -> South West Water | F74: =InpC!$F$40 -> SWB | G74: =G28 -> nr | J74: =IF(ISBLANK(J51),J28,J51) -> 0 | K74: =IF(ISBLANK(K51),K28,K51) -> 0 | L74: =IF(ISBLANK(L51),L28,L51) -> 0 | M74: =IF(ISBLANK(M51),M28,M51) -> 4597 | N74: =IF(ISBLANK(N51),N28,N51) -> 24250 | O74: =IF(ISBLANK(O51),O28,O51) -> 22523 | P74: =IF(ISBLANK(P51),P28,P51) -> 22523 | Q74: =IF(ISBLANK(Q51),Q28,Q51) -> 22523 | ... S74: =IF(ISBLANK(S51),S28,S51) -> 22523 | U74: =IFERROR(AVERAGE(O74:S74),0) -> 22523 | V74: =SUM(O74:S74) -> 112615
E75: =InpC!$E$41 -> Bristol Water | F75: =InpC!$F$41 -> BRL | G75: =G29 -> nr | J75: =IF(ISBLANK(J52),J29,J52) -> 181 | K75: =IF(ISBLANK(K52),K29,K52) -> 11681 | L75: =IF(ISBLANK(L52),L29,L52) -> 13989 | M75: =IF(ISBLANK(M52),M29,M52) -> 14099 | N75: =IF(ISBLANK(N52),N29,N52) -> 13989 | O75: =IF(ISBLANK(O52),O29,O52) -> 22523 | P75: =IF(ISBLANK(P52),P29,P52) -> 22523 | Q75: =IF(ISBLANK(Q52),Q29,Q52) -> 22523 | ... S75: =IF(ISBLANK(S52),S29,S52) -> 22523 | U75: =IFERROR(AVERAGE(O75:S75),0) -> 22523 | V75: =SUM(O75:S75) -> 112615
E76: Industry total | G76: =G30 -> nr | J76: =SUM(J59:J75) -> 253044.67 | K76: =SUM(K59:K75) -> 337032.03 | L76: =SUM(L59:L75) -> 347233.19 | M76: =SUM(M59:M75) -> 293694.91 | N76: =SUM(N59:N75) -> 347672.06 | O76: =SUM(O59:O75) -> 379422.48 | P76: =SUM(P59:P75) -> 381059.91 | Q76: =SUM(Q59:Q75) -> 381523.86 | ... S76: =SUM(S59:S75) -> 383790.9 | U76: =SUM(U59:U75) -> 381683.72 | V76: =SUM(V59:V75) -> 1908418.6
C78: =InpC!$F$53 -> WWS1108CAS | D78: =InpC!$E$53 -> Traffic Management Act - Projects incurring costs associated with Traffic Management Act - Total | F78: 6 | G78: APR | J78: =J$2 -> 44286 | K78: =K$2 -> 44651 | L78: =L$2 -> 45016 | M78: =M$2 -> 45382 | N78: =N$2 -> 45747 | O78: =O$2 -> 46112 | P78: =P$2 -> 46477 | Q78: =Q$2 -> 46843 | ... S78: =S$2 -> 47573 | U78: =U$2 -> PR24 Average | V78: =V$2 -> PR24 Total
C79: =INDEX(InpC!$G$57:$G$62,'TMA Projects'!F78,) -> CWW2_018TOT_PR24 | D79: =INDEX(InpC!$G$48:$G$53,'TMA Projects'!F78,) -> Traffic Management Act - Projects incurring costs associated with Traffic Management Act - Total | G79: PR24
E80: Data before override
E82: =InpC!$E$25 -> Anglian Water | F82: =InpC!$F$25 -> ANH | G82: nr | J82: =SUMIFS('Consolidated Input'!F$6:F$209,'Consolidated Input'!$A$6:$A$209,$F82,'Consolidated Input'!$B$6:$B$209,$C$78) -> 2322 | K82: =SUMIFS('Consolidated Input'!G$6:G$209,'Consolidated Input'!$A$6:$A$209,$F82,'Consolidated Input'!$B$6:$B$209,$C$78) -> 1734 | L82: =SUMIFS('Consolidated Input'!H$6:H$209,'Consolidated Input'!$A$6:$A$209,$F82,'Consolidated Input'!$B$6:$B$209,$C$78) -> 870 | M82: =SUMIFS('Consolidated Input'!S$6:S$209,'Consolidated Input'!$A$6:$A$209,$F82,'Consolidated Input'!$B$6:$B$209,$C$79) -> 701 | N82: =SUMIFS('Consolidated Input'!T$6:T$209,'Consolidated Input'!$A$6:$A$209,$F82,'Consolidated Input'!$B$6:$B$209,$C$79) -> 900 | O82: =SUMIFS('Consolidated Input'!U$6:U$209,'Consolidated Input'!$A$6:$A$209,$F82,'Consolidated Input'!$B$6:$B$209,$C$79) -> 900 | P82: =SUMIFS('Consolidated Input'!V$6:V$209,'Consolidated Input'!$A$6:$A$209,$F82,'Consolidated Input'!$B$6:$B$209,$C$79) -> 900 | Q82: =SUMIFS('Consolidated Input'!W$6:W$209,'Consolidated Input'!$A$6:$A$209,$F82,'Consolidated Input'!$B$6:$B$209,$C$79) -> 900 | R82: =SUMIFS('Consolidated Input'!X$6:X$209,'Consolidated Input'!$A$6:$A$209,$F82,'Consolidated Input'!$B$6:$B$209,$C$79) -> 900 | S82: =SUMIFS('Consolidated Input'!Y$6:Y$209,'Consolidated Input'!$A$6:$A$209,$F82,'Consolidated Input'!$B$6:$B$209,$C$79) -> 900 | U82: =IFERROR(AVERAGE(O82:S82),0) -> 900 | V82: =SUM(O82:S82) -> 4500
E83: =InpC!$E$26 -> Dŵr Cymru | F83: =InpC!$F$26 -> WSH | G83: nr | J83: =SUMIFS('Consolidated Input'!F$6:F$209,'Consolidated Input'!$A$6:$A$209,$F83,'Consolidated Input'!$B$6:$B$209,$C$78) -> 832 | K83: =SUMIFS('Consolidated Input'!G$6:G$209,'Consolidated Input'!$A$6:$A$209,$F83,'Consolidated Input'!$B$6:$B$209,$C$78) -> 0 | L83: =SUMIFS('Consolidated Input'!H$6:H$209,'Consolidated Input'!$A$6:$A$209,$F83,'Consolidated Input'!$B$6:$B$209,$C$78) -> 323 | M83: =SUMIFS('Consolidated Input'!S$6:S$209,'Consolidated Input'!$A$6:$A$209,$F83,'Consolidated Input'!$B$6:$B$209,$C$79) -> 421 | N83: =SUMIFS('Consolidated Input'!T$6:T$209,'Consolidated Input'!$A$6:$A$209,$F83,'Consolidated Input'!$B$6:$B$209,$C$79) -> 152.818 | O83: =SUMIFS('Consolidated Input'!U$6:U$209,'Consolidated Input'!$A$6:$A$209,$F83,'Consolidated Input'!$B$6:$B$209,$C$79) -> 90.3 | P83: =SUMIFS('Consolidated Input'!V$6:V$209,'Consolidated Input'!$A$6:$A$209,$F83,'Consolidated Input'!$B$6:$B$209,$C$79) -> 86.827 | Q83: =SUMIFS('Consolidated Input'!W$6:W$209,'Consolidated Input'!$A$6:$A$209,$F83,'Consolidated Input'!$B$6:$B$209,$C$79) -> 86.827 | R83: =SUMIFS('Consolidated Input'!X$6:X$209,'Consolidated Input'!$A$6:$A$209,$F83,'Consolidated Input'!$B$6:$B$209,$C$79) -> 83.354 | S83: =SUMIFS('Consolidated Input'!Y$6:Y$209,'Consolidated Input'!$A$6:$A$209,$F83,'Consolidated Input'!$B$6:$B$209,$C$79) -> 83.354 | U83: =IFERROR(AVERAGE(O83:S83),0) -> 86.1324 | V83: =SUM(O83:S83) -> 430.662
E84: =InpC!$E$27 -> Hafren Dyfrdwy | F84: =InpC!$F$27 -> HDD | G84: nr | J84: =SUMIFS('Consolidated Input'!F$6:F$209,'Consolidated Input'!$A$6:$A$209,$F84,'Consolidated Input'!$B$6:$B$209,$C$78) -> 0 | K84: =SUMIFS('Consolidated Input'!G$6:G$209,'Consolidated Input'!$A$6:$A$209,$F84,'Consolidated Input'!$B$6:$B$209,$C$78) -> 0 | L84: =SUMIFS('Consolidated Input'!H$6:H$209,'Consolidated Input'!$A$6:$A$209,$F84,'Consolidated Input'!$B$6:$B$209,$C$78) -> 0 | M84: =SUMIFS('Consolidated Input'!S$6:S$209,'Consolidated Input'!$A$6:$A$209,$F84,'Consolidated Input'!$B$6:$B$209,$C$79) -> 0 | N84: =SUMIFS('Consolidated Input'!T$6:T$209,'Consolidated Input'!$A$6:$A$209,$F84,'Consolidated Input'!$B$6:$B$209,$C$79) -> 0 | O84: =SUMIFS('Consolidated Input'!U$6:U$209,'Consolidated Input'!$A$6:$A$209,$F84,'Consolidated Input'!$B$6:$B$209,$C$79) -> 0 | P84: =SUMIFS('Consolidated Input'!V$6:V$209,'Consolidated Input'!$A$6:$A$209,$F84,'Consolidated Input'!$B$6:$B$209,$C$79) -> 0 | Q84: =SUMIFS('Consolidated Input'!W$6:W$209,'Consolidated Input'!$A$6:$A$209,$F84,'Consolidated Input'!$B$6:$B$209,$C$79) -> 0 | R84: =SUMIFS('Consolidated Input'!X$6:X$209,'Consolidated Input'!$A$6:$A$209,$F84,'Consolidated Input'!$B$6:$B$209,$C$79) -> 0 | S84: =SUMIFS('Consolidated Input'!Y$6:Y$209,'Consolidated Input'!$A$6:$A$209,$F84,'Consolidated Input'!$B$6:$B$209,$C$79) -> 0 | U84: =IFERROR(AVERAGE(O84:S84),0) -> 0 | V84: =SUM(O84:S84) -> 0
E85: =InpC!$E$28 -> Northumbrian Water | F85: =InpC!$F$28 -> NES | G85: nr | J85: =SUMIFS('Consolidated Input'!F$6:F$209,'Consolidated Input'!$A$6:$A$209,$F85,'Consolidated Input'!$B$6:$B$209,$C$78) -> 5957 | K85: =SUMIFS('Consolidated Input'!G$6:G$209,'Consolidated Input'!$A$6:$A$209,$F85,'Consolidated Input'!$B$6:$B$209,$C$78) -> 747 | L85: =SUMIFS('Consolidated Input'!H$6:H$209,'Consolidated Input'!$A$6:$A$209,$F85,'Consolidated Input'!$B$6:$B$209,$C$78) -> 402 | M85: =SUMIFS('Consolidated Input'!S$6:S$209,'Consolidated Input'!$A$6:$A$209,$F85,'Consolidated Input'!$B$6:$B$209,$C$79) -> 209 | N85: =SUMIFS('Consolidated Input'!T$6:T$209,'Consolidated Input'!$A$6:$A$209,$F85,'Consolidated Input'!$B$6:$B$209,$C$79) -> 402 | O85: =SUMIFS('Consolidated Input'!U$6:U$209,'Consolidated Input'!$A$6:$A$209,$F85,'Consolidated Input'!$B$6:$B$209,$C$79) -> 402 | P85: =SUMIFS('Consolidated Input'!V$6:V$209,'Consolidated Input'!$A$6:$A$209,$F85,'Consolidated Input'!$B$6:$B$209,$C$79) -> 402 | Q85: =SUMIFS('Consolidated Input'!W$6:W$209,'Consolidated Input'!$A$6:$A$209,$F85,'Consolidated Input'!$B$6:$B$209,$C$79) -> 402 | R85: =SUMIFS('Consolidated Input'!X$6:X$209,'Consolidated Input'!$A$6:$A$209,$F85,'Consolidated Input'!$B$6:$B$209,$C$79) -> 402 | S85: =SUMIFS('Consolidated Input'!Y$6:Y$209,'Consolidated Input'!$A$6:$A$209,$F85,'Consolidated Input'!$B$6:$B$209,$C$79) -> 402 | U85: =IFERROR(AVERAGE(O85:S85),0) -> 402 | V85: =SUM(O85:S85) -> 2010
E86: =InpC!$E$29 -> Severn Trent Water | F86: =InpC!$F$29 -> SVE | G86: nr | J86: =SUMIFS('Consolidated Input'!F$6:F$209,'Consolidated Input'!$A$6:$A$209,$F86,'Consolidated Input'!$B$6:$B$209,$C$78) -> 24 | K86: =SUMIFS('Consolidated Input'!G$6:G$209,'Consolidated Input'!$A$6:$A$209,$F86,'Consolidated Input'!$B$6:$B$209,$C$78) -> 2142.5827 | L86: =SUMIFS('Consolidated Input'!H$6:H$209,'Consolidated Input'!$A$6:$A$209,$F86,'Consolidated Input'!$B$6:$B$209,$C$78) -> 178 | M86: =SUMIFS('Consolidated Input'!S$6:S$209,'Consolidated Input'!$A$6:$A$209,$F86,'Consolidated Input'!$B$6:$B$209,$C$79) -> 750.05179 | N86: =SUMIFS('Consolidated Input'!T$6:T$209,'Consolidated Input'!$A$6:$A$209,$F86,'Consolidated Input'!$B$6:$B$209,$C$79) -> 5407.2686 | O86: =SUMIFS('Consolidated Input'!U$6:U$209,'Consolidated Input'!$A$6:$A$209,$F86,'Consolidated Input'!$B$6:$B$209,$C$79) -> 5440.1926 | P86: =SUMIFS('Consolidated Input'!V$6:V$209,'Consolidated Input'!$A$6:$A$209,$F86,'Consolidated Input'!$B$6:$B$209,$C$79) -> 5473.3171 | Q86: =SUMIFS('Consolidated Input'!W$6:W$209,'Consolidated Input'!$A$6:$A$209,$F86,'Consolidated Input'!$B$6:$B$209,$C$79) -> 5506.6434 | R86: =SUMIFS('Consolidated Input'!X$6:X$209,'Consolidated Input'!$A$6:$A$209,$F86,'Consolidated Input'!$B$6:$B$209,$C$79) -> 5540.1725 | S86: =SUMIFS('Consolidated Input'!Y$6:Y$209,'Consolidated Input'!$A$6:$A$209,$F86,'Consolidated Input'!$B$6:$B$209,$C$79) -> 5573.9058 | U86: =IFERROR(AVERAGE(O86:S86),0) -> 5506.8463 | V86: =SUM(O86:S86) -> 27534.231
E87: =InpC!$E$30 -> Southern Water | F87: =InpC!$F$30 -> SRN | G87: nr | J87: =SUMIFS('Consolidated Input'!F$6:F$209,'Consolidated Input'!$A$6:$A$209,$F87,'Consolidated Input'!$B$6:$B$209,$C$78) -> 3728 | K87: =SUMIFS('Consolidated Input'!G$6:G$209,'Consolidated Input'!$A$6:$A$209,$F87,'Consolidated Input'!$B$6:$B$209,$C$78) -> 3776 | L87: =SUMIFS('Consolidated Input'!H$6:H$209,'Consolidated Input'!$A$6:$A$209,$F87,'Consolidated Input'!$B$6:$B$209,$C$78) -> 4196 | M87: =SUMIFS('Consolidated Input'!S$6:S$209,'Consolidated Input'!$A$6:$A$209,$F87,'Consolidated Input'!$B$6:$B$209,$C$79) -> 3729 | N87: =SUMIFS('Consolidated Input'!T$6:T$209,'Consolidated Input'!$A$6:$A$209,$F87,'Consolidated Input'!$B$6:$B$209,$C$79) -> 4000 | O87: =SUMIFS('Consolidated Input'!U$6:U$209,'Consolidated Input'!$A$6:$A$209,$F87,'Consolidated Input'!$B$6:$B$209,$C$79) -> 4000 | P87: =SUMIFS('Consolidated Input'!V$6:V$209,'Consolidated Input'!$A$6:$A$209,$F87,'Consolidated Input'!$B$6:$B$209,$C$79) -> 4000 | Q87: =SUMIFS('Consolidated Input'!W$6:W$209,'Consolidated Input'!$A$6:$A$209,$F87,'Consolidated Input'!$B$6:$B$209,$C$79) -> 4000 | R87: =SUMIFS('Consolidated Input'!X$6:X$209,'Consolidated Input'!$A$6:$A$209,$F87,'Consolidated Input'!$B$6:$B$209,$C$79) -> 4000 | S87: =SUMIFS('Consolidated Input'!Y$6:Y$209,'Consolidated Input'!$A$6:$A$209,$F87,'Consolidated Input'!$B$6:$B$209,$C$79) -> 4000 | U87: =IFERROR(AVERAGE(O87:S87),0) -> 4000 | V87: =SUM(O87:S87) -> 20000
E88: =InpC!$E$31 -> Thames Water | F88: =InpC!$F$31 -> TMS | G88: nr | J88: =SUMIFS('Consolidated Input'!F$6:F$209,'Consolidated Input'!$A$6:$A$209,$F88,'Consolidated Input'!$B$6:$B$209,$C$78) -> 6751 | K88: =SUMIFS('Consolidated Input'!G$6:G$209,'Consolidated Input'!$A$6:$A$209,$F88,'Consolidated Input'!$B$6:$B$209,$C$78) -> 14011 | L88: =SUMIFS('Consolidated Input'!H$6:H$209,'Consolidated Input'!$A$6:$A$209,$F88,'Consolidated Input'!$B$6:$B$209,$C$78) -> 7130 | M88: =SUMIFS('Consolidated Input'!S$6:S$209,'Consolidated Input'!$A$6:$A$209,$F88,'Consolidated Input'!$B$6:$B$209,$C$79) -> 6725 | N88: =SUMIFS('Consolidated Input'!T$6:T$209,'Consolidated Input'!$A$6:$A$209,$F88,'Consolidated Input'!$B$6:$B$209,$C$79) -> 7091 | O88: =SUMIFS('Consolidated Input'!U$6:U$209,'Consolidated Input'!$A$6:$A$209,$F88,'Consolidated Input'!$B$6:$B$209,$C$79) -> 7143 | P88: =SUMIFS('Consolidated Input'!V$6:V$209,'Consolidated Input'!$A$6:$A$209,$F88,'Consolidated Input'!$B$6:$B$209,$C$79) -> 7163 | Q88: =SUMIFS('Consolidated Input'!W$6:W$209,'Consolidated Input'!$A$6:$A$209,$F88,'Consolidated Input'!$B$6:$B$209,$C$79) -> 7184 | R88: =SUMIFS('Consolidated Input'!X$6:X$209,'Consolidated Input'!$A$6:$A$209,$F88,'Consolidated Input'!$B$6:$B$209,$C$79) -> 7206 | S88: =SUMIFS('Consolidated Input'!Y$6:Y$209,'Consolidated Input'!$A$6:$A$209,$F88,'Consolidated Input'!$B$6:$B$209,$C$79) -> 7227 | U88: =IFERROR(AVERAGE(O88:S88),0) -> 7184.6 | V88: =SUM(O88:S88) -> 35923
E89: =InpC!$E$32 -> United Utilities | F89: =InpC!$F$32 -> NWT | G89: nr | J89: =SUMIFS('Consolidated Input'!F$6:F$209,'Consolidated Input'!$A$6:$A$209,$F89,'Consolidated Input'!$B$6:$B$209,$C$78) -> 3837.0068 | K89: =SUMIFS('Consolidated Input'!G$6:G$209,'Consolidated Input'!$A$6:$A$209,$F89,'Consolidated Input'!$B$6:$B$209,$C$78) -> 7023 | L89: =SUMIFS('Consolidated Input'!H$6:H$209,'Consolidated Input'!$A$6:$A$209,$F89,'Consolidated Input'!$B$6:$B$209,$C$78) -> 8236 | M89: =SUMIFS('Consolidated Input'!S$6:S$209,'Consolidated Input'!$A$6:$A$209,$F89,'Consolidated Input'!$B$6:$B$209,$C$79) -> 5660.9904 | N89: =SUMIFS('Consolidated Input'!T$6:T$209,'Consolidated Input'!$A$6:$A$209,$F89,'Consolidated Input'!$B$6:$B$209,$C$79) -> 5051 | O89: =SUMIFS('Consolidated Input'!U$6:U$209,'Consolidated Input'!$A$6:$A$209,$F89,'Consolidated Input'!$B$6:$B$209,$C$79) -> 5088.103 | P89: =SUMIFS('Consolidated Input'!V$6:V$209,'Consolidated Input'!$A$6:$A$209,$F89,'Consolidated Input'!$B$6:$B$209,$C$79) -> 5088.103 | Q89: =SUMIFS('Consolidated Input'!W$6:W$209,'Consolidated Input'!$A$6:$A$209,$F89,'Consolidated Input'!$B$6:$B$209,$C$79) -> 5088.103 | R89: =SUMIFS('Consolidated Input'!X$6:X$209,'Consolidated Input'!$A$6:$A$209,$F89,'Consolidated Input'!$B$6:$B$209,$C$79) -> 5088.103 | S89: =SUMIFS('Consolidated Input'!Y$6:Y$209,'Consolidated Input'!$A$6:$A$209,$F89,'Consolidated Input'!$B$6:$B$209,$C$79) -> 5088.103 | U89: =IFERROR(AVERAGE(O89:S89),0) -> 5088.103 | V89: =SUM(O89:S89) -> 25440.515
E90: =InpC!$E$33 -> Wessex Water | F90: =InpC!$F$33 -> WSX | G90: nr | J90: =SUMIFS('Consolidated Input'!F$6:F$209,'Consolidated Input'!$A$6:$A$209,$F90,'Consolidated Input'!$B$6:$B$209,$C$78) -> 223 | K90: =SUMIFS('Consolidated Input'!G$6:G$209,'Consolidated Input'!$A$6:$A$209,$F90,'Consolidated Input'!$B$6:$B$209,$C$78) -> 461 | L90: =SUMIFS('Consolidated Input'!H$6:H$209,'Consolidated Input'!$A$6:$A$209,$F90,'Consolidated Input'!$B$6:$B$209,$C$78) -> 390 | M90: =SUMIFS('Consolidated Input'!S$6:S$209,'Consolidated Input'!$A$6:$A$209,$F90,'Consolidated Input'!$B$6:$B$209,$C$79) -> 283 | N90: =SUMIFS('Consolidated Input'!T$6:T$209,'Consolidated Input'!$A$6:$A$209,$F90,'Consolidated Input'!$B$6:$B$209,$C$79) -> 350 | O90: =SUMIFS('Consolidated Input'!U$6:U$209,'Consolidated Input'!$A$6:$A$209,$F90,'Consolidated Input'!$B$6:$B$209,$C$79) -> 350 | P90: =SUMIFS('Consolidated Input'!V$6:V$209,'Consolidated Input'!$A$6:$A$209,$F90,'Consolidated Input'!$B$6:$B$209,$C$79) -> 350 | Q90: =SUMIFS('Consolidated Input'!W$6:W$209,'Consolidated Input'!$A$6:$A$209,$F90,'Consolidated Input'!$B$6:$B$209,$C$79) -> 350 | R90: =SUMIFS('Consolidated Input'!X$6:X$209,'Consolidated Input'!$A$6:$A$209,$F90,'Consolidated Input'!$B$6:$B$209,$C$79) -> 350 | S90: =SUMIFS('Consolidated Input'!Y$6:Y$209,'Consolidated Input'!$A$6:$A$209,$F90,'Consolidated Input'!$B$6:$B$209,$C$79) -> 350 | U90: =IFERROR(AVERAGE(O90:S90),0) -> 350 | V90: =SUM(O90:S90) -> 1750
E91: =InpC!$E$34 -> Yorkshire Water | F91: =InpC!$F$34 -> YKY | G91: nr | J91: =SUMIFS('Consolidated Input'!F$6:F$209,'Consolidated Input'!$A$6:$A$209,$F91,'Consolidated Input'!$B$6:$B$209,$C$78) -> 1500 | K91: =SUMIFS('Consolidated Input'!G$6:G$209,'Consolidated Input'!$A$6:$A$209,$F91,'Consolidated Input'!$B$6:$B$209,$C$78) -> 811.94 | L91: =SUMIFS('Consolidated Input'!H$6:H$209,'Consolidated Input'!$A$6:$A$209,$F91,'Consolidated Input'!$B$6:$B$209,$C$78) -> 811 | M91: =SUMIFS('Consolidated Input'!S$6:S$209,'Consolidated Input'!$A$6:$A$209,$F91,'Consolidated Input'!$B$6:$B$209,$C$79) -> 1916 | N91: =SUMIFS('Consolidated Input'!T$6:T$209,'Consolidated Input'!$A$6:$A$209,$F91,'Consolidated Input'!$B$6:$B$209,$C$79) -> 815 | O91: =SUMIFS('Consolidated Input'!U$6:U$209,'Consolidated Input'!$A$6:$A$209,$F91,'Consolidated Input'!$B$6:$B$209,$C$79) -> 815 | P91: =SUMIFS('Consolidated Input'!V$6:V$209,'Consolidated Input'!$A$6:$A$209,$F91,'Consolidated Input'!$B$6:$B$209,$C$79) -> 815 | Q91: =SUMIFS('Consolidated Input'!W$6:W$209,'Consolidated Input'!$A$6:$A$209,$F91,'Consolidated Input'!$B$6:$B$209,$C$79) -> 815 | R91: =SUMIFS('Consolidated Input'!X$6:X$209,'Consolidated Input'!$A$6:$A$209,$F91,'Consolidated Input'!$B$6:$B$209,$C$79) -> 815 | S91: =SUMIFS('Consolidated Input'!Y$6:Y$209,'Consolidated Input'!$A$6:$A$209,$F91,'Consolidated Input'!$B$6:$B$209,$C$79) -> 815 | U91: =IFERROR(AVERAGE(O91:S91),0) -> 815 | V91: =SUM(O91:S91) -> 4075
E92: =InpC!$E$35 -> Affinity Water | F92: =InpC!$F$35 -> AFW | G92: nr | J92: =SUMIFS('Consolidated Input'!F$6:F$209,'Consolidated Input'!$A$6:$A$209,$F92,'Consolidated Input'!$B$6:$B$209,$C$78) -> 0 | K92: =SUMIFS('Consolidated Input'!G$6:G$209,'Consolidated Input'!$A$6:$A$209,$F92,'Consolidated Input'!$B$6:$B$209,$C$78) -> 0 | L92: =SUMIFS('Consolidated Input'!H$6:H$209,'Consolidated Input'!$A$6:$A$209,$F92,'Consolidated Input'!$B$6:$B$209,$C$78) -> 0 | M92: =SUMIFS('Consolidated Input'!S$6:S$209,'Consolidated Input'!$A$6:$A$209,$F92,'Consolidated Input'!$B$6:$B$209,$C$79) -> 0 | N92: =SUMIFS('Consolidated Input'!T$6:T$209,'Consolidated Input'!$A$6:$A$209,$F92,'Consolidated Input'!$B$6:$B$209,$C$79) -> 0 | O92: =SUMIFS('Consolidated Input'!U$6:U$209,'Consolidated Input'!$A$6:$A$209,$F92,'Consolidated Input'!$B$6:$B$209,$C$79) -> 0 | P92: =SUMIFS('Consolidated Input'!V$6:V$209,'Consolidated Input'!$A$6:$A$209,$F92,'Consolidated Input'!$B$6:$B$209,$C$79) -> 0 | Q92: =SUMIFS('Consolidated Input'!W$6:W$209,'Consolidated Input'!$A$6:$A$209,$F92,'Consolidated Input'!$B$6:$B$209,$C$79) -> 0 | R92: =SUMIFS('Consolidated Input'!X$6:X$209,'Consolidated Input'!$A$6:$A$209,$F92,'Consolidated Input'!$B$6:$B$209,$C$79) -> 0 | S92: =SUMIFS('Consolidated Input'!Y$6:Y$209,'Consolidated Input'!$A$6:$A$209,$F92,'Consolidated Input'!$B$6:$B$209,$C$79) -> 0 | U92: =IFERROR(AVERAGE(O92:S92),0) -> 0 | V92: =SUM(O92:S92) -> 0
E93: =InpC!$E$36 -> Portsmouth Water | F93: =InpC!$F$36 -> PRT | G93: nr | J93: =SUMIFS('Consolidated Input'!F$6:F$209,'Consolidated Input'!$A$6:$A$209,$F93,'Consolidated Input'!$B$6:$B$209,$C$78) -> 0 | K93: =SUMIFS('Consolidated Input'!G$6:G$209,'Consolidated Input'!$A$6:$A$209,$F93,'Consolidated Input'!$B$6:$B$209,$C$78) -> 0 | L93: =SUMIFS('Consolidated Input'!H$6:H$209,'Consolidated Input'!$A$6:$A$209,$F93,'Consolidated Input'!$B$6:$B$209,$C$78) -> 0 | M93: =SUMIFS('Consolidated Input'!S$6:S$209,'Consolidated Input'!$A$6:$A$209,$F93,'Consolidated Input'!$B$6:$B$209,$C$79) -> 0 | N93: =SUMIFS('Consolidated Input'!T$6:T$209,'Consolidated Input'!$A$6:$A$209,$F93,'Consolidated Input'!$B$6:$B$209,$C$79) -> 0 | O93: =SUMIFS('Consolidated Input'!U$6:U$209,'Consolidated Input'!$A$6:$A$209,$F93,'Consolidated Input'!$B$6:$B$209,$C$79) -> 0 | P93: =SUMIFS('Consolidated Input'!V$6:V$209,'Consolidated Input'!$A$6:$A$209,$F93,'Consolidated Input'!$B$6:$B$209,$C$79) -> 0 | Q93: =SUMIFS('Consolidated Input'!W$6:W$209,'Consolidated Input'!$A$6:$A$209,$F93,'Consolidated Input'!$B$6:$B$209,$C$79) -> 0 | R93: =SUMIFS('Consolidated Input'!X$6:X$209,'Consolidated Input'!$A$6:$A$209,$F93,'Consolidated Input'!$B$6:$B$209,$C$79) -> 0 | S93: =SUMIFS('Consolidated Input'!Y$6:Y$209,'Consolidated Input'!$A$6:$A$209,$F93,'Consolidated Input'!$B$6:$B$209,$C$79) -> 0 | U93: =IFERROR(AVERAGE(O93:S93),0) -> 0 | V93: =SUM(O93:S93) -> 0
E94: =InpC!$E$37 -> South East Water | F94: =InpC!$F$37 -> SEW | G94: nr | J94: =SUMIFS('Consolidated Input'!F$6:F$209,'Consolidated Input'!$A$6:$A$209,$F94,'Consolidated Input'!$B$6:$B$209,$C$78) -> 0 | K94: =SUMIFS('Consolidated Input'!G$6:G$209,'Consolidated Input'!$A$6:$A$209,$F94,'Consolidated Input'!$B$6:$B$209,$C$78) -> 0 | L94: =SUMIFS('Consolidated Input'!H$6:H$209,'Consolidated Input'!$A$6:$A$209,$F94,'Consolidated Input'!$B$6:$B$209,$C$78) -> 0 | M94: =SUMIFS('Consolidated Input'!S$6:S$209,'Consolidated Input'!$A$6:$A$209,$F94,'Consolidated Input'!$B$6:$B$209,$C$79) -> 0 | N94: =SUMIFS('Consolidated Input'!T$6:T$209,'Consolidated Input'!$A$6:$A$209,$F94,'Consolidated Input'!$B$6:$B$209,$C$79) -> 0 | O94: =SUMIFS('Consolidated Input'!U$6:U$209,'Consolidated Input'!$A$6:$A$209,$F94,'Consolidated Input'!$B$6:$B$209,$C$79) -> 0 | P94: =SUMIFS('Consolidated Input'!V$6:V$209,'Consolidated Input'!$A$6:$A$209,$F94,'Consolidated Input'!$B$6:$B$209,$C$79) -> 0 | Q94: =SUMIFS('Consolidated Input'!W$6:W$209,'Consolidated Input'!$A$6:$A$209,$F94,'Consolidated Input'!$B$6:$B$209,$C$79) -> 0 | R94: =SUMIFS('Consolidated Input'!X$6:X$209,'Consolidated Input'!$A$6:$A$209,$F94,'Consolidated Input'!$B$6:$B$209,$C$79) -> 0 | S94: =SUMIFS('Consolidated Input'!Y$6:Y$209,'Consolidated Input'!$A$6:$A$209,$F94,'Consolidated Input'!$B$6:$B$209,$C$79) -> 0 | U94: =IFERROR(AVERAGE(O94:S94),0) -> 0 | V94: =SUM(O94:S94) -> 0
E95: =InpC!$E$38 -> South Staffs Water | F95: =InpC!$F$38 -> SSC | G95: nr | J95: =SUMIFS('Consolidated Input'!F$6:F$209,'Consolidated Input'!$A$6:$A$209,$F95,'Consolidated Input'!$B$6:$B$209,$C$78) -> 0 | K95: =SUMIFS('Consolidated Input'!G$6:G$209,'Consolidated Input'!$A$6:$A$209,$F95,'Consolidated Input'!$B$6:$B$209,$C$78) -> 0 | L95: =SUMIFS('Consolidated Input'!H$6:H$209,'Consolidated Input'!$A$6:$A$209,$F95,'Consolidated Input'!$B$6:$B$209,$C$78) -> 0 | M95: =SUMIFS('Consolidated Input'!S$6:S$209,'Consolidated Input'!$A$6:$A$209,$F95,'Consolidated Input'!$B$6:$B$209,$C$79) -> 0 | N95: =SUMIFS('Consolidated Input'!T$6:T$209,'Consolidated Input'!$A$6:$A$209,$F95,'Consolidated Input'!$B$6:$B$209,$C$79) -> 0 | O95: =SUMIFS('Consolidated Input'!U$6:U$209,'Consolidated Input'!$A$6:$A$209,$F95,'Consolidated Input'!$B$6:$B$209,$C$79) -> 0 | P95: =SUMIFS('Consolidated Input'!V$6:V$209,'Consolidated Input'!$A$6:$A$209,$F95,'Consolidated Input'!$B$6:$B$209,$C$79) -> 0 | Q95: =SUMIFS('Consolidated Input'!W$6:W$209,'Consolidated Input'!$A$6:$A$209,$F95,'Consolidated Input'!$B$6:$B$209,$C$79) -> 0 | R95: =SUMIFS('Consolidated Input'!X$6:X$209,'Consolidated Input'!$A$6:$A$209,$F95,'Consolidated Input'!$B$6:$B$209,$C$79) -> 0 | S95: =SUMIFS('Consolidated Input'!Y$6:Y$209,'Consolidated Input'!$A$6:$A$209,$F95,'Consolidated Input'!$B$6:$B$209,$C$79) -> 0 | U95: =IFERROR(AVERAGE(O95:S95),0) -> 0 | V95: =SUM(O95:S95) -> 0
E96: =InpC!$E$39 -> SES Water | F96: =InpC!$F$39 -> SES | G96: nr | J96: =SUMIFS('Consolidated Input'!F$6:F$209,'Consolidated Input'!$A$6:$A$209,$F96,'Consolidated Input'!$B$6:$B$209,$C$78) -> 0 | K96: =SUMIFS('Consolidated Input'!G$6:G$209,'Consolidated Input'!$A$6:$A$209,$F96,'Consolidated Input'!$B$6:$B$209,$C$78) -> 0 | L96: =SUMIFS('Consolidated Input'!H$6:H$209,'Consolidated Input'!$A$6:$A$209,$F96,'Consolidated Input'!$B$6:$B$209,$C$78) -> 0 | M96: =SUMIFS('Consolidated Input'!S$6:S$209,'Consolidated Input'!$A$6:$A$209,$F96,'Consolidated Input'!$B$6:$B$209,$C$79) -> 0 | N96: =SUMIFS('Consolidated Input'!T$6:T$209,'Consolidated Input'!$A$6:$A$209,$F96,'Consolidated Input'!$B$6:$B$209,$C$79) -> 0 | O96: =SUMIFS('Consolidated Input'!U$6:U$209,'Consolidated Input'!$A$6:$A$209,$F96,'Consolidated Input'!$B$6:$B$209,$C$79) -> 0 | P96: =SUMIFS('Consolidated Input'!V$6:V$209,'Consolidated Input'!$A$6:$A$209,$F96,'Consolidated Input'!$B$6:$B$209,$C$79) -> 0 | Q96: =SUMIFS('Consolidated Input'!W$6:W$209,'Consolidated Input'!$A$6:$A$209,$F96,'Consolidated Input'!$B$6:$B$209,$C$79) -> 0 | R96: =SUMIFS('Consolidated Input'!X$6:X$209,'Consolidated Input'!$A$6:$A$209,$F96,'Consolidated Input'!$B$6:$B$209,$C$79) -> 0 | S96: =SUMIFS('Consolidated Input'!Y$6:Y$209,'Consolidated Input'!$A$6:$A$209,$F96,'Consolidated Input'!$B$6:$B$209,$C$79) -> 0 | U96: =IFERROR(AVERAGE(O96:S96),0) -> 0 | V96: =SUM(O96:S96) -> 0
E97: =InpC!$E$40 -> South West Water | F97: =InpC!$F$40 -> SWB | G97: nr | J97: =SUMIFS('Consolidated Input'!F$6:F$209,'Consolidated Input'!$A$6:$A$209,$F97,'Consolidated Input'!$B$6:$B$209,$C$78) -> 0 | K97: =SUMIFS('Consolidated Input'!G$6:G$209,'Consolidated Input'!$A$6:$A$209,$F97,'Consolidated Input'!$B$6:$B$209,$C$78) -> 0 | L97: =SUMIFS('Consolidated Input'!H$6:H$209,'Consolidated Input'!$A$6:$A$209,$F97,'Consolidated Input'!$B$6:$B$209,$C$78) -> 0 | M97: =SUMIFS('Consolidated Input'!S$6:S$209,'Consolidated Input'!$A$6:$A$209,$F97,'Consolidated Input'!$B$6:$B$209,$C$79) -> 0 | N97: =SUMIFS('Consolidated Input'!T$6:T$209,'Consolidated Input'!$A$6:$A$209,$F97,'Consolidated Input'!$B$6:$B$209,$C$79) -> 2743 | O97: =SUMIFS('Consolidated Input'!U$6:U$209,'Consolidated Input'!$A$6:$A$209,$F97,'Consolidated Input'!$B$6:$B$209,$C$79) -> 2743 | P97: =SUMIFS('Consolidated Input'!V$6:V$209,'Consolidated Input'!$A$6:$A$209,$F97,'Consolidated Input'!$B$6:$B$209,$C$79) -> 2743 | Q97: =SUMIFS('Consolidated Input'!W$6:W$209,'Consolidated Input'!$A$6:$A$209,$F97,'Consolidated Input'!$B$6:$B$209,$C$79) -> 2743 | R97: =SUMIFS('Consolidated Input'!X$6:X$209,'Consolidated Input'!$A$6:$A$209,$F97,'Consolidated Input'!$B$6:$B$209,$C$79) -> 2743 | S97: =SUMIFS('Consolidated Input'!Y$6:Y$209,'Consolidated Input'!$A$6:$A$209,$F97,'Consolidated Input'!$B$6:$B$209,$C$79) -> 2743 | U97: =IFERROR(AVERAGE(O97:S97),0) -> 2743 | V97: =SUM(O97:S97) -> 13715
E98: =InpC!$E$41 -> Bristol Water | F98: =InpC!$F$41 -> BRL | G98: nr | J98: =SUMIFS('Consolidated Input'!F$6:F$209,'Consolidated Input'!$A$6:$A$209,$F98,'Consolidated Input'!$B$6:$B$209,$C$78) -> 0 | K98: =SUMIFS('Consolidated Input'!G$6:G$209,'Consolidated Input'!$A$6:$A$209,$F98,'Consolidated Input'!$B$6:$B$209,$C$78) -> 0 | L98: =SUMIFS('Consolidated Input'!H$6:H$209,'Consolidated Input'!$A$6:$A$209,$F98,'Consolidated Input'!$B$6:$B$209,$C$78) -> 0 | M98: =SUMIFS('Consolidated Input'!S$6:S$209,'Consolidated Input'!$A$6:$A$209,$F98,'Consolidated Input'!$B$6:$B$209,$C$79) -> 0 | N98: =SUMIFS('Consolidated Input'!T$6:T$209,'Consolidated Input'!$A$6:$A$209,$F98,'Consolidated Input'!$B$6:$B$209,$C$79) -> 0 | O98: =SUMIFS('Consolidated Input'!U$6:U$209,'Consolidated Input'!$A$6:$A$209,$F98,'Consolidated Input'!$B$6:$B$209,$C$79) -> 0 | P98: =SUMIFS('Consolidated Input'!V$6:V$209,'Consolidated Input'!$A$6:$A$209,$F98,'Consolidated Input'!$B$6:$B$209,$C$79) -> 0 | Q98: =SUMIFS('Consolidated Input'!W$6:W$209,'Consolidated Input'!$A$6:$A$209,$F98,'Consolidated Input'!$B$6:$B$209,$C$79) -> 0 | R98: =SUMIFS('Consolidated Input'!X$6:X$209,'Consolidated Input'!$A$6:$A$209,$F98,'Consolidated Input'!$B$6:$B$209,$C$79) -> 0 | S98: =SUMIFS('Consolidated Input'!Y$6:Y$209,'Consolidated Input'!$A$6:$A$209,$F98,'Consolidated Input'!$B$6:$B$209,$C$79) -> 0 | U98: =IFERROR(AVERAGE(O98:S98),0) -> 0 | V98: =SUM(O98:S98) -> 0
E99: Industry total | G99: nr | J99: =SUM(J82:J98) -> 25174.007 | K99: =SUM(K82:K98) -> 30706.523 | L99: =SUM(L82:L98) -> 22536 | M99: =SUM(M82:M98) -> 20395.042 | N99: =SUM(N82:N98) -> 26912.087 | O99: =SUM(O82:O98) -> 26971.596 | P99: =SUM(P82:P98) -> 27021.247 | Q99: =SUM(Q82:Q98) -> 27075.573 | ... S99: =SUM(S82:S98) -> 27182.363 | U99: =SUM(U82:U98) -> 27075.682 | V99: =SUM(V82:V98) -> 135378.41
C101: =C78 -> WWS1108CAS | D101: =D78 -> Traffic Management Act - Projects incurring costs associated with Traffic Management Act - Total | F101: =F78 -> 6 | G101: APR | J101: =J$2 -> 44286 | K101: =K$2 -> 44651 | L101: =L$2 -> 45016 | M101: =M$2 -> 45382 | N101: =N$2 -> 45747 | O101: =O$2 -> 46112 | P101: =P$2 -> 46477 | Q101: =Q$2 -> 46843 | ... S101: =S$2 -> 47573 | U101: =U$2 -> PR24 Average | V101: =V$2 -> PR24 Total
C102: =INDEX(InpC!$G$57:$G$62,'TMA Projects'!F101,) -> CWW2_018TOT_PR24 | D102: =INDEX(InpC!$G$48:$G$53,'TMA Projects'!F101,) -> Traffic Management Act - Projects incurring costs associated with Traffic Management Act - Total | G102: PR24
E103: Data override
E105: =InpC!$E$25 -> Anglian Water | F105: =InpC!$F$25 -> ANH | G105: nr | U105: =IFERROR(AVERAGE(O105:S105),0) -> 0 | V105: =SUM(O105:S105) -> 0
E106: =InpC!$E$26 -> Dŵr Cymru | F106: =InpC!$F$26 -> WSH | G106: nr | U106: =IFERROR(AVERAGE(O106:S106),0) -> 0 | V106: =SUM(O106:S106) -> 0
E107: =InpC!$E$27 -> Hafren Dyfrdwy | F107: =InpC!$F$27 -> HDD | G107: nr | U107: =IFERROR(AVERAGE(O107:S107),0) -> 0 | V107: =SUM(O107:S107) -> 0
E108: =InpC!$E$28 -> Northumbrian Water | F108: =InpC!$F$28 -> NES | G108: nr | U108: =IFERROR(AVERAGE(O108:S108),0) -> 0 | V108: =SUM(O108:S108) -> 0
E109: =InpC!$E$29 -> Severn Trent Water | F109: =InpC!$F$29 -> SVE | G109: nr | U109: =IFERROR(AVERAGE(O109:S109),0) -> 0 | V109: =SUM(O109:S109) -> 0
E110: =InpC!$E$30 -> Southern Water | F110: =InpC!$F$30 -> SRN | G110: nr | U110: =IFERROR(AVERAGE(O110:S110),0) -> 0 | V110: =SUM(O110:S110) -> 0
...

Sheet Unit costs
A1: =RIGHT(CELL("filename", A1), LEN(CELL("filename", A1)) - SEARCH("]", CELL("filename", A1))) -> Unit costs
E2: =Time!E2 -> Model period ending | G2: Error chks | H2: =#REF! -> #REF! | J2: =Time!J2 -> 44286 | K2: =Time!K2 -> 44651 | L2: =Time!L2 -> 45016 | M2: =Time!M2 -> 45382 | N2: =Time!N2 -> 45747 | O2: =Time!O2 -> 46112 | P2: =Time!P2 -> 46477 | Q2: =Time!Q2 -> 46843 | ... S2: =Time!S2 -> 47573 | U2: PR24 Average | V2: PR24 Total
E3: =Time!E3 -> Timeline label | J3: =Time!J3 -> APR | K3: =Time!K3 -> APR | L3: =Time!L3 -> APR | M3: =Time!M3 -> PR24 | N3: =Time!N3 -> PR24 | O3: =Time!O3 -> PR24 | P3: =Time!P3 -> PR24 | Q3: =Time!Q3 -> PR24 | ... S3: =Time!S3 -> PR24 | U3: =Time!U3 -> 0 | V3: =Time!V3 -> 0
E4: =Time!E4 -> Model column counter | F4: Constant | G4: Unit | H4: Total | J4: =Time!J4 -> 1 | K4: =Time!K4 -> 2 | L4: =Time!L4 -> 3 | M4: =Time!M4 -> 4 | N4: =Time!N4 -> 5 | O4: =Time!O4 -> 6 | P4: =Time!P4 -> 7 | Q4: =Time!Q4 -> 8 | ... S4: =Time!S4 -> 10
J5: ='Consolidated Input'!F2 -> Cyclical | K5: ='Consolidated Input'!G2 -> Cyclical | L5: ='Consolidated Input'!H2 -> Cyclical | M5: ='Consolidated Input'!P2 -> Price Review 2024 | N5: ='Consolidated Input'!Q2 -> Price Review 2024 | O5: ='Consolidated Input'!R2 -> Price Review 2024 | P5: ='Consolidated Input'!S2 -> Price Review 2024 | Q5: ='Consolidated Input'!T2 -> Price Review 2024 | R5: ='Consolidated Input'!U2 -> Price Review 2024 | S5: ='Consolidated Input'!V2 -> Price Review 2024
J6: ='Consolidated Input'!F3 -> Default for Cyclical base run | K6: ='Consolidated Input'!G3 -> Default for Cyclical base run | L6: ='Consolidated Input'!H3 -> Default for Cyclical base run | M6: ='Consolidated Input'!P3 -> Default for Price Review 2024 base run | N6: ='Consolidated Input'!Q3 -> Default for Price Review 2024 base run | O6: ='Consolidated Input'!R3 -> Default for Price Review 2024 base run | P6: ='Consolidated Input'!S3 -> Default for Price Review 2024 base run | Q6: ='Consolidated Input'!T3 -> Default for Price Review 2024 base run | R6: ='Consolidated Input'!U3 -> Default for Price Review 2024 base run | S6: ='Consolidated Input'!V3 -> Default for Price Review 2024 base run
J7: ='Consolidated Input'!F4 -> Latest | K7: ='Consolidated Input'!G4 -> Latest | L7: ='Consolidated Input'!H4 -> Latest | M7: ='Consolidated Input'!P4 -> Latest | N7: ='Consolidated Input'!Q4 -> Latest | O7: ='Consolidated Input'!R4 -> Latest | P7: ='Consolidated Input'!S4 -> Latest | Q7: ='Consolidated Input'!T4 -> Latest | R7: ='Consolidated Input'!U4 -> Latest | S7: ='Consolidated Input'!V4 -> Latest
B8: Unit costs - Overall
D9: Traffic Management Act | J9: =J$2 -> 44286 | K9: =K$2 -> 44651 | L9: =L$2 -> 45016 | M9: =M$2 -> 45382 | N9: =N$2 -> 45747 | O9: =O$2 -> 46112 | P9: =P$2 -> 46477 | Q9: =Q$2 -> 46843 | ... S9: =S$2 -> 47573 | U9: =U$2 -> PR24 Average | V9: =V$2 -> PR24 Total | X9: Check - average | Y9: Check - total
D10: ='Traffic Management Act'!D221 -> 0 | E10: Profiled allowance
E13: Anglian Water | F13: ANH | G13: £m | J13: ='Traffic Management Act'!J227 -> 2.1184748 | K13: ='Traffic Management Act'!K227 -> 1.8647539 | L13: ='Traffic Management Act'!L227 -> 1.026 | M13: ='Traffic Management Act'!M227 -> 0.75060957 | N13: ='Traffic Management Act'!N227 -> 0.96754955 | O13: ='Traffic Management Act'!O227 -> 1.5567689 | P13: ='Traffic Management Act'!P227 -> 1.5567689 | Q13: ='Traffic Management Act'!Q227 -> 1.5567689 | ... S13: ='Traffic Management Act'!S227 -> 1.5567689 | U13: ='Traffic Management Act'!U227 -> 1.5567689 | V13: ='Traffic Management Act'!V227 -> 7.7838447 | X13: =AVERAGE(O13:S13)=U13 -> TRUE | Y13: =SUM(O13:S13)=V13 -> TRUE
E14: Dŵr Cymru | F14: WSH | G14: £m | J14: ='Traffic Management Act'!J228 -> 0.038852336 | K14: ='Traffic Management Act'!K228 -> 0.0060441989 | L14: ='Traffic Management Act'!L228 -> 0.186 | M14: ='Traffic Management Act'!M228 -> 0.204 | N14: ='Traffic Management Act'!N228 -> 0.096 | O14: ='Traffic Management Act'!O228 -> 0.069 | P14: ='Traffic Management Act'!P228 -> 0.065 | Q14: ='Traffic Management Act'!Q228 -> 0.064 | ... S14: ='Traffic Management Act'!S228 -> 0.062 | U14: ='Traffic Management Act'!U228 -> 0.0646 | V14: ='Traffic Management Act'!V228 -> 0.323 | X14: =AVERAGE(O14:S14)=U14 -> TRUE | Y14: =SUM(O14:S14)=V14 -> TRUE
E15: Hafren Dyfrdwy | F15: HDD | G15: £m | J15: ='Traffic Management Act'!J229 -> 0 | K15: ='Traffic Management Act'!K229 -> 0 | L15: ='Traffic Management Act'!L229 -> 0 | M15: ='Traffic Management Act'!M229 -> 0 | N15: ='Traffic Management Act'!N229 -> 0 | O15: ='Traffic Management Act'!O229 -> 0 | P15: ='Traffic Management Act'!P229 -> 0 | Q15: ='Traffic Management Act'!Q229 -> 0 | ... S15: ='Traffic Management Act'!S229 -> 0 | U15: ='Traffic Management Act'!U229 -> 0 | V15: ='Traffic Management Act'!V229 -> 0 | X15: =AVERAGE(O15:S15)=U15 -> TRUE | Y15: =SUM(O15:S15)=V15 -> TRUE
E16: Northumbrian Water | F16: NES | G16: £m | J16: ='Traffic Management Act'!J230 -> 0.41306168 | K16: ='Traffic Management Act'!K230 -> 0.40496133 | L16: ='Traffic Management Act'!L230 -> 0.429 | M16: ='Traffic Management Act'!M230 -> 0.44719456 | N16: ='Traffic Management Act'!N230 -> 0.467 | O16: ='Traffic Management Act'!O230 -> 0.49 | P16: ='Traffic Management Act'!P230 -> 0.514 | Q16: ='Traffic Management Act'!Q230 -> 0.538 | ... S16: ='Traffic Management Act'!S230 -> 0.585 | U16: ='Traffic Management Act'!U230 -> 0.5376 | V16: ='Traffic Management Act'!V230 -> 2.688 | X16: =AVERAGE(O16:S16)=U16 -> TRUE | Y16: =SUM(O16:S16)=V16 -> TRUE
E17: Severn Trent England | F17: SVE | G17: £m | J17: ='Traffic Management Act'!J231 -> 2.4333832 | K17: ='Traffic Management Act'!K231 -> 2.4418564 | L17: ='Traffic Management Act'!L231 -> 2.715 | M17: ='Traffic Management Act'!M231 -> 1.9631163 | N17: ='Traffic Management Act'!N231 -> 1.9344504 | O17: ='Traffic Management Act'!O231 -> 3.0647927 | P17: ='Traffic Management Act'!P231 -> 3.0901432 | Q17: ='Traffic Management Act'!Q231 -> 3.1155019 | ... S17: ='Traffic Management Act'!S231 -> 3.1672441 | U17: ='Traffic Management Act'!U231 -> 3.1159101 | V17: ='Traffic Management Act'!V231 -> 15.579551 | X17: =AVERAGE(O17:S17)=U17 -> TRUE | Y17: =SUM(O17:S17)=V17 -> TRUE
E18: Southern Water | F18: SRN | G18: £m | J18: ='Traffic Management Act'!J232 -> 1.3547196 | K18: ='Traffic Management Act'!K232 -> 1.2461123 | L18: ='Traffic Management Act'!L232 -> 1.648 | M18: ='Traffic Management Act'!M232 -> 1.682 | N18: ='Traffic Management Act'!N232 -> 2.594 | O18: ='Traffic Management Act'!O232 -> 2.5945205 | P18: ='Traffic Management Act'!P232 -> 2.5945205 | Q18: ='Traffic Management Act'!Q232 -> 2.5945205 | ... S18: ='Traffic Management Act'!S232 -> 2.5945205 | U18: ='Traffic Management Act'!U232 -> 2.5945205 | V18: ='Traffic Management Act'!V232 -> 12.972603 | X18: =AVERAGE(O18:S18)=U18 -> TRUE | Y18: =SUM(O18:S18)=V18 -> TRUE
E19: Thames Water Utilities Ltd | F19: TMS | G19: £m | J19: ='Traffic Management Act'!J233 -> 23.221428 | K19: ='Traffic Management Act'!K233 -> 27.636092 | L19: ='Traffic Management Act'!L233 -> 33.1 | M19: ='Traffic Management Act'!M233 -> 27.184061 | N19: ='Traffic Management Act'!N233 -> 34.037 | O19: ='Traffic Management Act'!O233 -> 34.918 | P19: ='Traffic Management Act'!P233 -> 34.918 | Q19: ='Traffic Management Act'!Q233 -> 34.918 | ... S19: ='Traffic Management Act'!S233 -> 34.905 | U19: ='Traffic Management Act'!U233 -> 34.9128 | V19: ='Traffic Management Act'!V233 -> 174.564 | X19: =AVERAGE(O19:S19)=U19 -> TRUE | Y19: =SUM(O19:S19)=V19 -> TRUE
E20: United Utilities Water | F20: NWT | G20: £m | J20: ='Traffic Management Act'!J234 -> 2.1315472 | K20: ='Traffic Management Act'!K234 -> 2.6209601 | L20: ='Traffic Management Act'!L234 -> 2.6936996 | M20: ='Traffic Management Act'!M234 -> 2.1826765 | N20: ='Traffic Management Act'!N234 -> 2.2324326 | O20: ='Traffic Management Act'!O234 -> 2.2322935 | P20: ='Traffic Management Act'!P234 -> 2.2322935 | Q20: ='Traffic Management Act'!Q234 -> 2.2322935 | ... S20: ='Traffic Management Act'!S234 -> 2.2322935 | U20: ='Traffic Management Act'!U234 -> 2.2322935 | V20: ='Traffic Management Act'!V234 -> 11.161468 | X20: =AVERAGE(O20:S20)=U20 -> TRUE | Y20: =SUM(O20:S20)=V20 -> TRUE
E21: Wessex Water | F21: WSX | G21: £m | J21: ='Traffic Management Act'!J235 -> 0.11057753 | K21: ='Traffic Management Act'!K235 -> 0.14203867 | L21: ='Traffic Management Act'!L235 -> 0.179 | M21: ='Traffic Management Act'!M235 -> 0.13643224 | N21: ='Traffic Management Act'!N235 -> 0.13973744 | O21: ='Traffic Management Act'!O235 -> 0.11726936 | P21: ='Traffic Management Act'!P235 -> 0.12283761 | Q21: ='Traffic Management Act'!Q235 -> 0.12213289 | ... S21: ='Traffic Management Act'!S235 -> 0.12626436 | U21: ='Traffic Management Act'!U235 -> 0.122033 | V21: ='Traffic Management Act'!V235 -> 0.61016498 | X21: =AVERAGE(O21:S21)=U21 -> TRUE | Y21: =SUM(O21:S21)=V21 -> TRUE
E22: Yorkshire Water | F22: YKY | G22: £m | J22: ='Traffic Management Act'!J236 -> 4.5978673 | K22: ='Traffic Management Act'!K236 -> 3.6411818 | L22: ='Traffic Management Act'!L236 -> 3.8377191 | M22: ='Traffic Management Act'!M236 -> 3.2565325 | N22: ='Traffic Management Act'!N236 -> 3.596658 | O22: ='Traffic Management Act'!O236 -> 4.1693313 | P22: ='Traffic Management Act'!P236 -> 4.1693313 | Q22: ='Traffic Management Act'!Q236 -> 4.1693313 | ... S22: ='Traffic Management Act'!S236 -> 4.1693313 | U22: ='Traffic Management Act'!U236 -> 4.1693313 | V22: ='Traffic Management Act'!V236 -> 20.846656 | X22: =AVERAGE(O22:S22)=U22 -> TRUE | Y22: =SUM(O22:S22)=V22 -> TRUE
E23: Affinity Water | F23: AFW | G23: £m | J23: ='Traffic Management Act'!J237 -> 1.9078542 | K23: ='Traffic Management Act'!K237 -> 1.0587422 | L23: ='Traffic Management Act'!L237 -> 0.617 | M23: ='Traffic Management Act'!M237 -> 0.481 | N23: ='Traffic Management Act'!N237 -> 0.623 | O23: ='Traffic Management Act'!O237 -> 0.65 | P23: ='Traffic Management Act'!P237 -> 0.65 | Q23: ='Traffic Management Act'!Q237 -> 0.651 | ... S23: ='Traffic Management Act'!S237 -> 0.651 | U23: ='Traffic Management Act'!U237 -> 0.6506 | V23: ='Traffic Management Act'!V237 -> 3.253 | X23: =AVERAGE(O23:S23)=U23 -> TRUE | Y23: =SUM(O23:S23)=V23 -> TRUE
